Workbook

Sheet Asso invt
A3: Scheme code | B3: Row Labels | C3: Sum of Net value
A4: LIC08 | B4: LIC MF Balanced Fund | C4: 60389830
A5: LIC171 | B5: LIC MF Banking and Financial Ser Fund | C5: 6962978.8
A6: LIC33 | B6: LIC MF Bond Fund | C6: 0
A7: LIC142 | B7: LIC MF Cap Protection Oriented Fund-Sr 2 | C7: 0
A8: LIC35 | B8: LIC MF Children’s Gift Fund | C8: 0
A9: LIC165 | B9: LIC MF DIVERSIFIED EQUITY FUND SERIES-2 | C9: 0
A10: LIC172 | B10: LIC MF Dual Advantage Fixed Term Pl-Sr 1 | C10: 0
A11: LIC173 | B11: LIC MF Dual Advantage Fixed Term Pl-Sr 2 | C11: 0
A12: LIC174 | B12: LIC MF Dual Advantage Fixed Term Pl-Sr 3 | C12: 0
A13: LIC17 | B13: LIC MF Equity Fund | C13: 31151544
A14: LIC177 | B14: LIC MF ETF-Nifty 100 | C14: 0
A15: LIC175 | B15: LIC MF ETF-Nifty 50 | C15: 3300546.4
... A32: LIC02 | B32: LIC MF Unit Linked Insurance Sch(ULIS) | C32: 0
B33: Grand Total | C33: 2.4113031e+08

Sheet AMFI AUM 31 March 2018
A1: Conkey(scheme code and plan code) | B1: Plan Code as per financials | C1: Scheme Code as per financials | D1: Scheme Code | E1: Scheme Name | F1: Net Asset Value | G1: Repurchase Price | H1: Sale Price | I1: Date
A2: =+C2&B2 -> LIC08ZD | B2: =+VLOOKUP(D2,'Plan mapping'!A:B,2,0) -> ZD | C2: =+VLOOKUP(D2,'Plan mapping'!A:C,3,0) -> LIC08 | D2: 120260 | E2: LIC MF Balanced Fund-Direct Plan-Dividend | F2: 14.7565 | G2: 14.6089 | H2: 14.7565 | I2: 43187
A3: =+C3&B3 -> LIC08ZG | B3: =+VLOOKUP(D3,'Plan mapping'!A:B,2,0) -> ZG | C3: =+VLOOKUP(D3,'Plan mapping'!A:C,3,0) -> LIC08 | D3: 120261 | E3: LIC MF Balanced Fund-Direct Plan-Growth | F3: 98.2333 | G3: 97.251 | H3: 98.2333 | I3: 43187
A4: =+C4&B4 -> LIC08RD | B4: =+VLOOKUP(D4,'Plan mapping'!A:B,2,0) -> RD | C4: =+VLOOKUP(D4,'Plan mapping'!A:C,3,0) -> LIC08 | D4: 100321 | E4: LIC MF Balanced Fund-Regular Plan-Dividend | F4: 14.0805 | G4: 13.9397 | H4: 14.0805 | I4: 43187
A5: =+C5&B5 -> LIC08RG | B5: =+VLOOKUP(D5,'Plan mapping'!A:B,2,0) -> RG | C5: =+VLOOKUP(D5,'Plan mapping'!A:C,3,0) -> LIC08 | D5: 100323 | E5: LIC MF Balanced Fund-Regular Plan-Growth | F5: 93.9447 | G5: 93.0053 | H5: 93.9447 | I5: 43187
A6: =+C6&B6 -> LIC28ZD | B6: =+VLOOKUP(D6,'Plan mapping'!A:B,2,0) -> ZD | C6: =+VLOOKUP(D6,'Plan mapping'!A:C,3,0) -> LIC28 | D6: 120269 | E6: LIC MF Tax Plan-Direct Plan-Dividend | F6: 18.2139 | G6: 18.2139 | H6: 18.2139 | I6: 43187
A7: =+C7&B7 -> LIC28ZG | B7: =+VLOOKUP(D7,'Plan mapping'!A:B,2,0) -> ZG | C7: =+VLOOKUP(D7,'Plan mapping'!A:C,3,0) -> LIC28 | D7: 120270 | E7: LIC MF Tax Plan-Direct Plan-Growth | F7: 65.3216 | G7: 65.3216 | H7: 65.3216 | I7: 43187
A8: =+C8&B8 -> LIC28RD | B8: =+VLOOKUP(D8,'Plan mapping'!A:B,2,0) -> RD | C8: =+VLOOKUP(D8,'Plan mapping'!A:C,3,0) -> LIC28 | D8: 100864 | E8: LIC MF Tax Plan-Regular Plan-Dividend | F8: 17.3037 | G8: 17.3037 | H8: 17.3037 | I8: 43187
A9: =+C9&B9 -> LIC28RG | B9: =+VLOOKUP(D9,'Plan mapping'!A:B,2,0) -> RG | C9: =+VLOOKUP(D9,'Plan mapping'!A:C,3,0) -> LIC28 | D9: 100865 | E9: LIC MF Tax Plan-Regular Plan-Growth | F9: 62.2874 | G9: 62.2874 | H9: 62.2874 | I9: 43187
A10: =+C10&B10 -> LIC02ZD | B10: =+VLOOKUP(D10,'Plan mapping'!A:B,2,0) -> ZD | C10: =+VLOOKUP(D10,'Plan mapping'!A:C,3,0) -> LIC02 | D10: 134878 | E10: LIC MF ULIS (10 Yrs. Regular Premium Reducing Cover Half-Yearly)-Direct Plan-Dividend Reinvestment | F10: 17.7736 | G10: 17.7736 | H10: 17.7736 | I10: 43187
A11: =+C11&B11 -> LIC02RD | B11: =+VLOOKUP(D11,'Plan mapping'!A:B,2,0) -> RD | C11: =+VLOOKUP(D11,'Plan mapping'!A:C,3,0) -> LIC02 | D11: 134865 | E11: LIC MF ULIS (10 Yrs. Regular Premium Reducing Cover Half-Yearly)-Regular Plan-Dividend Reinvestment | F11: 17.1373 | G11: 17.1373 | H11: 17.1373 | I11: 43187
A12: =+C12&B12 -> IgnoreIgnore | B12: =+VLOOKUP(D12,'Plan mapping'!A:B,2,0) -> Ignore | C12: =+VLOOKUP(D12,'Plan mapping'!A:C,3,0) -> Ignore | D12: 134876 | E12: LIC MF ULIS (10 Yrs. Regular Premium Reducing Cover Monthly)-Direct Plan-Dividend Reinvestment | G12: 17.7736 | H12: 17.7736 | I12: 43187
A13: =+C13&B13 -> IgnoreIgnore | B13: =+VLOOKUP(D13,'Plan mapping'!A:B,2,0) -> Ignore | C13: =+VLOOKUP(D13,'Plan mapping'!A:C,3,0) -> Ignore | D13: 134847 | E13: LIC MF ULIS (10 Yrs. Regular Premium Reducing Cover Monthly)-Regular Plan-Dividend Reinvestment | G13: 17.1373 | H13: 17.1373 | I13: 43187
A14: =+C14&B14 -> IgnoreIgnore | B14: =+VLOOKUP(D14,'Plan mapping'!A:B,2,0) -> Ignore | C14: =+VLOOKUP(D14,'Plan mapping'!A:C,3,0) -> Ignore | D14: 135976 | E14: LIC MF ULIS (10 Yrs. Regular Premium Reducing Cover Quarterly)-Direct Plan-Dividend Reinvestment | G14: 17.7736 | H14: 17.7736 | I14: 43187
A15: =+C15&B15 -> IgnoreIgnore | B15: =+VLOOKUP(D15,'Plan mapping'!A:B,2,0) -> Ignore | C15: =+VLOOKUP(D15,'Plan mapping'!A:C,3,0) -> Ignore | D15: 135979 | E15: LIC MF ULIS (10 Yrs. Regular Premium Reducing Cover Quarterly)-Regular Plan-Dividend Reinvestment | G15: 17.1373 | H15: 17.1373 | I15: 43187
A16: =+C16&B16 -> IgnoreIgnore | B16: =+VLOOKUP(D16,'Plan mapping'!A:B,2,0) -> Ignore | C16: =+VLOOKUP(D16,'Plan mapping'!A:C,3,0) -> Ignore | D16: 134877 | E16: LIC MF ULIS (10 Yrs. Regular Premium Reducing Cover Yearly)-Direct Plan-Dividend Reinvestment | G16: 17.7736 | H16: 17.7736 | I16: 43187
A17: =+C17&B17 -> IgnoreIgnore | B17: =+VLOOKUP(D17,'Plan mapping'!A:B,2,0) -> Ignore | C17: =+VLOOKUP(D17,'Plan mapping'!A:C,3,0) -> Ignore | D17: 134864 | E17: LIC MF ULIS (10 Yrs. Regular Premium Reducing Cover Yearly)-Regular Plan-Dividend Reinvestment | G17: 17.1373 | H17: 17.1373 | I17: 43187
A18: =+C18&B18 -> IgnoreIgnore | B18: =+VLOOKUP(D18,'Plan mapping'!A:B,2,0) -> Ignore | C18: =+VLOOKUP(D18,'Plan mapping'!A:C,3,0) -> Ignore | D18: 134879 | E18: LIC MF ULIS (10 Yrs. Regular Premium Uniform Cover Half-Yearly)-Direct Plan-Dividend Reinvestment | G18: 17.7736 | H18: 17.7736 | I18: 43187
A19: =+C19&B19 -> IgnoreIgnore | B19: =+VLOOKUP(D19,'Plan mapping'!A:B,2,0) -> Ignore | C19: =+VLOOKUP(D19,'Plan mapping'!A:C,3,0) -> Ignore | D19: 134867 | E19: LIC MF ULIS (10 Yrs. Regular Premium Uniform Cover Half-Yearly)-Regular Plan-Dividend Reinvestment | G19: 17.1373 | H19: 17.1373 | I19: 43187
A20: =+C20&B20 -> IgnoreIgnore | B20: =+VLOOKUP(D20,'Plan mapping'!A:B,2,0) -> Ignore | C20: =+VLOOKUP(D20,'Plan mapping'!A:C,3,0) -> Ignore | D20: 134881 | E20: LIC MF ULIS (10 Yrs. Regular Premium Uniform Cover Monthly)-Direct Plan-Dividend Reinvestment | G20: 17.7736 | H20: 17.7736 | I20: 43187
A21: =+C21&B21 -> IgnoreIgnore | B21: =+VLOOKUP(D21,'Plan mapping'!A:B,2,0) -> Ignore | C21: =+VLOOKUP(D21,'Plan mapping'!A:C,3,0) -> Ignore | D21: 134863 | E21: LIC MF ULIS (10 Yrs. Regular Premium Uniform Cover Monthly)-Regular Plan-Dividend Reinvestment | G21: 17.1373 | H21: 17.1373 | I21: 43187
A22: =+C22&B22 -> IgnoreIgnore | B22: =+VLOOKUP(D22,'Plan mapping'!A:B,2,0) -> Ignore | C22: =+VLOOKUP(D22,'Plan mapping'!A:C,3,0) -> Ignore | D22: 135977 | E22: LIC MF ULIS (10 Yrs. Regular Premium Uniform Cover Quarterly)-Direct Plan-Dividend Reinvestment | G22: 17.7736 | H22: 17.7736 | I22: 43187
A23: =+C23&B23 -> IgnoreIgnore | B23: =+VLOOKUP(D23,'Plan mapping'!A:B,2,0) -> Ignore | C23: =+VLOOKUP(D23,'Plan mapping'!A:C,3,0) -> Ignore | D23: 135983 | E23: LIC MF ULIS (10 Yrs. Regular Premium Uniform Cover Quarterly)-Regular Plan-Dividend Reinvestment | G23: 17.1373 | H23: 17.1373 | I23: 43187
... A45: =+C45&B45 -> IgnoreIgnore | B45: =+VLOOKUP(D45,'Plan mapping'!A:B,2,0) -> Ignore | C45: =+VLOOKUP(D45,'Plan mapping'!A:C,3,0) -> Ignore | D45: 100325 | E45: LIC MF ULIS (5 Yrs. Single Premium)-Regular Plan-Dividend Reinvestment | G45: 17.1373 | H45: 17.1373 | I45: 43187
A46: =+C46&B46 -> LIC34ZD | B46: =+VLOOKUP(D46,'Plan mapping'!A:B,2,0) -> ZD | C46: =+VLOOKUP(D46,'Plan mapping'!A:C,3,0) -> LIC34 | D46: 120283 | E46: LIC MF Govt. Securities Fund-Direct Plan-Dividend | F46: 10.9291 | G46: 10.9018 | H46: 10.9291 | I46: 43187
A47: =+C47&B47 -> LIC34ZG | B47: =+VLOOKUP(D47,'Plan mapping'!A:B,2,0) -> ZG | C47: =+VLOOKUP(D47,'Plan mapping'!A:C,3,0) -> LIC34 | D47: 120282 | E47: LIC MF Govt. Securities Fund-Direct Plan-Growth | F47: 38.2158 | G47: 38.1203 | H47: 38.2158 | I47: 43187
A48: =+C48&B48 -> LIC34PD | B48: =+VLOOKUP(D48,'Plan mapping'!A:B,2,0) -> PD | C48: =+VLOOKUP(D48,'Plan mapping'!A:C,3,0) -> LIC34 | D48: 100318 | E48: LIC MF Govt. Securities Fund-PF Plan-Dividend | F48: 13.6913 | G48: 13.6571 | H48: 13.6913 | I48: 43187
A49: =+C49&B49 -> LIC34PG | B49: =+VLOOKUP(D49,'Plan mapping'!A:B,2,0) -> PG | C49: =+VLOOKUP(D49,'Plan mapping'!A:C,3,0) -> LIC34 | D49: 100319 | E49: LIC MF Govt. Securities Fund-PF Plan-Growth | F49: 21.1581 | G49: 21.1052 | H49: 21.1581 | I49: 43187
A50: =+C50&B50 -> LIC34RD | B50: =+VLOOKUP(D50,'Plan mapping'!A:B,2,0) -> RD | C50: =+VLOOKUP(D50,'Plan mapping'!A:C,3,0) -> LIC34 | D50: 100316 | E50: LIC MF Govt. Securities Fund-Regular Plan-Dividend | F50: 10.5595 | G50: 10.5331 | H50: 10.5595 | I50: 43187
A51: =+C51&B51 -> LIC34RG | B51: =+VLOOKUP(D51,'Plan mapping'!A:B,2,0) -> RG | C51: =+VLOOKUP(D51,'Plan mapping'!A:C,3,0) -> LIC34 | D51: 100317 | E51: LIC MF Govt. Securities Fund-Regular Plan-Growth | F51: 36.6334 | G51: 36.5418 | H51: 36.6334 | I51: 43187
A52: =+C52&B52 -> LIC171ZD | B52: =+VLOOKUP(D52,'Plan mapping'!A:B,2,0) -> ZD | C52: =+VLOOKUP(D52,'Plan mapping'!A:C,3,0) -> LIC171 | D52: 133908 | E52: LIC MF Banking and Financial Services Fund-Direct Plan-Dividend | F52: 10.7637 | G52: 10.6561 | H52: 10.7637 | I52: 43187
A53: =+C53&B53 -> LIC171ZG | B53: =+VLOOKUP(D53,'Plan mapping'!A:B,2,0) -> ZG | C53: =+VLOOKUP(D53,'Plan mapping'!A:C,3,0) -> LIC171 | D53: 134017 | E53: LIC MF Banking and Financial Services Fund-Direct Plan-Growth | F53: 10.7784 | G53: 10.6706 | H53: 10.7784 | I53: 43187
A54: =+C54&B54 -> LIC171RD | B54: =+VLOOKUP(D54,'Plan mapping'!A:B,2,0) -> RD | C54: =+VLOOKUP(D54,'Plan mapping'!A:C,3,0) -> LIC171 | D54: 134015 | E54: LIC MF Banking and Financial Services Fund-Regular Plan-Dividend | F54: 10.4616 | G54: 10.357 | H54: 10.4616 | I54: 43187
A55: =+C55&B55 -> LIC171RG | B55: =+VLOOKUP(D55,'Plan mapping'!A:B,2,0) -> RG | C55: =+VLOOKUP(D55,'Plan mapping'!A:C,3,0) -> LIC171 | D55: 134016 | E55: LIC MF Banking and Financial Services Fund-Regular Plan-Growth | F55: 10.4624 | G55: 10.3578 | H55: 10.4624 | I55: 43187
A56: =+C56&B56 -> LIC35ZG | B56: =+VLOOKUP(D56,'Plan mapping'!A:B,2,0) -> ZG | C56: =+VLOOKUP(D56,'Plan mapping'!A:C,3,0) -> LIC35 | D56: 120285 | E56: LIC MF Children's Gift Fund-Direct Plan-Growth | F56: 17.2989 | G56: 17.2989 | H56: 17.2989 | I56: 43187
A57: =+C57&B57 -> LIC35RG | B57: =+VLOOKUP(D57,'Plan mapping'!A:B,2,0) -> RG | C57: =+VLOOKUP(D57,'Plan mapping'!A:C,3,0) -> LIC35 | D57: 101271 | E57: LIC MF Children's Gift Fund-Regular Plan-Growth | F57: 16.4795 | G57: 16.4795 | H57: 16.4795 | I57: 43187
... A180: =+C180&B180 -> LIC1670 | B180: =+VLOOKUP(D180,'Plan mapping'!A:B,2,0) -> 0 | C180: =+VLOOKUP(D180,'Plan mapping'!A:C,3,0) -> LIC167 | D180: 133227 | E180: LIC MF Fixed Maturity Plan-Series 92-Regular Plan-Growth | F180: 12.586 | G180: 0 | H180: 0 | I180: 43082

Sheet March 2018 HY 
D1: LIC MUTUAL FUND
D2: Half-yearly Unaudited Financial Results for the period ended March 31, 2018
D4: (Persuant to regulation 59 of SEBI) Mutual Funds Regulations 1996) | E4: LIC02 | F4: LIC08 | G4: LIC17 | H4: LIC19 | I4: LIC28 | J4: LIC31 | K4: LIC33 | L4: LIC34 | M4: LIC35 | N4: LIC36 | O4: LIC37 | P4: LIC38 | Q4: LIC40 | R4: LIC72 | S4: LIC86 | T4: LIC94 | U4: LIC95 | V4: LIC96 | W4: LIC103 | X4: LIC127 | Y4: LIC137 | Z4: LIC140 | AA4: LIC142 | AB4: LIC146 | AC4: LIC152 | AD4: LIC153 | AE4: LIC154 | AF4: LIC156 | AG4: LIC157 | AH4: LIC158 | AI4: LIC160 | AJ4: LIC162 | AK4: LIC163 | AL4: LIC164 | AM4: LIC165 | AN4: LIC167 | AO4: LIC168 | AP4: LIC169 | AQ4: LIC170 | AR4: LIC171 | AS4: LIC172 | AT4: LIC173 | AU4: LIC174 | AV4: LIC175 | AW4: LIC176 | AX4: LIC177
C5: Sr No | D5: Particulars | E5: LIC MF Unit Linked Insurance Scheme | F5: LIC MF Balanced Fund | G5: LIC MF Equity Fund | H5: LIC MF Growth Fund | I5: LIC MF Tax Plan | J5: LIC MF Monthly Income Plan | K5: LIC MF Bond Fund | L5: LIC MF Government Securities Fund | M5: LIC MF Childrens Gift Fund^ | N5: LIC MF Liquid Fund | O5: LIC MF-Index Sensex Plan | P5: LIC MF-Index Nifty Plan | Q5: LIC MF Savings Plus Fund | R5: LIC MF Income Plus Fund | S5: LIC MF Infrastructure Fund | T5: LIC MF Interval Fund Quarterly - 1 @@ | U5: LIC MF Interval Fund Monthly - 1 @@ | V5: LIC MF Interval Fund Yearly - 1 @@ | W5: LIC MF Interval Fund Quarterly -2 @@ | X5: LIC MF FIXED MATURITY PLAN SERIES 64 @@ | Y5: LIC MF CAPITAL PROTECTION ORIENTED FUND SERIES 1 @@ | Z5: LIC MF FIXED MATURITY PLAN SERIES 72 @@ | AA5: LIC MF Capital Protection Oriented Fund Series 2 | AB5: LIC MF RGESS FUND SERIES 2 @@ | AC5: LIC MF CAPITAL PROTECTION ORIENTED FUND SERIES 3 @@ | AD5: LIC MF FIXED MATURITY PLAN SERIES 82 @@ | AE5: LIC MF FIXED MATURITY PLAN SERIES 83 @@ | AF5: LIC MF FIXED MATURITY PLAN SERIES 85 @@ | AG5: LIC MF FIXED MATURITY PLAN SERIES 86@@ | AH5: LIC MF CAPITAL PROTECTION ORIENTED FUND SERIES 4@@ | AI5: LIC MF DIVERSIFIED EQUITY FUND SERIES-1 @@ | AJ5: LIC MF Capital Protection Oriented Fund Series 5 @@ | AK5: LIC MF Fixed Maturity Plan – Series 89 @@ | AL5: LIC MF Fixed Maturity Plan – Series 90 @@ | AM5: LIC MF Diversified Equity Fund Series-2(1100 Days) @@ | AN5: LIC MF Fixed Maturity Plan Series 92(1100 Days) @@ | AO5: LIC MF G-Sec Long Term Exchange Traded Fund | AP5: LIC MF RGESS Fund Series 3 @@ | AQ5: LIC MF Midcap Fund | AR5: LIC MF Banking And Financial Services Fund | AS5: LIC MF Dual Advantage Fixed Term Plan-Series-1 | AT5: LIC MF Dual Advantage Fixed Term Plan- Series 2 | AU5: LIC MF Dual Advantage Fixed Term Plan- Series 3 | AV5: LIC MF ETF - Nifty 50 | AW5: LIC MF ETF - Sensex | AX5: LIC MF Exchange Traded Fund – Nifty 100
C6: 1.1 | D6: Unit Capital At The Beginning Of The Half-Year Period (Rs. In Crores) | E6: =+HLOOKUP(E$4,'Sep 2017 HY'!$3:$6,4,0) -> 143.3993 | F6: =+HLOOKUP(F$4,'Sep 2017 HY'!$3:$6,4,0) -> 86.912815 | G6: =+HLOOKUP(G$4,'Sep 2017 HY'!$3:$6,4,0) -> 91.191091 | H6: =+HLOOKUP(H$4,'Sep 2017 HY'!$3:$6,4,0) -> 89.205726 | I6: =+HLOOKUP(I$4,'Sep 2017 HY'!$3:$6,4,0) -> 29.356514 | J6: =+HLOOKUP(J$4,'Sep 2017 HY'!$3:$6,4,0) -> 32.894602 | K6: =+HLOOKUP(K$4,'Sep 2017 HY'!$3:$6,4,0) -> 125.87296 | L6: =+HLOOKUP(L$4,'Sep 2017 HY'!$3:$6,4,0) -> 26.403873 | ... AX6: =+HLOOKUP(AX$4,'Sep 2017 HY'!$3:$6,4,0) -> 26.644242
C7: 1.2 | D7: Unit Capital At The End Of The Period (Rs. In Crores) | E7: =-SUMIF('TB Mar18'!$A:$A,E$4&"Unit Capital",'TB Mar18'!$AB:$AB) -> 145.16074 | F7: =-SUMIF('TB Mar18'!$A:$A,F$4&"Unit Capital",'TB Mar18'!$AB:$AB) -> 131.59568 | G7: =-SUMIF('TB Mar18'!$A:$A,G$4&"Unit Capital",'TB Mar18'!$AB:$AB) -> 90.339479 | H7: =-SUMIF('TB Mar18'!$A:$A,H$4&"Unit Capital",'TB Mar18'!$AB:$AB) -> 100.97462 | I7: =-SUMIF('TB Mar18'!$A:$A,I$4&"Unit Capital",'TB Mar18'!$AB:$AB) -> 35.474167 | J7: =-SUMIF('TB Mar18'!$A:$A,J$4&"Unit Capital",'TB Mar18'!$AB:$AB) -> 28.620189 | K7: =-SUMIF('TB Mar18'!$A:$A,K$4&"Unit Capital",'TB Mar18'!$AB:$AB) -> 76.884567 | L7: =-SUMIF('TB Mar18'!$A:$A,L$4&"Unit Capital",'TB Mar18'!$AB:$AB) -> 23.032377 | ... W7: =-SUMIF('TB Mar18'!$A:$A,W$4&"Unit Capital",'TB Mar18'!$AB:$AB) -> 0 | X7: =+SUMIF('TB Mar18'!$A:$A,X$4&"Unit Capital",'TB Mar18'!$AB:$AB) -> 0 | Y7: =+SUMIF('TB Mar18'!$A:$A,Y$4&"Unit Capital",'TB Mar18'!$AB:$AB) -> 0 | Z7: =+SUMIF('TB Mar18'!$A:$A,Z$4&"Unit Capital",'TB Mar18'!$AB:$AB) -> 0 | AA7: =-SUMIF('TB Mar18'!$A:$A,AA$4&"Unit Capital",'TB Mar18'!$AB:$AB) -> 15.242215 | AB7: =+SUMIF('TB Mar18'!$A:$A,AB$4&"Unit Capital",'TB Mar18'!$AB:$AB) -> 0 | AC7: =+SUMIF('TB Mar18'!$A:$A,AC$4&"Unit Capital",'TB Mar18'!$AB:$AB) -> 0 | AD7: =+SUMIF('TB Mar18'!$A:$A,AD$4&"Unit Capital",'TB Mar18'!$AB:$AB) -> 0 | AE7: =+SUMIF('TB Mar18'!$A:$A,AE$4&"Unit Capital",'TB Mar18'!$AB:$AB) -> 0 | AF7: =+SUMIF('TB Mar18'!$A:$A,AF$4&"Unit Capital",'TB Mar18'!$AB:$AB) -> 0 | AG7: =+SUMIF('TB Mar18'!$A:$A,AG$4&"Unit Capital",'TB Mar18'!$AB:$AB) -> 0 | AH7: =+SUMIF('TB Mar18'!$A:$A,AH$4&"Unit Capital",'TB Mar18'!$AB:$AB) -> 0 | AI7: =+SUMIF('TB Mar18'!$A:$A,AI$4&"Unit Capital",'TB Mar18'!$AB:$AB) -> 0 | AJ7: =-SUMIF('TB Mar18'!$A:$A,AJ$4&"Unit Capital",'TB Mar18'!$AB:$AB) -> 0 | AK7: =-SUMIF('TB Mar18'!$A:$A,AK$4&"Unit Capital",'TB Mar18'!$AB:$AB) -> 0 | AL7: =-SUMIF('TB Mar18'!$A:$A,AL$4&"Unit Capital",'TB Mar18'!$AB:$AB) -> 0 | AM7: =-SUMIF('TB Mar18'!$A:$A,AM$4&"Unit Capital",'TB Mar18'!$AB:$AB) -> 0 | AN7: =-SUMIF('TB Mar18'!$A:$A,AN$4&"Unit Capital",'TB Mar18'!$AB:$AB) -> 0 | AO7: =-SUMIF('TB Mar18'!$A:$A,AO$4&"Unit Capital",'TB Mar18'!$AB:$AB) -> 42.225513 | AP7: =-SUMIF('TB Mar18'!$A:$A,AP$4&"Unit Capital",'TB Mar18'!$AB:$AB) -> 0 | AQ7: =-SUMIF('TB Mar18'!$A:$A,AQ$4&"Unit Capital",'TB Mar18'!$AB:$AB) -> 198.38541 | ... AX7: =-SUMIF('TB Mar18'!$A:$A,AX$4&"Unit Capital",'TB Mar18'!$AB:$AB) -> 26.644242 | AZ7: 7223.98 | BA7: 7.22398e+10 | BB7: 6.7645278e+10
C8: 2 | D8: Reserves & surplus (Rs. In Crores) | E8: =+E11-E7 -> 103.76976 | F8: =+F11-F7 -> 199.89161 | G8: =+G11-G7 -> 242.15293 | H8: =+H11-H7 -> 138.67952 | I8: =+I11-I7 -> 124.88526 | J8: =+J11-J7 -> 75.928703 | K8: =+K11-K7 -> 252.38408 | L8: =+L11-L7 -> 53.270279 | ... AX8: =+AX11-AX7 -> 258.32995 | AZ8: 11577.29 | BB8: 0
C10: 3.1 | D10: Total Net Assets At The Beginning Of The Half-Year Period (Rs. In Crores) | E10: =+HLOOKUP(E$4,'Sep 2017 HY'!$3:$10,8,0) -> 237.07746 | F10: =+HLOOKUP(F$4,'Sep 2017 HY'!$3:$10,8,0) -> 224.74974 | G10: =+HLOOKUP(G$4,'Sep 2017 HY'!$3:$10,8,0) -> 329.04341 | H10: =+HLOOKUP(H$4,'Sep 2017 HY'!$3:$10,8,0) -> 214.35784 | I10: =+HLOOKUP(I$4,'Sep 2017 HY'!$3:$10,8,0) -> 123.7925 | J10: =+HLOOKUP(J$4,'Sep 2017 HY'!$3:$10,8,0) -> 112.51108 | K10: =+HLOOKUP(K$4,'Sep 2017 HY'!$3:$10,8,0) -> 531.01172 | L10: =+HLOOKUP(L$4,'Sep 2017 HY'!$3:$10,8,0) -> 88.513448 | ... AX10: =+HLOOKUP(AX$4,'Sep 2017 HY'!$3:$10,8,0) -> 274.74467
C11: 3.2 | D11: Total Net Assets At The End Of The Period (Rs. In Crores) | E11: =+VLOOKUP(E$4,'SIM NAV 31 03 2018'!$A:$AL,38,0) -> 248.9305 | F11: =+VLOOKUP(F$4,'SIM NAV 31 03 2018'!$A:$AL,38,0) -> 331.48729 | G11: =+VLOOKUP(G$4,'SIM NAV 31 03 2018'!$A:$AL,38,0) -> 332.49241 | H11: =+VLOOKUP(H$4,'SIM NAV 31 03 2018'!$A:$AL,38,0) -> 239.65415 | I11: =+VLOOKUP(I$4,'SIM NAV 31 03 2018'!$A:$AL,38,0) -> 160.35943 | J11: =+VLOOKUP(J$4,'SIM NAV 31 03 2018'!$A:$AL,38,0) -> 104.54889 | K11: =+VLOOKUP(K$4,'SIM NAV 31 03 2018'!$A:$AL,38,0) -> 329.26865 | L11: =+VLOOKUP(L$4,'SIM NAV 31 03 2018'!$A:$AL,38,0) -> 76.302656 | ... S11: =+VLOOKUP(S$4,'SIM NAV 31 03 2018'!$A:$AL,38,0) -> 68.908268 | T11: 0 | U11: 0 | V11: 0 | W11: 0 | X11: =+VLOOKUP(X$4,'SIM NAV 31 03 2018'!$A:$AL,38,0) -> #N/A | Y11: =+VLOOKUP(Y$4,'SIM NAV 31 03 2018'!$A:$AL,38,0) -> #N/A | Z11: =+VLOOKUP(Z$4,'SIM NAV 31 03 2018'!$A:$AL,38,0) -> #N/A | AA11: =+VLOOKUP(AA$4,'SIM NAV 31 03 2018'!$A:$AL,38,0) -> 19.335219 | AB11: =+VLOOKUP(AB$4,'SIM NAV 31 03 2018'!$A:$AL,38,0) -> #N/A | AC11: =+VLOOKUP(AC$4,'SIM NAV 31 03 2018'!$A:$AL,38,0) -> #N/A | AD11: =+VLOOKUP(AD$4,'SIM NAV 31 03 2018'!$A:$AL,38,0) -> #N/A | AE11: =+VLOOKUP(AE$4,'SIM NAV 31 03 2018'!$A:$AL,38,0) -> #N/A | ... AI11: =+VLOOKUP(AI$4,'SIM NAV 31 03 2018'!$A:$AL,38,0) -> #N/A | AJ11: 0 | AK11: 0 | AL11: 0 | AM11: 0 | AN11: 0 | AO11: =+VLOOKUP(AO$4,'SIM NAV 31 03 2018'!$A:$AL,38,0) -> 71.628395 | AP11: =+VLOOKUP(AP$4,'SIM NAV 31 03 2018'!$A:$AL,38,0) -> 0 | AQ11: =+VLOOKUP(AQ$4,'SIM NAV 31 03 2018'!$A:$AL,38,0) -> 284.84526 | AR11: =+VLOOKUP(AR$4,'SIM NAV 31 03 2018'!$A:$AL,38,0) -> 65.068895 | AS11: =+VLOOKUP(AS$4,'SIM NAV 31 03 2018'!$A:$AL,38,0) -> 52.221198 | AT11: =+VLOOKUP(AT$4,'SIM NAV 31 03 2018'!$A:$AL,38,0) -> 32.616977 | AU11: =+VLOOKUP(AU$4,'SIM NAV 31 03 2018'!$A:$AL,38,0) -> 24.474017 | AV11: =+VLOOKUP(AV$4,'SIM NAV 31 03 2018'!$A:$AL,38,0) -> 443.24579 | ... AX11: =+VLOOKUP(AX$4,'SIM NAV 31 03 2018'!$A:$AL,38,0) -> 284.97419 | AZ11: 18801.27 | BA11: 1.880127e+11 | BB11: 0
C13: 4.1 | D13: NAV at the begining of the period
C14: RD | D14: Dividend | E14: =+HLOOKUP(E$4,'Sep 2017 HY'!$3:$30,28,0) -> 16.5232 | F14: =+HLOOKUP(F$4,'Sep 2017 HY'!$3:$30,28,0) -> 14.3344 | G14: =+HLOOKUP(G$4,'Sep 2017 HY'!$3:$30,28,0) -> 13.6116 | H14: =+HLOOKUP(H$4,'Sep 2017 HY'!$3:$30,28,0) -> 17.2766 | I14: =+HLOOKUP(I$4,'Sep 2017 HY'!$3:$30,28,0) -> 17.2092 | J14: =+HLOOKUP(J$4,'Sep 2017 HY'!$3:$30,28,0) -> 0 | K14: =+HLOOKUP(K$4,'Sep 2017 HY'!$3:$30,28,0) -> 10.469 | L14: =+HLOOKUP(L$4,'Sep 2017 HY'!$3:$30,28,0) -> 10.8006 | ... W14: =+HLOOKUP(W$4,'Sep 2017 HY'!$3:$30,28,0) -> 10.0651 | X14: =+HLOOKUP(X$4,'Sep 2017 HY'!$3:$13,11,0) -> 0 | Y14: =+HLOOKUP(Y$4,'Sep 2017 HY'!$3:$13,11,0) -> 0 | Z14: =+HLOOKUP(Z$4,'Sep 2017 HY'!$3:$13,11,0) -> 0 | AA14: =+HLOOKUP(AA$4,'Sep 2017 HY'!$3:$30,28,0) -> 10.3917 | AB14: =+HLOOKUP(AB$4,'Sep 2017 HY'!$3:$13,11,0) -> 0 | AC14: =+HLOOKUP(AC$4,'Sep 2017 HY'!$3:$13,11,0) -> 12.2504 | AD14: =+HLOOKUP(AD$4,'Sep 2017 HY'!$3:$13,11,0) -> 0 | AE14: =+HLOOKUP(AE$4,'Sep 2017 HY'!$3:$13,11,0) -> 0 | AF14: =+HLOOKUP(AF$4,'Sep 2017 HY'!$3:$13,11,0) -> 0 | AG14: =+HLOOKUP(AG$4,'Sep 2017 HY'!$3:$13,11,0) -> 11.4714 | AH14: =+HLOOKUP(AH$4,'Sep 2017 HY'!$3:$13,11,0) -> 11.9796 | AI14: =+HLOOKUP(AI$4,'Sep 2017 HY'!$3:$13,11,0) -> 10.9516 | AJ14: =+HLOOKUP(AJ$4,'Sep 2017 HY'!$3:$30,28,0) -> 11.9716 | AK14: =+HLOOKUP(AK$4,'Sep 2017 HY'!$3:$30,28,0) -> 12.6506 | AL14: =+HLOOKUP(AL$4,'Sep 2017 HY'!$3:$30,28,0) -> 12.4996 | AM14: =+HLOOKUP(AM$4,'Sep 2017 HY'!$3:$30,28,0) -> 10.2613 | AN14: =+HLOOKUP(AN$4,'Sep 2017 HY'!$3:$30,28,0) -> 12.4492 | AO14: =+HLOOKUP(AO$4,'Sep 2017 HY'!$3:$30,28,0) -> 0 | AP14: =+HLOOKUP(AP$4,'Sep 2017 HY'!$3:$30,28,0) -> 10.2931 | AQ14: =+HLOOKUP(AQ$4,'Sep 2017 HY'!$3:$30,28,0) -> 13.214 | ... AX14: =+HLOOKUP(AX$4,'Sep 2017 HY'!$3:$30,28,0) -> 0
C15: RG | D15: Growth | E15: =+HLOOKUP(E$4,'Sep 2017 HY'!$3:$31,29,0) -> 0 | F15: =+HLOOKUP(F$4,'Sep 2017 HY'!$3:$31,29,0) -> 91.3413 | G15: =+HLOOKUP(G$4,'Sep 2017 HY'!$3:$31,29,0) -> 41.5905 | H15: =+HLOOKUP(H$4,'Sep 2017 HY'!$3:$31,29,0) -> 24.022 | I15: =+HLOOKUP(I$4,'Sep 2017 HY'!$3:$31,29,0) -> 58.6231 | J15: =+HLOOKUP(J$4,'Sep 2017 HY'!$3:$31,29,0) -> 50.503 | K15: =+HLOOKUP(K$4,'Sep 2017 HY'!$3:$31,29,0) -> 46.0635 | L15: =+HLOOKUP(L$4,'Sep 2017 HY'!$3:$31,29,0) -> 36.9376 | ... W15: =+HLOOKUP(W$4,'Sep 2017 HY'!$3:$31,29,0) -> 20.1794 | X15: =+'Sep 2017 HY'!X31 -> 0 | Y15: =+'Sep 2017 HY'!Y31 -> 0 | Z15: =+'Sep 2017 HY'!Z31 -> 0 | AA15: =+HLOOKUP(AA$4,'Sep 2017 HY'!$3:$31,29,0) -> 13.0286 | AB15: =+'Sep 2017 HY'!AB31 -> 0 | AC15: =+'Sep 2017 HY'!AC31 -> 0 | AD15: =+'Sep 2017 HY'!AD31 -> 0 | AE15: =+'Sep 2017 HY'!AE31 -> 0 | AF15: =+'Sep 2017 HY'!AF31 -> 0 | AG15: =+'Sep 2017 HY'!AG31 -> 0 | AH15: =+'Sep 2017 HY'!AH31 -> 0 | AI15: =+'Sep 2017 HY'!AI31 -> 0 | AJ15: =+HLOOKUP(AJ$4,'Sep 2017 HY'!$3:$31,29,0) -> 11.9716 | AK15: =+HLOOKUP(AK$4,'Sep 2017 HY'!$3:$31,29,0) -> 12.6506 | AL15: =+HLOOKUP(AL$4,'Sep 2017 HY'!$3:$31,29,0) -> 12.4996 | AM15: =+HLOOKUP(AM$4,'Sep 2017 HY'!$3:$31,29,0) -> 10.2612 | AN15: =+HLOOKUP(AN$4,'Sep 2017 HY'!$3:$31,29,0) -> 12.4492 | AO15: =+HLOOKUP(AO$4,'Sep 2017 HY'!$3:$31,29,0) -> 17.1437 | AP15: =+HLOOKUP(AP$4,'Sep 2017 HY'!$3:$31,29,0) -> 10.293 | AQ15: =+HLOOKUP(AQ$4,'Sep 2017 HY'!$3:$31,29,0) -> 13.7149 | ... AX15: =+HLOOKUP(AX$4,'Sep 2017 HY'!$3:$31,29,0) -> 103.1167
C16: ZD | D16: Direct Dividend | E16: =+HLOOKUP(E$4,'Sep 2017 HY'!$3:$32,30,0) -> 17.0414 | F16: =+HLOOKUP(F$4,'Sep 2017 HY'!$3:$32,30,0) -> 14.8591 | G16: =+HLOOKUP(G$4,'Sep 2017 HY'!$3:$32,30,0) -> 16.5252 | H16: =+HLOOKUP(H$4,'Sep 2017 HY'!$3:$32,30,0) -> 19.3038 | I16: =+HLOOKUP(I$4,'Sep 2017 HY'!$3:$32,30,0) -> 17.9637 | J16: =+HLOOKUP(J$4,'Sep 2017 HY'!$3:$32,30,0) -> 0 | K16: =+HLOOKUP(K$4,'Sep 2017 HY'!$3:$32,30,0) -> 11.4009 | L16: =+HLOOKUP(L$4,'Sep 2017 HY'!$3:$32,30,0) -> 11.2701 | ... W16: =+HLOOKUP(W$4,'Sep 2017 HY'!$3:$32,30,0) -> 10.0675 | X16: =+'Sep 2017 HY'!X32 -> 0 | Y16: =+'Sep 2017 HY'!Y32 -> 0 | Z16: =+'Sep 2017 HY'!Z32 -> 0 | AA16: =+HLOOKUP(AA$4,'Sep 2017 HY'!$3:$32,30,0) -> 0 | AB16: =+'Sep 2017 HY'!AB32 -> 0 | AC16: =+'Sep 2017 HY'!AC32 -> 0 | AD16: =+'Sep 2017 HY'!AD32 -> 0 | AE16: =+'Sep 2017 HY'!AE32 -> 0 | AF16: =+'Sep 2017 HY'!AF32 -> 0 | AG16: =+'Sep 2017 HY'!AG32 -> 0 | AH16: =+'Sep 2017 HY'!AH32 -> 0 | AI16: =+'Sep 2017 HY'!AI32 -> 0 | AJ16: =+HLOOKUP(AJ$4,'Sep 2017 HY'!$3:$32,30,0) -> 12.0336 | AK16: =+HLOOKUP(AK$4,'Sep 2017 HY'!$3:$32,30,0) -> 0 | AL16: =+HLOOKUP(AL$4,'Sep 2017 HY'!$3:$32,30,0) -> 12.6458 | AM16: =+HLOOKUP(AM$4,'Sep 2017 HY'!$3:$32,30,0) -> 10.4056 | AN16: =+HLOOKUP(AN$4,'Sep 2017 HY'!$3:$32,30,0) -> 0 | AO16: =+HLOOKUP(AO$4,'Sep 2017 HY'!$3:$32,30,0) -> 0 | AP16: =+HLOOKUP(AP$4,'Sep 2017 HY'!$3:$32,30,0) -> 10.3019 | AQ16: =+HLOOKUP(AQ$4,'Sep 2017 HY'!$3:$32,30,0) -> 13.5758 | ... AX16: =+HLOOKUP(AX$4,'Sep 2017 HY'!$3:$32,30,0) -> 0
C17: ZG | D17: Direct Growth | E17: =+HLOOKUP(E$4,'Sep 2017 HY'!$3:$33,31,0) -> 0 | F17: =+HLOOKUP(F$4,'Sep 2017 HY'!$3:$33,31,0) -> 94.6414 | G17: =+HLOOKUP(G$4,'Sep 2017 HY'!$3:$33,31,0) -> 42.8481 | H17: =+HLOOKUP(H$4,'Sep 2017 HY'!$3:$33,31,0) -> 24.9664 | I17: =+HLOOKUP(I$4,'Sep 2017 HY'!$3:$33,31,0) -> 61.0857 | J17: =+HLOOKUP(J$4,'Sep 2017 HY'!$3:$33,31,0) -> 52.1908 | K17: =+HLOOKUP(K$4,'Sep 2017 HY'!$3:$33,31,0) -> 47.1966 | L17: =+HLOOKUP(L$4,'Sep 2017 HY'!$3:$33,31,0) -> 38.361 | ... W17: =+HLOOKUP(W$4,'Sep 2017 HY'!$3:$33,31,0) -> 20.3326 | X17: =+'Sep 2017 HY'!X33 -> 0 | Y17: =+'Sep 2017 HY'!Y33 -> 0 | Z17: =+'Sep 2017 HY'!Z33 -> 0 | AA17: =+HLOOKUP(AA$4,'Sep 2017 HY'!$3:$33,31,0) -> 13.2715 | AB17: =+'Sep 2017 HY'!AB33 -> 0 | AC17: =+'Sep 2017 HY'!AC33 -> 0 | AD17: =+'Sep 2017 HY'!AD33 -> 0 | AE17: =+'Sep 2017 HY'!AE33 -> 0 | AF17: =+'Sep 2017 HY'!AF33 -> 0 | AG17: =+'Sep 2017 HY'!AG33 -> 0 | AH17: =+'Sep 2017 HY'!AH33 -> 0 | AI17: =+'Sep 2017 HY'!AI33 -> 0 | AJ17: =+HLOOKUP(AJ$4,'Sep 2017 HY'!$3:$33,31,0) -> 12.0334 | AK17: =+HLOOKUP(AK$4,'Sep 2017 HY'!$3:$33,31,0) -> 12.8177 | AL17: =+HLOOKUP(AL$4,'Sep 2017 HY'!$3:$33,31,0) -> 12.6458 | AM17: =+HLOOKUP(AM$4,'Sep 2017 HY'!$3:$33,31,0) -> 10.4057 | AN17: =+HLOOKUP(AN$4,'Sep 2017 HY'!$3:$33,31,0) -> 12.6648 | AO17: =+HLOOKUP(AO$4,'Sep 2017 HY'!$3:$33,31,0) -> 0 | AP17: =+HLOOKUP(AP$4,'Sep 2017 HY'!$3:$33,31,0) -> 10.3022 | AQ17: =+HLOOKUP(AQ$4,'Sep 2017 HY'!$3:$33,31,0) -> 14.084 | ... AX17: =+HLOOKUP(AX$4,'Sep 2017 HY'!$3:$33,31,0) -> 0
C18: RM | D18: Monthly Dividend | E18: =+HLOOKUP(E$4,'Sep 2017 HY'!$3:$34,32,0) -> 0 | F18: =+HLOOKUP(F$4,'Sep 2017 HY'!$3:$34,32,0) -> 0 | G18: =+HLOOKUP(G$4,'Sep 2017 HY'!$3:$34,32,0) -> 0 | H18: =+HLOOKUP(H$4,'Sep 2017 HY'!$3:$34,32,0) -> 0 | I18: =+HLOOKUP(I$4,'Sep 2017 HY'!$3:$34,32,0) -> 0 | J18: =+HLOOKUP(J$4,'Sep 2017 HY'!$3:$34,32,0) -> 10.5047 | K18: =+HLOOKUP(K$4,'Sep 2017 HY'!$3:$34,32,0) -> 0 | L18: =+HLOOKUP(L$4,'Sep 2017 HY'!$3:$34,32,0) -> 0 | ... W18: =+HLOOKUP(W$4,'Sep 2017 HY'!$3:$34,32,0) -> 0 | X18: =+'Sep 2017 HY'!X34 -> 0 | Y18: =+'Sep 2017 HY'!Y34 -> 0 | Z18: =+'Sep 2017 HY'!Z34 -> 0 | AA18: =+HLOOKUP(AA$4,'Sep 2017 HY'!$3:$34,32,0) -> 0 | AB18: =+'Sep 2017 HY'!AB34 -> 0 | AC18: =+'Sep 2017 HY'!AC34 -> 0 | AD18: =+'Sep 2017 HY'!AD34 -> 0 | AE18: =+'Sep 2017 HY'!AE34 -> 0 | AF18: =+'Sep 2017 HY'!AF34 -> 0 | AG18: =+'Sep 2017 HY'!AG34 -> 0 | AH18: =+'Sep 2017 HY'!AH34 -> 0 | AI18: =+'Sep 2017 HY'!AI34 -> 0 | AJ18: =+HLOOKUP(AJ$4,'Sep 2017 HY'!$3:$34,32,0) -> 0 | AK18: =+HLOOKUP(AK$4,'Sep 2017 HY'!$3:$34,32,0) -> 0 | AL18: =+HLOOKUP(AL$4,'Sep 2017 HY'!$3:$34,32,0) -> 0 | AM18: =+HLOOKUP(AM$4,'Sep 2017 HY'!$3:$34,32,0) -> 0 | AN18: =+HLOOKUP(AN$4,'Sep 2017 HY'!$3:$34,32,0) -> 0 | AO18: =+HLOOKUP(AO$4,'Sep 2017 HY'!$3:$34,32,0) -> 0 | AP18: =+HLOOKUP(AP$4,'Sep 2017 HY'!$3:$34,32,0) -> 0 | AQ18: =+HLOOKUP(AQ$4,'Sep 2017 HY'!$3:$34,32,0) -> 0 | ... AX18: =+HLOOKUP(AX$4,'Sep 2017 HY'!$3:$34,32,0) -> 0
C19: RQ | D19: Quarterly Dividend | E19: =+HLOOKUP(E$4,'Sep 2017 HY'!$3:$35,33,0) -> 0 | F19: =+HLOOKUP(F$4,'Sep 2017 HY'!$3:$35,33,0) -> 0 | G19: =+HLOOKUP(G$4,'Sep 2017 HY'!$3:$35,33,0) -> 0 | H19: =+HLOOKUP(H$4,'Sep 2017 HY'!$3:$35,33,0) -> 0 | I19: =+HLOOKUP(I$4,'Sep 2017 HY'!$3:$35,33,0) -> 0 | J19: =+HLOOKUP(J$4,'Sep 2017 HY'!$3:$35,33,0) -> 10.6462 | K19: =+HLOOKUP(K$4,'Sep 2017 HY'!$3:$35,33,0) -> 0 | L19: =+HLOOKUP(L$4,'Sep 2017 HY'!$3:$35,33,0) -> 0 | ... W19: =+HLOOKUP(W$4,'Sep 2017 HY'!$3:$35,33,0) -> 0 | X19: =+'Sep 2017 HY'!X35 -> 0 | Y19: =+'Sep 2017 HY'!Y35 -> 0 | Z19: =+'Sep 2017 HY'!Z35 -> 0 | AA19: =+HLOOKUP(AA$4,'Sep 2017 HY'!$3:$35,33,0) -> 0 | AB19: =+'Sep 2017 HY'!AB35 -> 0 | AC19: =+'Sep 2017 HY'!AC35 -> 0 | AD19: =+'Sep 2017 HY'!AD35 -> 0 | AE19: =+'Sep 2017 HY'!AE35 -> 0 | AF19: =+'Sep 2017 HY'!AF35 -> 0 | AG19: =+'Sep 2017 HY'!AG35 -> 0 | AH19: =+'Sep 2017 HY'!AH35 -> 0 | AI19: =+'Sep 2017 HY'!AI35 -> 0 | AJ19: =+HLOOKUP(AJ$4,'Sep 2017 HY'!$3:$35,33,0) -> 0 | AK19: =+HLOOKUP(AK$4,'Sep 2017 HY'!$3:$35,33,0) -> 0 | AL19: =+HLOOKUP(AL$4,'Sep 2017 HY'!$3:$35,33,0) -> 0 | AM19: =+HLOOKUP(AM$4,'Sep 2017 HY'!$3:$35,33,0) -> 0 | AN19: =+HLOOKUP(AN$4,'Sep 2017 HY'!$3:$35,33,0) -> 0 | AO19: =+HLOOKUP(AO$4,'Sep 2017 HY'!$3:$35,33,0) -> 0 | AP19: =+HLOOKUP(AP$4,'Sep 2017 HY'!$3:$35,33,0) -> 0 | AQ19: =+HLOOKUP(AQ$4,'Sep 2017 HY'!$3:$35,33,0) -> 0 | ... AX19: =+HLOOKUP(AX$4,'Sep 2017 HY'!$3:$35,33,0) -> 0
C20: RY | D20: Yearly Dividend | E20: =+HLOOKUP(E$4,'Sep 2017 HY'!$3:$36,34,0) -> 0 | F20: =+HLOOKUP(F$4,'Sep 2017 HY'!$3:$36,34,0) -> 0 | G20: =+HLOOKUP(G$4,'Sep 2017 HY'!$3:$36,34,0) -> 0 | H20: =+HLOOKUP(H$4,'Sep 2017 HY'!$3:$36,34,0) -> 0 | I20: =+HLOOKUP(I$4,'Sep 2017 HY'!$3:$36,34,0) -> 0 | J20: =+HLOOKUP(J$4,'Sep 2017 HY'!$3:$36,34,0) -> 11.5512 | K20: =+HLOOKUP(K$4,'Sep 2017 HY'!$3:$36,34,0) -> 0 | L20: =+HLOOKUP(L$4,'Sep 2017 HY'!$3:$36,34,0) -> 0 | ... W20: =+HLOOKUP(W$4,'Sep 2017 HY'!$3:$36,34,0) -> 0 | X20: =+'Sep 2017 HY'!X36 -> 0 | Y20: =+'Sep 2017 HY'!Y36 -> 0 | Z20: =+'Sep 2017 HY'!Z36 -> 0 | AA20: =+HLOOKUP(AA$4,'Sep 2017 HY'!$3:$36,34,0) -> 0 | AB20: =+'Sep 2017 HY'!AB36 -> 0 | AC20: =+'Sep 2017 HY'!AC36 -> 0 | AD20: =+'Sep 2017 HY'!AD36 -> 0 | AE20: =+'Sep 2017 HY'!AE36 -> 0 | AF20: =+'Sep 2017 HY'!AF36 -> 0 | AG20: =+'Sep 2017 HY'!AG36 -> 0 | AH20: =+'Sep 2017 HY'!AH36 -> 0 | AI20: =+'Sep 2017 HY'!AI36 -> 0 | AJ20: =+HLOOKUP(AJ$4,'Sep 2017 HY'!$3:$36,34,0) -> 0 | AK20: =+HLOOKUP(AK$4,'Sep 2017 HY'!$3:$36,34,0) -> 0 | AL20: =+HLOOKUP(AL$4,'Sep 2017 HY'!$3:$36,34,0) -> 0 | AM20: =+HLOOKUP(AM$4,'Sep 2017 HY'!$3:$36,34,0) -> 0 | AN20: =+HLOOKUP(AN$4,'Sep 2017 HY'!$3:$36,34,0) -> 0 | AO20: =+HLOOKUP(AO$4,'Sep 2017 HY'!$3:$36,34,0) -> 0 | AP20: =+HLOOKUP(AP$4,'Sep 2017 HY'!$3:$36,34,0) -> 0 | AQ20: =+HLOOKUP(AQ$4,'Sep 2017 HY'!$3:$36,34,0) -> 0 | ... AX20: =+HLOOKUP(AX$4,'Sep 2017 HY'!$3:$36,34,0) -> 0
C21: ZM | D21: Direct Monthly Dividend | E21: =+HLOOKUP(E$4,'Sep 2017 HY'!$3:$37,35,0) -> 0 | F21: =+HLOOKUP(F$4,'Sep 2017 HY'!$3:$37,35,0) -> 0 | G21: =+HLOOKUP(G$4,'Sep 2017 HY'!$3:$37,35,0) -> 0 | H21: =+HLOOKUP(H$4,'Sep 2017 HY'!$3:$37,35,0) -> 0 | I21: =+HLOOKUP(I$4,'Sep 2017 HY'!$3:$37,35,0) -> 0 | J21: =+HLOOKUP(J$4,'Sep 2017 HY'!$3:$37,35,0) -> 10.5863 | K21: =+HLOOKUP(K$4,'Sep 2017 HY'!$3:$37,35,0) -> 0 | L21: =+HLOOKUP(L$4,'Sep 2017 HY'!$3:$37,35,0) -> 0 | ... W21: =+HLOOKUP(W$4,'Sep 2017 HY'!$3:$37,35,0) -> 0 | X21: =+'Sep 2017 HY'!X37 -> 0 | Y21: =+'Sep 2017 HY'!Y37 -> 0 | Z21: =+'Sep 2017 HY'!Z37 -> 0 | AA21: =+HLOOKUP(AA$4,'Sep 2017 HY'!$3:$37,35,0) -> 0 | AB21: =+'Sep 2017 HY'!AB37 -> 0 | AC21: =+'Sep 2017 HY'!AC37 -> 0 | AD21: =+'Sep 2017 HY'!AD37 -> 0 | AE21: =+'Sep 2017 HY'!AE37 -> 0 | AF21: =+'Sep 2017 HY'!AF37 -> 0 | AG21: =+'Sep 2017 HY'!AG37 -> 0 | AH21: =+'Sep 2017 HY'!AH37 -> 0 | AI21: =+'Sep 2017 HY'!AI37 -> 0 | AJ21: =+HLOOKUP(AJ$4,'Sep 2017 HY'!$3:$37,35,0) -> 0 | AK21: =+HLOOKUP(AK$4,'Sep 2017 HY'!$3:$37,35,0) -> 0 | AL21: =+HLOOKUP(AL$4,'Sep 2017 HY'!$3:$37,35,0) -> 0 | AM21: =+HLOOKUP(AM$4,'Sep 2017 HY'!$3:$37,35,0) -> 0 | AN21: =+HLOOKUP(AN$4,'Sep 2017 HY'!$3:$37,35,0) -> 0 | AO21: =+HLOOKUP(AO$4,'Sep 2017 HY'!$3:$37,35,0) -> 0 | AP21: =+HLOOKUP(AP$4,'Sep 2017 HY'!$3:$37,35,0) -> 0 | AQ21: =+HLOOKUP(AQ$4,'Sep 2017 HY'!$3:$37,35,0) -> 0 | ... AX21: =+HLOOKUP(AX$4,'Sep 2017 HY'!$3:$37,35,0) -> 0
C22: ZQ | D22: Direct Quarterly Dividend | E22: =+HLOOKUP(E$4,'Sep 2017 HY'!$3:$38,36,0) -> 0 | F22: =+HLOOKUP(F$4,'Sep 2017 HY'!$3:$38,36,0) -> 0 | G22: =+HLOOKUP(G$4,'Sep 2017 HY'!$3:$38,36,0) -> 0 | H22: =+HLOOKUP(H$4,'Sep 2017 HY'!$3:$38,36,0) -> 0 | I22: =+HLOOKUP(I$4,'Sep 2017 HY'!$3:$38,36,0) -> 0 | J22: =+HLOOKUP(J$4,'Sep 2017 HY'!$3:$38,36,0) -> 11.0698 | K22: =+HLOOKUP(K$4,'Sep 2017 HY'!$3:$38,36,0) -> 0 | L22: =+HLOOKUP(L$4,'Sep 2017 HY'!$3:$38,36,0) -> 0 | ... W22: =+HLOOKUP(W$4,'Sep 2017 HY'!$3:$38,36,0) -> 0 | X22: =+'Sep 2017 HY'!X38 -> 0 | Y22: =+'Sep 2017 HY'!Y38 -> 0 | Z22: =+'Sep 2017 HY'!Z38 -> 0 | AA22: =+HLOOKUP(AA$4,'Sep 2017 HY'!$3:$38,36,0) -> 0 | AB22: =+'Sep 2017 HY'!AB38 -> 0 | AC22: =+'Sep 2017 HY'!AC38 -> 0 | AD22: =+'Sep 2017 HY'!AD38 -> 0 | AE22: =+'Sep 2017 HY'!AE38 -> 0 | AF22: =+'Sep 2017 HY'!AF38 -> 0 | AG22: =+'Sep 2017 HY'!AG38 -> 0 | AH22: =+'Sep 2017 HY'!AH38 -> 0 | AI22: =+'Sep 2017 HY'!AI38 -> 0 | AJ22: =+HLOOKUP(AJ$4,'Sep 2017 HY'!$3:$38,36,0) -> 0 | AK22: =+HLOOKUP(AK$4,'Sep 2017 HY'!$3:$38,36,0) -> 0 | AL22: =+HLOOKUP(AL$4,'Sep 2017 HY'!$3:$38,36,0) -> 0 | AM22: =+HLOOKUP(AM$4,'Sep 2017 HY'!$3:$38,36,0) -> 0 | AN22: =+HLOOKUP(AN$4,'Sep 2017 HY'!$3:$38,36,0) -> 0 | AO22: =+HLOOKUP(AO$4,'Sep 2017 HY'!$3:$38,36,0) -> 0 | AP22: =+HLOOKUP(AP$4,'Sep 2017 HY'!$3:$38,36,0) -> 0 | AQ22: =+HLOOKUP(AQ$4,'Sep 2017 HY'!$3:$38,36,0) -> 0 | ... AX22: =+HLOOKUP(AX$4,'Sep 2017 HY'!$3:$38,36,0) -> 0
C23: ZY | D23: Direct Yearly Dividend | E23: =+HLOOKUP(E$4,'Sep 2017 HY'!$3:$39,37,0) -> 0 | F23: =+HLOOKUP(F$4,'Sep 2017 HY'!$3:$39,37,0) -> 0 | G23: =+HLOOKUP(G$4,'Sep 2017 HY'!$3:$39,37,0) -> 0 | H23: =+HLOOKUP(H$4,'Sep 2017 HY'!$3:$39,37,0) -> 0 | I23: =+HLOOKUP(I$4,'Sep 2017 HY'!$3:$39,37,0) -> 0 | J23: =+HLOOKUP(J$4,'Sep 2017 HY'!$3:$39,37,0) -> 11.9174 | K23: =+HLOOKUP(K$4,'Sep 2017 HY'!$3:$39,37,0) -> 0 | L23: =+HLOOKUP(L$4,'Sep 2017 HY'!$3:$39,37,0) -> 0 | ... W23: =+HLOOKUP(W$4,'Sep 2017 HY'!$3:$39,37,0) -> 0 | X23: =+'Sep 2017 HY'!X39 -> 0 | Y23: =+'Sep 2017 HY'!Y39 -> 0 | Z23: =+'Sep 2017 HY'!Z39 -> 0 | AA23: =+HLOOKUP(AA$4,'Sep 2017 HY'!$3:$39,37,0) -> 0 | AB23: =+'Sep 2017 HY'!AB39 -> 0 | AC23: =+'Sep 2017 HY'!AC39 -> 0 | AD23: =+'Sep 2017 HY'!AD39 -> 0 | AE23: =+'Sep 2017 HY'!AE39 -> 0 | AF23: =+'Sep 2017 HY'!AF39 -> 0 | AG23: =+'Sep 2017 HY'!AG39 -> 0 | AH23: =+'Sep 2017 HY'!AH39 -> 0 | AI23: =+'Sep 2017 HY'!AI39 -> 0 | AJ23: =+HLOOKUP(AJ$4,'Sep 2017 HY'!$3:$39,37,0) -> 0 | AK23: =+HLOOKUP(AK$4,'Sep 2017 HY'!$3:$39,37,0) -> 0 | AL23: =+HLOOKUP(AL$4,'Sep 2017 HY'!$3:$39,37,0) -> 0 | AM23: =+HLOOKUP(AM$4,'Sep 2017 HY'!$3:$39,37,0) -> 0 | AN23: =+HLOOKUP(AN$4,'Sep 2017 HY'!$3:$39,37,0) -> 0 | AO23: =+HLOOKUP(AO$4,'Sep 2017 HY'!$3:$39,37,0) -> 0 | AP23: =+HLOOKUP(AP$4,'Sep 2017 HY'!$3:$39,37,0) -> 0 | AQ23: =+HLOOKUP(AQ$4,'Sep 2017 HY'!$3:$39,37,0) -> 0 | ... AX23: =+HLOOKUP(AX$4,'Sep 2017 HY'!$3:$39,37,0) -> 0
C24: PD | D24: PF Dividend | E24: =+HLOOKUP(E$4,'Sep 2017 HY'!$3:$40,38,0) -> 0 | F24: =+HLOOKUP(F$4,'Sep 2017 HY'!$3:$40,38,0) -> 0 | G24: =+HLOOKUP(G$4,'Sep 2017 HY'!$3:$40,38,0) -> 0 | H24: =+HLOOKUP(H$4,'Sep 2017 HY'!$3:$40,38,0) -> 0 | I24: =+HLOOKUP(I$4,'Sep 2017 HY'!$3:$40,38,0) -> 0 | J24: =+HLOOKUP(J$4,'Sep 2017 HY'!$3:$40,38,0) -> 0 | K24: =+HLOOKUP(K$4,'Sep 2017 HY'!$3:$40,38,0) -> 0 | L24: =+HLOOKUP(L$4,'Sep 2017 HY'!$3:$40,38,0) -> 13.805 | ... W24: =+HLOOKUP(W$4,'Sep 2017 HY'!$3:$40,38,0) -> 0 | X24: =+'Sep 2017 HY'!X40 -> 0 | Y24: =+'Sep 2017 HY'!Y40 -> 0 | Z24: =+'Sep 2017 HY'!Z40 -> 0 | AA24: =+HLOOKUP(AA$4,'Sep 2017 HY'!$3:$40,38,0) -> 0 | AB24: =+'Sep 2017 HY'!AB40 -> 0 | AC24: =+'Sep 2017 HY'!AC40 -> 0 | AD24: =+'Sep 2017 HY'!AD40 -> 0 | AE24: =+'Sep 2017 HY'!AE40 -> 0 | AF24: =+'Sep 2017 HY'!AF40 -> 0 | AG24: =+'Sep 2017 HY'!AG40 -> 0 | AH24: =+'Sep 2017 HY'!AH40 -> 0 | AI24: =+'Sep 2017 HY'!AI40 -> 0 | AJ24: =+HLOOKUP(AJ$4,'Sep 2017 HY'!$3:$40,38,0) -> 0 | AK24: =+HLOOKUP(AK$4,'Sep 2017 HY'!$3:$40,38,0) -> 0 | AL24: =+HLOOKUP(AL$4,'Sep 2017 HY'!$3:$40,38,0) -> 0 | AM24: =+HLOOKUP(AM$4,'Sep 2017 HY'!$3:$40,38,0) -> 0 | AN24: =+HLOOKUP(AN$4,'Sep 2017 HY'!$3:$40,38,0) -> 0 | AO24: =+HLOOKUP(AO$4,'Sep 2017 HY'!$3:$40,38,0) -> 0 | AP24: =+HLOOKUP(AP$4,'Sep 2017 HY'!$3:$40,38,0) -> 0 | AQ24: =+HLOOKUP(AQ$4,'Sep 2017 HY'!$3:$40,38,0) -> 0 | ... AX24: =+HLOOKUP(AX$4,'Sep 2017 HY'!$3:$40,38,0) -> 0
C25: PG | D25: PF Growth | E25: =+HLOOKUP(E$4,'Sep 2017 HY'!$3:$41,39,0) -> 0 | F25: =+HLOOKUP(F$4,'Sep 2017 HY'!$3:$41,39,0) -> 0 | G25: =+HLOOKUP(G$4,'Sep 2017 HY'!$3:$41,39,0) -> 0 | H25: =+HLOOKUP(H$4,'Sep 2017 HY'!$3:$41,39,0) -> 0 | I25: =+HLOOKUP(I$4,'Sep 2017 HY'!$3:$41,39,0) -> 0 | J25: =+HLOOKUP(J$4,'Sep 2017 HY'!$3:$41,39,0) -> 0 | K25: =+HLOOKUP(K$4,'Sep 2017 HY'!$3:$41,39,0) -> 0 | L25: =+HLOOKUP(L$4,'Sep 2017 HY'!$3:$41,39,0) -> 21.3337 | ... W25: =+HLOOKUP(W$4,'Sep 2017 HY'!$3:$41,39,0) -> 0 | X25: =+'Sep 2017 HY'!X41 -> 0 | Y25: =+'Sep 2017 HY'!Y41 -> 0 | Z25: =+'Sep 2017 HY'!Z41 -> 0 | AA25: =+HLOOKUP(AA$4,'Sep 2017 HY'!$3:$41,39,0) -> 0 | AB25: =+'Sep 2017 HY'!AB41 -> 0 | AC25: =+'Sep 2017 HY'!AC41 -> 0 | AD25: =+'Sep 2017 HY'!AD41 -> 0 | AE25: =+'Sep 2017 HY'!AE41 -> 0 | AF25: =+'Sep 2017 HY'!AF41 -> 0 | AG25: =+'Sep 2017 HY'!AG41 -> 0 | AH25: =+'Sep 2017 HY'!AH41 -> 0 | AI25: =+'Sep 2017 HY'!AI41 -> 0 | AJ25: =+HLOOKUP(AJ$4,'Sep 2017 HY'!$3:$41,39,0) -> 0 | AK25: =+HLOOKUP(AK$4,'Sep 2017 HY'!$3:$41,39,0) -> 0 | AL25: =+HLOOKUP(AL$4,'Sep 2017 HY'!$3:$41,39,0) -> 0 | AM25: =+HLOOKUP(AM$4,'Sep 2017 HY'!$3:$41,39,0) -> 0 | AN25: =+HLOOKUP(AN$4,'Sep 2017 HY'!$3:$41,39,0) -> 0 | AO25: =+HLOOKUP(AO$4,'Sep 2017 HY'!$3:$41,39,0) -> 0 | AP25: =+HLOOKUP(AP$4,'Sep 2017 HY'!$3:$41,39,0) -> 0 | AQ25: =+HLOOKUP(AQ$4,'Sep 2017 HY'!$3:$41,39,0) -> 0 | ... AX25: =+HLOOKUP(AX$4,'Sep 2017 HY'!$3:$41,39,0) -> 0
C26: RW | D26: Weekly Dividend | E26: =+HLOOKUP(E$4,'Sep 2017 HY'!$3:$42,40,0) -> 0 | F26: =+HLOOKUP(F$4,'Sep 2017 HY'!$3:$42,40,0) -> 0 | G26: =+HLOOKUP(G$4,'Sep 2017 HY'!$3:$42,40,0) -> 0 | H26: =+HLOOKUP(H$4,'Sep 2017 HY'!$3:$42,40,0) -> 0 | I26: =+HLOOKUP(I$4,'Sep 2017 HY'!$3:$42,40,0) -> 0 | J26: =+HLOOKUP(J$4,'Sep 2017 HY'!$3:$42,40,0) -> 0 | K26: =+HLOOKUP(K$4,'Sep 2017 HY'!$3:$42,40,0) -> 0 | L26: =+HLOOKUP(L$4,'Sep 2017 HY'!$3:$42,40,0) -> 0 | ... W26: =+HLOOKUP(W$4,'Sep 2017 HY'!$3:$42,40,0) -> 0 | X26: =+'Sep 2017 HY'!X42 -> 0 | Y26: =+'Sep 2017 HY'!Y42 -> 0 | Z26: =+'Sep 2017 HY'!Z42 -> 0 | AA26: =+HLOOKUP(AA$4,'Sep 2017 HY'!$3:$42,40,0) -> 0 | AB26: =+'Sep 2017 HY'!AB42 -> 0 | AC26: =+'Sep 2017 HY'!AC42 -> 0 | AD26: =+'Sep 2017 HY'!AD42 -> 0 | AE26: =+'Sep 2017 HY'!AE42 -> 0 | AF26: =+'Sep 2017 HY'!AF42 -> 0 | AG26: =+'Sep 2017 HY'!AG42 -> 0 | AH26: =+'Sep 2017 HY'!AH42 -> 0 | AI26: =+'Sep 2017 HY'!AI42 -> 0 | AJ26: =+HLOOKUP(AJ$4,'Sep 2017 HY'!$3:$42,40,0) -> 0 | AK26: =+HLOOKUP(AK$4,'Sep 2017 HY'!$3:$42,40,0) -> 0 | AL26: =+HLOOKUP(AL$4,'Sep 2017 HY'!$3:$42,40,0) -> 0 | AM26: =+HLOOKUP(AM$4,'Sep 2017 HY'!$3:$42,40,0) -> 0 | AN26: =+HLOOKUP(AN$4,'Sep 2017 HY'!$3:$42,40,0) -> 0 | AO26: =+HLOOKUP(AO$4,'Sep 2017 HY'!$3:$42,40,0) -> 0 | AP26: =+HLOOKUP(AP$4,'Sep 2017 HY'!$3:$42,40,0) -> 0 | AQ26: =+HLOOKUP(AQ$4,'Sep 2017 HY'!$3:$42,40,0) -> 0 | ... AX26: =+HLOOKUP(AX$4,'Sep 2017 HY'!$3:$42,40,0) -> 0
C27: ZW | D27: Direct weekly Dividend | E27: =+HLOOKUP(E$4,'Sep 2017 HY'!$3:$43,41,0) -> 0 | F27: =+HLOOKUP(F$4,'Sep 2017 HY'!$3:$43,41,0) -> 0 | G27: =+HLOOKUP(G$4,'Sep 2017 HY'!$3:$43,41,0) -> 0 | H27: =+HLOOKUP(H$4,'Sep 2017 HY'!$3:$43,41,0) -> 0 | I27: =+HLOOKUP(I$4,'Sep 2017 HY'!$3:$43,41,0) -> 0 | J27: =+HLOOKUP(J$4,'Sep 2017 HY'!$3:$43,41,0) -> 0 | K27: =+HLOOKUP(K$4,'Sep 2017 HY'!$3:$43,41,0) -> 0 | L27: =+HLOOKUP(L$4,'Sep 2017 HY'!$3:$43,41,0) -> 0 | ... W27: =+HLOOKUP(W$4,'Sep 2017 HY'!$3:$43,41,0) -> 0 | X27: =+'Sep 2017 HY'!X43 -> 0 | Y27: =+'Sep 2017 HY'!Y43 -> 0 | Z27: =+'Sep 2017 HY'!Z43 -> 0 | AA27: =+HLOOKUP(AA$4,'Sep 2017 HY'!$3:$43,41,0) -> 0 | AB27: =+'Sep 2017 HY'!AB43 -> 0 | AC27: =+'Sep 2017 HY'!AC43 -> 0 | AD27: =+'Sep 2017 HY'!AD43 -> 0 | AE27: =+'Sep 2017 HY'!AE43 -> 0 | AF27: =+'Sep 2017 HY'!AF43 -> 0 | AG27: =+'Sep 2017 HY'!AG43 -> 0 | AH27: =+'Sep 2017 HY'!AH43 -> 0 | AI27: =+'Sep 2017 HY'!AI43 -> 0 | AJ27: =+HLOOKUP(AJ$4,'Sep 2017 HY'!$3:$43,41,0) -> 0 | AK27: =+HLOOKUP(AK$4,'Sep 2017 HY'!$3:$43,41,0) -> 0 | AL27: =+HLOOKUP(AL$4,'Sep 2017 HY'!$3:$43,41,0) -> 0 | AM27: =+HLOOKUP(AM$4,'Sep 2017 HY'!$3:$43,41,0) -> 0 | AN27: =+HLOOKUP(AN$4,'Sep 2017 HY'!$3:$43,41,0) -> 0 | AO27: =+HLOOKUP(AO$4,'Sep 2017 HY'!$3:$43,41,0) -> 0 | AP27: =+HLOOKUP(AP$4,'Sep 2017 HY'!$3:$43,41,0) -> 0 | AQ27: =+HLOOKUP(AQ$4,'Sep 2017 HY'!$3:$43,41,0) -> 0 | ... AX27: =+HLOOKUP(AX$4,'Sep 2017 HY'!$3:$43,41,0) -> 0
C30: 4.2 | D30: NAV at the end of the period
C31: RD | D31: Dividend | E31: =+IFERROR(VLOOKUP(E$4&$C31,'AMFI AUM 31 March 2018'!$A:$F,6,0),0) -> 17.1373 | F31: =+IFERROR(VLOOKUP(F$4&$C31,'AMFI AUM 31 March 2018'!$A:$F,6,0),0) -> 14.0805 | G31: =+IFERROR(VLOOKUP(G$4&$C31,'AMFI AUM 31 March 2018'!$A:$F,6,0),0) -> 14.1698 | H31: =+IFERROR(VLOOKUP(H$4&$C31,'AMFI AUM 31 March 2018'!$A:$F,6,0),0) -> 16.3664 | I31: =+IFERROR(VLOOKUP(I$4&$C31,'AMFI AUM 31 March 2018'!$A:$F,6,0),0) -> 17.3037 | J31: =+IFERROR(VLOOKUP(J$4&$C31,'AMFI AUM 31 March 2018'!$A:$F,6,0),0) -> 0 | K31: =+IFERROR(VLOOKUP(K$4&$C31,'AMFI AUM 31 March 2018'!$A:$F,6,0),0) -> 10.0906 | L31: =+IFERROR(VLOOKUP(L$4&$C31,'AMFI AUM 31 March 2018'!$A:$F,6,0),0) -> 10.5595 | ... W31: =+IFERROR(VLOOKUP(W$4&$C31,'AMFI AUM 31 March 2018'!$A:$F,6,0),0) -> 0 | X31: 0 | Y31: 0 | Z31: 0 | AA31: =+IFERROR(VLOOKUP(AA$4&$C31,'AMFI AUM 31 March 2018'!$A:$F,6,0),0) -> 10.5297 | AB31: 0 | AC31: 0 | AD31: 0 | AE31: 0 | AF31: 0 | AG31: 0 | AH31: 0 | AI31: 0 | AJ31: =+IFERROR(VLOOKUP(AJ$4&$C31,'AMFI AUM 31 March 2018'!$A:$F,6,0),0) -> 0 | AK31: =+IFERROR(VLOOKUP(AK$4&$C31,'AMFI AUM 31 March 2018'!$A:$F,6,0),0) -> 0 | AL31: =+IFERROR(VLOOKUP(AL$4&$C31,'AMFI AUM 31 March 2018'!$A:$F,6,0),0) -> 0 | AM31: =+IFERROR(VLOOKUP(AM$4&$C31,'AMFI AUM 31 March 2018'!$A:$F,6,0),0) -> 0 | AN31: =+IFERROR(VLOOKUP(AN$4&$C31,'AMFI AUM 31 March 2018'!$A:$F,6,0),0) -> 0 | AO31: =+IFERROR(VLOOKUP(AO$4&$C31,'AMFI AUM 31 March 2018'!$A:$F,6,0),0) -> 0 | AP31: =+IFERROR(VLOOKUP(AP$4&$C31,'AMFI AUM 31 March 2018'!$A:$F,6,0),0) -> 0 | AQ31: =+IFERROR(VLOOKUP(AQ$4&$C31,'AMFI AUM 31 March 2018'!$A:$F,6,0),0) -> 13.1798 | ... AX31: =+IFERROR(VLOOKUP(AX$4&$C31,'AMFI AUM 31 March 2018'!$A:$F,6,0),0) -> 0 | AZ31: 11224.922 | BA31: 0
C32: RG | D32: Growth | E32: =+IFERROR(VLOOKUP(E$4&$C32,'AMFI AUM 31 March 2018'!$A:$F,6,0),0) -> 0 | F32: =+IFERROR(VLOOKUP(F$4&$C32,'AMFI AUM 31 March 2018'!$A:$F,6,0),0) -> 93.9447 | G32: =+IFERROR(VLOOKUP(G$4&$C32,'AMFI AUM 31 March 2018'!$A:$F,6,0),0) -> 43.296 | H32: =+IFERROR(VLOOKUP(H$4&$C32,'AMFI AUM 31 March 2018'!$A:$F,6,0),0) -> 23.9441 | I32: =+IFERROR(VLOOKUP(I$4&$C32,'AMFI AUM 31 March 2018'!$A:$F,6,0),0) -> 62.2874 | J32: =+IFERROR(VLOOKUP(J$4&$C32,'AMFI AUM 31 March 2018'!$A:$F,6,0),0) -> 51.5606 | K32: =+IFERROR(VLOOKUP(K$4&$C32,'AMFI AUM 31 March 2018'!$A:$F,6,0),0) -> 46.0351 | L32: =+IFERROR(VLOOKUP(L$4&$C32,'AMFI AUM 31 March 2018'!$A:$F,6,0),0) -> 36.6334 | ... W32: =+IFERROR(VLOOKUP(W$4&$C32,'AMFI AUM 31 March 2018'!$A:$F,6,0),0) -> 0 | X32: 0 | Y32: 0 | Z32: 0 | AA32: =+IFERROR(VLOOKUP(AA$4&$C32,'AMFI AUM 31 March 2018'!$A:$F,6,0),0) -> 13.2017 | AB32: 0 | AC32: 0 | AD32: 0 | AE32: 0 | AF32: 0 | AG32: 0 | AH32: 0 | AI32: 0 | AJ32: =+IFERROR(VLOOKUP(AJ$4&$C32,'AMFI AUM 31 March 2018'!$A:$F,6,0),0) -> 0 | AK32: =+IFERROR(VLOOKUP(AK$4&$C32,'AMFI AUM 31 March 2018'!$A:$F,6,0),0) -> 0 | AL32: =+IFERROR(VLOOKUP(AL$4&$C32,'AMFI AUM 31 March 2018'!$A:$F,6,0),0) -> 0 | AM32: =+IFERROR(VLOOKUP(AM$4&$C32,'AMFI AUM 31 March 2018'!$A:$F,6,0),0) -> 0 | AN32: =+IFERROR(VLOOKUP(AN$4&$C32,'AMFI AUM 31 March 2018'!$A:$F,6,0),0) -> 0 | AO32: =+IFERROR(VLOOKUP(AO$4&$C32,'AMFI AUM 31 March 2018'!$A:$F,6,0),0) -> 16.9567 | AP32: =+IFERROR(VLOOKUP(AP$4&$C32,'AMFI AUM 31 March 2018'!$A:$F,6,0),0) -> 0 | AQ32: =+IFERROR(VLOOKUP(AQ$4&$C32,'AMFI AUM 31 March 2018'!$A:$F,6,0),0) -> 14.3496 | ... AX32: =+IFERROR(VLOOKUP(AX$4&$C32,'AMFI AUM 31 March 2018'!$A:$F,6,0),0) -> 106.9574
C33: ZD | D33: Direct Dividend | E33: =+IFERROR(VLOOKUP(E$4&$C33,'AMFI AUM 31 March 2018'!$A:$F,6,0),0) -> 17.7736 | F33: =+IFERROR(VLOOKUP(F$4&$C33,'AMFI AUM 31 March 2018'!$A:$F,6,0),0) -> 14.7565 | G33: =+IFERROR(VLOOKUP(G$4&$C33,'AMFI AUM 31 March 2018'!$A:$F,6,0),0) -> 17.2595 | H33: =+IFERROR(VLOOKUP(H$4&$C33,'AMFI AUM 31 March 2018'!$A:$F,6,0),0) -> 18.5016 | I33: =+IFERROR(VLOOKUP(I$4&$C33,'AMFI AUM 31 March 2018'!$A:$F,6,0),0) -> 18.2139 | J33: =+IFERROR(VLOOKUP(J$4&$C33,'AMFI AUM 31 March 2018'!$A:$F,6,0),0) -> 0 | K33: =+IFERROR(VLOOKUP(K$4&$C33,'AMFI AUM 31 March 2018'!$A:$F,6,0),0) -> 11.422 | L33: =+IFERROR(VLOOKUP(L$4&$C33,'AMFI AUM 31 March 2018'!$A:$F,6,0),0) -> 10.9291 | ... W33: =+IFERROR(VLOOKUP(W$4&$C33,'AMFI AUM 31 March 2018'!$A:$F,6,0),0) -> 0 | X33: 0 | Y33: 0 | Z33: 0 | AA33: =+IFERROR(VLOOKUP(AA$4&$C33,'AMFI AUM 31 March 2018'!$A:$F,6,0),0) -> 0 | AB33: 0 | AC33: 0 | AD33: 0 | AE33: 0 | AF33: 0 | AG33: 0 | AH33: 0 | AI33: 0 | AJ33: =+IFERROR(VLOOKUP(AJ$4&$C33,'AMFI AUM 31 March 2018'!$A:$F,6,0),0) -> 0 | AK33: =+IFERROR(VLOOKUP(AK$4&$C33,'AMFI AUM 31 March 2018'!$A:$F,6,0),0) -> 0 | AL33: =+IFERROR(VLOOKUP(AL$4&$C33,'AMFI AUM 31 March 2018'!$A:$F,6,0),0) -> 0 | AM33: =+IFERROR(VLOOKUP(AM$4&$C33,'AMFI AUM 31 March 2018'!$A:$F,6,0),0) -> 0 | AN33: =+IFERROR(VLOOKUP(AN$4&$C33,'AMFI AUM 31 March 2018'!$A:$F,6,0),0) -> 0 | AO33: =+IFERROR(VLOOKUP(AO$4&$C33,'AMFI AUM 31 March 2018'!$A:$F,6,0),0) -> 0 | AP33: =+IFERROR(VLOOKUP(AP$4&$C33,'AMFI AUM 31 March 2018'!$A:$F,6,0),0) -> 0 | AQ33: =+IFERROR(VLOOKUP(AQ$4&$C33,'AMFI AUM 31 March 2018'!$A:$F,6,0),0) -> 13.7019 | ... AX33: =+IFERROR(VLOOKUP(AX$4&$C33,'AMFI AUM 31 March 2018'!$A:$F,6,0),0) -> 0
C34: ZG | D34: Direct Growth | E34: =+IFERROR(VLOOKUP(E$4&$C34,'AMFI AUM 31 March 2018'!$A:$F,6,0),0) -> 0 | F34: =+IFERROR(VLOOKUP(F$4&$C34,'AMFI AUM 31 March 2018'!$A:$F,6,0),0) -> 98.2333 | G34: =+IFERROR(VLOOKUP(G$4&$C34,'AMFI AUM 31 March 2018'!$A:$F,6,0),0) -> 44.7555 | H34: =+IFERROR(VLOOKUP(H$4&$C34,'AMFI AUM 31 March 2018'!$A:$F,6,0),0) -> 25.0377 | I34: =+IFERROR(VLOOKUP(I$4&$C34,'AMFI AUM 31 March 2018'!$A:$F,6,0),0) -> 65.3216 | J34: =+IFERROR(VLOOKUP(J$4&$C34,'AMFI AUM 31 March 2018'!$A:$F,6,0),0) -> 53.4793 | K34: =+IFERROR(VLOOKUP(K$4&$C34,'AMFI AUM 31 March 2018'!$A:$F,6,0),0) -> 47.2845 | L34: =+IFERROR(VLOOKUP(L$4&$C34,'AMFI AUM 31 March 2018'!$A:$F,6,0),0) -> 38.2158 | ... W34: =+IFERROR(VLOOKUP(W$4&$C34,'AMFI AUM 31 March 2018'!$A:$F,6,0),0) -> 0 | X34: 0 | Y34: 0 | Z34: 0 | AA34: =+IFERROR(VLOOKUP(AA$4&$C34,'AMFI AUM 31 March 2018'!$A:$F,6,0),0) -> 13.481 | AB34: 0 | AC34: 0 | AD34: 0 | AE34: 0 | AF34: 0 | AG34: 0 | AH34: 0 | AI34: 0 | AJ34: =+IFERROR(VLOOKUP(AJ$4&$C34,'AMFI AUM 31 March 2018'!$A:$F,6,0),0) -> 0 | AK34: =+IFERROR(VLOOKUP(AK$4&$C34,'AMFI AUM 31 March 2018'!$A:$F,6,0),0) -> 0 | AL34: =+IFERROR(VLOOKUP(AL$4&$C34,'AMFI AUM 31 March 2018'!$A:$F,6,0),0) -> 0 | AM34: =+IFERROR(VLOOKUP(AM$4&$C34,'AMFI AUM 31 March 2018'!$A:$F,6,0),0) -> 0 | AN34: =+IFERROR(VLOOKUP(AN$4&$C34,'AMFI AUM 31 March 2018'!$A:$F,6,0),0) -> 0 | AO34: =+IFERROR(VLOOKUP(AO$4&$C34,'AMFI AUM 31 March 2018'!$A:$F,6,0),0) -> 0 | AP34: =+IFERROR(VLOOKUP(AP$4&$C34,'AMFI AUM 31 March 2018'!$A:$F,6,0),0) -> 0 | AQ34: =+IFERROR(VLOOKUP(AQ$4&$C34,'AMFI AUM 31 March 2018'!$A:$F,6,0),0) -> 14.8859 | ... AX34: =+IFERROR(VLOOKUP(AX$4&$C34,'AMFI AUM 31 March 2018'!$A:$F,6,0),0) -> 0
C35: RM | D35: Monthly Dividend | E35: =+IFERROR(VLOOKUP(E$4&$C35,'AMFI AUM 31 March 2018'!$A:$F,6,0),0) -> 0 | F35: =+IFERROR(VLOOKUP(F$4&$C35,'AMFI AUM 31 March 2018'!$A:$F,6,0),0) -> 0 | G35: =+IFERROR(VLOOKUP(G$4&$C35,'AMFI AUM 31 March 2018'!$A:$F,6,0),0) -> 0 | H35: =+IFERROR(VLOOKUP(H$4&$C35,'AMFI AUM 31 March 2018'!$A:$F,6,0),0) -> 0 | I35: =+IFERROR(VLOOKUP(I$4&$C35,'AMFI AUM 31 March 2018'!$A:$F,6,0),0) -> 0 | J35: =+IFERROR(VLOOKUP(J$4&$C35,'AMFI AUM 31 March 2018'!$A:$F,6,0),0) -> 10.4258 | K35: =+IFERROR(VLOOKUP(K$4&$C35,'AMFI AUM 31 March 2018'!$A:$F,6,0),0) -> 0 | L35: =+IFERROR(VLOOKUP(L$4&$C35,'AMFI AUM 31 March 2018'!$A:$F,6,0),0) -> 0 | ... W35: =+IFERROR(VLOOKUP(W$4&$C35,'AMFI AUM 31 March 2018'!$A:$F,6,0),0) -> 0 | X35: 0 | Y35: 0 | Z35: 0 | AA35: =+IFERROR(VLOOKUP(AA$4&$C35,'AMFI AUM 31 March 2018'!$A:$F,6,0),0) -> 0 | AB35: 0 | AC35: 0 | AD35: 0 | AE35: 0 | AF35: 0 | AG35: 0 | AH35: 0 | AI35: 0 | AJ35: =+IFERROR(VLOOKUP(AJ$4&$C35,'AMFI AUM 31 March 2018'!$A:$F,6,0),0) -> 0 | AK35: =+IFERROR(VLOOKUP(AK$4&$C35,'AMFI AUM 31 March 2018'!$A:$F,6,0),0) -> 0 | AL35: =+IFERROR(VLOOKUP(AL$4&$C35,'AMFI AUM 31 March 2018'!$A:$F,6,0),0) -> 0 | AM35: =+IFERROR(VLOOKUP(AM$4&$C35,'AMFI AUM 31 March 2018'!$A:$F,6,0),0) -> 0 | AN35: =+IFERROR(VLOOKUP(AN$4&$C35,'AMFI AUM 31 March 2018'!$A:$F,6,0),0) -> 0 | AO35: =+IFERROR(VLOOKUP(AO$4&$C35,'AMFI AUM 31 March 2018'!$A:$F,6,0),0) -> 0 | AP35: =+IFERROR(VLOOKUP(AP$4&$C35,'AMFI AUM 31 March 2018'!$A:$F,6,0),0) -> 0 | AQ35: =+IFERROR(VLOOKUP(AQ$4&$C35,'AMFI AUM 31 March 2018'!$A:$F,6,0),0) -> 0 | ... AX35: =+IFERROR(VLOOKUP(AX$4&$C35,'AMFI AUM 31 March 2018'!$A:$F,6,0),0) -> 0
C36: RQ | D36: Quarterly Dividend | E36: =+IFERROR(VLOOKUP(E$4&$C36,'AMFI AUM 31 March 2018'!$A:$F,6,0),0) -> 0 | F36: =+IFERROR(VLOOKUP(F$4&$C36,'AMFI AUM 31 March 2018'!$A:$F,6,0),0) -> 0 | G36: =+IFERROR(VLOOKUP(G$4&$C36,'AMFI AUM 31 March 2018'!$A:$F,6,0),0) -> 0 | H36: =+IFERROR(VLOOKUP(H$4&$C36,'AMFI AUM 31 March 2018'!$A:$F,6,0),0) -> 0 | I36: =+IFERROR(VLOOKUP(I$4&$C36,'AMFI AUM 31 March 2018'!$A:$F,6,0),0) -> 0 | J36: =+IFERROR(VLOOKUP(J$4&$C36,'AMFI AUM 31 March 2018'!$A:$F,6,0),0) -> 10.5706 | K36: =+IFERROR(VLOOKUP(K$4&$C36,'AMFI AUM 31 March 2018'!$A:$F,6,0),0) -> 0 | L36: =+IFERROR(VLOOKUP(L$4&$C36,'AMFI AUM 31 March 2018'!$A:$F,6,0),0) -> 0 | ... W36: =+IFERROR(VLOOKUP(W$4&$C36,'AMFI AUM 31 March 2018'!$A:$F,6,0),0) -> 0 | X36: 0 | Y36: 0 | Z36: 0 | AA36: =+IFERROR(VLOOKUP(AA$4&$C36,'AMFI AUM 31 March 2018'!$A:$F,6,0),0) -> 0 | AB36: 0 | AC36: 0 | AD36: 0 | AE36: 0 | AF36: 0 | AG36: 0 | AH36: 0 | AI36: 0 | AJ36: =+IFERROR(VLOOKUP(AJ$4&$C36,'AMFI AUM 31 March 2018'!$A:$F,6,0),0) -> 0 | AK36: =+IFERROR(VLOOKUP(AK$4&$C36,'AMFI AUM 31 March 2018'!$A:$F,6,0),0) -> 0 | AL36: =+IFERROR(VLOOKUP(AL$4&$C36,'AMFI AUM 31 March 2018'!$A:$F,6,0),0) -> 0 | AM36: =+IFERROR(VLOOKUP(AM$4&$C36,'AMFI AUM 31 March 2018'!$A:$F,6,0),0) -> 0 | AN36: =+IFERROR(VLOOKUP(AN$4&$C36,'AMFI AUM 31 March 2018'!$A:$F,6,0),0) -> 0 | AO36: =+IFERROR(VLOOKUP(AO$4&$C36,'AMFI AUM 31 March 2018'!$A:$F,6,0),0) -> 0 | AP36: =+IFERROR(VLOOKUP(AP$4&$C36,'AMFI AUM 31 March 2018'!$A:$F,6,0),0) -> 0 | AQ36: =+IFERROR(VLOOKUP(AQ$4&$C36,'AMFI AUM 31 March 2018'!$A:$F,6,0),0) -> 0 | ... AX36: =+IFERROR(VLOOKUP(AX$4&$C36,'AMFI AUM 31 March 2018'!$A:$F,6,0),0) -> 0
C37: RY | D37: Yearly Dividend | E37: =+IFERROR(VLOOKUP(E$4&$C37,'AMFI AUM 31 March 2018'!$A:$F,6,0),0) -> 0 | F37: =+IFERROR(VLOOKUP(F$4&$C37,'AMFI AUM 31 March 2018'!$A:$F,6,0),0) -> 0 | G37: =+IFERROR(VLOOKUP(G$4&$C37,'AMFI AUM 31 March 2018'!$A:$F,6,0),0) -> 0 | H37: =+IFERROR(VLOOKUP(H$4&$C37,'AMFI AUM 31 March 2018'!$A:$F,6,0),0) -> 0 | I37: =+IFERROR(VLOOKUP(I$4&$C37,'AMFI AUM 31 March 2018'!$A:$F,6,0),0) -> 0 | J37: =+IFERROR(VLOOKUP(J$4&$C37,'AMFI AUM 31 March 2018'!$A:$F,6,0),0) -> 11.1947 | K37: =+IFERROR(VLOOKUP(K$4&$C37,'AMFI AUM 31 March 2018'!$A:$F,6,0),0) -> 0 | L37: =+IFERROR(VLOOKUP(L$4&$C37,'AMFI AUM 31 March 2018'!$A:$F,6,0),0) -> 0 | ... W37: =+IFERROR(VLOOKUP(W$4&$C37,'AMFI AUM 31 March 2018'!$A:$F,6,0),0) -> 0 | X37: 0 | Y37: 0 | Z37: 0 | AA37: =+IFERROR(VLOOKUP(AA$4&$C37,'AMFI AUM 31 March 2018'!$A:$F,6,0),0) -> 0 | AB37: 0 | AC37: 0 | AD37: 0 | AE37: 0 | AF37: 0 | AG37: 0 | AH37: 0 | AI37: 0 | AJ37: =+IFERROR(VLOOKUP(AJ$4&$C37,'AMFI AUM 31 March 2018'!$A:$F,6,0),0) -> 0 | AK37: =+IFERROR(VLOOKUP(AK$4&$C37,'AMFI AUM 31 March 2018'!$A:$F,6,0),0) -> 0 | AL37: =+IFERROR(VLOOKUP(AL$4&$C37,'AMFI AUM 31 March 2018'!$A:$F,6,0),0) -> 0 | AM37: =+IFERROR(VLOOKUP(AM$4&$C37,'AMFI AUM 31 March 2018'!$A:$F,6,0),0) -> 0 | AN37: =+IFERROR(VLOOKUP(AN$4&$C37,'AMFI AUM 31 March 2018'!$A:$F,6,0),0) -> 0 | AO37: =+IFERROR(VLOOKUP(AO$4&$C37,'AMFI AUM 31 March 2018'!$A:$F,6,0),0) -> 0 | AP37: =+IFERROR(VLOOKUP(AP$4&$C37,'AMFI AUM 31 March 2018'!$A:$F,6,0),0) -> 0 | AQ37: =+IFERROR(VLOOKUP(AQ$4&$C37,'AMFI AUM 31 March 2018'!$A:$F,6,0),0) -> 0 | ... AX37: =+IFERROR(VLOOKUP(AX$4&$C37,'AMFI AUM 31 March 2018'!$A:$F,6,0),0) -> 0
C38: ZM | D38: Direct Monthly Dividend | E38: =+IFERROR(VLOOKUP(E$4&$C38,'AMFI AUM 31 March 2018'!$A:$F,6,0),0) -> 0 | F38: =+IFERROR(VLOOKUP(F$4&$C38,'AMFI AUM 31 March 2018'!$A:$F,6,0),0) -> 0 | G38: =+IFERROR(VLOOKUP(G$4&$C38,'AMFI AUM 31 March 2018'!$A:$F,6,0),0) -> 0 | H38: =+IFERROR(VLOOKUP(H$4&$C38,'AMFI AUM 31 March 2018'!$A:$F,6,0),0) -> 0 | I38: =+IFERROR(VLOOKUP(I$4&$C38,'AMFI AUM 31 March 2018'!$A:$F,6,0),0) -> 0 | J38: =+IFERROR(VLOOKUP(J$4&$C38,'AMFI AUM 31 March 2018'!$A:$F,6,0),0) -> 10.5393 | K38: =+IFERROR(VLOOKUP(K$4&$C38,'AMFI AUM 31 March 2018'!$A:$F,6,0),0) -> 0 | L38: =+IFERROR(VLOOKUP(L$4&$C38,'AMFI AUM 31 March 2018'!$A:$F,6,0),0) -> 0 | ... W38: =+IFERROR(VLOOKUP(W$4&$C38,'AMFI AUM 31 March 2018'!$A:$F,6,0),0) -> 0 | X38: 0 | Y38: 0 | Z38: 0 | AA38: =+IFERROR(VLOOKUP(AA$4&$C38,'AMFI AUM 31 March 2018'!$A:$F,6,0),0) -> 0 | AB38: 0 | AC38: 0 | AD38: 0 | AE38: 0 | AF38: 0 | AG38: 0 | AH38: 0 | AI38: 0 | AJ38: =+IFERROR(VLOOKUP(AJ$4&$C38,'AMFI AUM 31 March 2018'!$A:$F,6,0),0) -> 0 | AK38: =+IFERROR(VLOOKUP(AK$4&$C38,'AMFI AUM 31 March 2018'!$A:$F,6,0),0) -> 0 | AL38: =+IFERROR(VLOOKUP(AL$4&$C38,'AMFI AUM 31 March 2018'!$A:$F,6,0),0) -> 0 | AM38: =+IFERROR(VLOOKUP(AM$4&$C38,'AMFI AUM 31 March 2018'!$A:$F,6,0),0) -> 0 | AN38: =+IFERROR(VLOOKUP(AN$4&$C38,'AMFI AUM 31 March 2018'!$A:$F,6,0),0) -> 0 | AO38: =+IFERROR(VLOOKUP(AO$4&$C38,'AMFI AUM 31 March 2018'!$A:$F,6,0),0) -> 0 | AP38: =+IFERROR(VLOOKUP(AP$4&$C38,'AMFI AUM 31 March 2018'!$A:$F,6,0),0) -> 0 | AQ38: =+IFERROR(VLOOKUP(AQ$4&$C38,'AMFI AUM 31 March 2018'!$A:$F,6,0),0) -> 0 | ... AX38: =+IFERROR(VLOOKUP(AX$4&$C38,'AMFI AUM 31 March 2018'!$A:$F,6,0),0) -> 0
C39: ZQ | D39: Direct Quarterly Dividend | E39: =+IFERROR(VLOOKUP(E$4&$C39,'AMFI AUM 31 March 2018'!$A:$F,6,0),0) -> 0 | F39: =+IFERROR(VLOOKUP(F$4&$C39,'AMFI AUM 31 March 2018'!$A:$F,6,0),0) -> 0 | G39: =+IFERROR(VLOOKUP(G$4&$C39,'AMFI AUM 31 March 2018'!$A:$F,6,0),0) -> 0 | H39: =+IFERROR(VLOOKUP(H$4&$C39,'AMFI AUM 31 March 2018'!$A:$F,6,0),0) -> 0 | I39: =+IFERROR(VLOOKUP(I$4&$C39,'AMFI AUM 31 March 2018'!$A:$F,6,0),0) -> 0 | J39: =+IFERROR(VLOOKUP(J$4&$C39,'AMFI AUM 31 March 2018'!$A:$F,6,0),0) -> 11.0394 | K39: =+IFERROR(VLOOKUP(K$4&$C39,'AMFI AUM 31 March 2018'!$A:$F,6,0),0) -> 0 | L39: =+IFERROR(VLOOKUP(L$4&$C39,'AMFI AUM 31 March 2018'!$A:$F,6,0),0) -> 0 | ... W39: =+IFERROR(VLOOKUP(W$4&$C39,'AMFI AUM 31 March 2018'!$A:$F,6,0),0) -> 0 | X39: 0 | Y39: 0 | Z39: 0 | AA39: =+IFERROR(VLOOKUP(AA$4&$C39,'AMFI AUM 31 March 2018'!$A:$F,6,0),0) -> 0 | AB39: 0 | AC39: 0 | AD39: 0 | AE39: 0 | AF39: 0 | AG39: 0 | AH39: 0 | AI39: 0 | AJ39: =+IFERROR(VLOOKUP(AJ$4&$C39,'AMFI AUM 31 March 2018'!$A:$F,6,0),0) -> 0 | AK39: =+IFERROR(VLOOKUP(AK$4&$C39,'AMFI AUM 31 March 2018'!$A:$F,6,0),0) -> 0 | AL39: =+IFERROR(VLOOKUP(AL$4&$C39,'AMFI AUM 31 March 2018'!$A:$F,6,0),0) -> 0 | AM39: =+IFERROR(VLOOKUP(AM$4&$C39,'AMFI AUM 31 March 2018'!$A:$F,6,0),0) -> 0 | AN39: =+IFERROR(VLOOKUP(AN$4&$C39,'AMFI AUM 31 March 2018'!$A:$F,6,0),0) -> 0 | AO39: =+IFERROR(VLOOKUP(AO$4&$C39,'AMFI AUM 31 March 2018'!$A:$F,6,0),0) -> 0 | AP39: =+IFERROR(VLOOKUP(AP$4&$C39,'AMFI AUM 31 March 2018'!$A:$F,6,0),0) -> 0 | AQ39: =+IFERROR(VLOOKUP(AQ$4&$C39,'AMFI AUM 31 March 2018'!$A:$F,6,0),0) -> 0 | ... AX39: =+IFERROR(VLOOKUP(AX$4&$C39,'AMFI AUM 31 March 2018'!$A:$F,6,0),0) -> 0
C40: ZY | D40: Direct Yearly Dividend | E40: =+IFERROR(VLOOKUP(E$4&$C40,'AMFI AUM 31 March 2018'!$A:$F,6,0),0) -> 0 | F40: =+IFERROR(VLOOKUP(F$4&$C40,'AMFI AUM 31 March 2018'!$A:$F,6,0),0) -> 0 | G40: =+IFERROR(VLOOKUP(G$4&$C40,'AMFI AUM 31 March 2018'!$A:$F,6,0),0) -> 0 | H40: =+IFERROR(VLOOKUP(H$4&$C40,'AMFI AUM 31 March 2018'!$A:$F,6,0),0) -> 0 | I40: =+IFERROR(VLOOKUP(I$4&$C40,'AMFI AUM 31 March 2018'!$A:$F,6,0),0) -> 0 | J40: =+IFERROR(VLOOKUP(J$4&$C40,'AMFI AUM 31 March 2018'!$A:$F,6,0),0) -> 11.6033 | K40: =+IFERROR(VLOOKUP(K$4&$C40,'AMFI AUM 31 March 2018'!$A:$F,6,0),0) -> 0 | L40: =+IFERROR(VLOOKUP(L$4&$C40,'AMFI AUM 31 March 2018'!$A:$F,6,0),0) -> 0 | ... W40: =+IFERROR(VLOOKUP(W$4&$C40,'AMFI AUM 31 March 2018'!$A:$F,6,0),0) -> 0 | X40: 0 | Y40: 0 | Z40: 0 | AA40: =+IFERROR(VLOOKUP(AA$4&$C40,'AMFI AUM 31 March 2018'!$A:$F,6,0),0) -> 0 | AB40: 0 | AC40: 0 | AD40: 0 | AE40: 0 | AF40: 0 | AG40: 0 | AH40: 0 | AI40: 0 | AJ40: =+IFERROR(VLOOKUP(AJ$4&$C40,'AMFI AUM 31 March 2018'!$A:$F,6,0),0) -> 0 | AK40: =+IFERROR(VLOOKUP(AK$4&$C40,'AMFI AUM 31 March 2018'!$A:$F,6,0),0) -> 0 | AL40: =+IFERROR(VLOOKUP(AL$4&$C40,'AMFI AUM 31 March 2018'!$A:$F,6,0),0) -> 0 | AM40: =+IFERROR(VLOOKUP(AM$4&$C40,'AMFI AUM 31 March 2018'!$A:$F,6,0),0) -> 0 | AN40: =+IFERROR(VLOOKUP(AN$4&$C40,'AMFI AUM 31 March 2018'!$A:$F,6,0),0) -> 0 | AO40: =+IFERROR(VLOOKUP(AO$4&$C40,'AMFI AUM 31 March 2018'!$A:$F,6,0),0) -> 0 | AP40: =+IFERROR(VLOOKUP(AP$4&$C40,'AMFI AUM 31 March 2018'!$A:$F,6,0),0) -> 0 | AQ40: =+IFERROR(VLOOKUP(AQ$4&$C40,'AMFI AUM 31 March 2018'!$A:$F,6,0),0) -> 0 | ... AX40: =+IFERROR(VLOOKUP(AX$4&$C40,'AMFI AUM 31 March 2018'!$A:$F,6,0),0) -> 0
C41: PD | D41: PF Dividend | E41: =+IFERROR(VLOOKUP(E$4&$C41,'AMFI AUM 31 March 2018'!$A:$F,6,0),0) -> 0 | F41: =+IFERROR(VLOOKUP(F$4&$C41,'AMFI AUM 31 March 2018'!$A:$F,6,0),0) -> 0 | G41: =+IFERROR(VLOOKUP(G$4&$C41,'AMFI AUM 31 March 2018'!$A:$F,6,0),0) -> 0 | H41: =+IFERROR(VLOOKUP(H$4&$C41,'AMFI AUM 31 March 2018'!$A:$F,6,0),0) -> 0 | I41: =+IFERROR(VLOOKUP(I$4&$C41,'AMFI AUM 31 March 2018'!$A:$F,6,0),0) -> 0 | J41: =+IFERROR(VLOOKUP(J$4&$C41,'AMFI AUM 31 March 2018'!$A:$F,6,0),0) -> 0 | K41: =+IFERROR(VLOOKUP(K$4&$C41,'AMFI AUM 31 March 2018'!$A:$F,6,0),0) -> 0 | L41: =+IFERROR(VLOOKUP(L$4&$C41,'AMFI AUM 31 March 2018'!$A:$F,6,0),0) -> 13.6913 | ... W41: =+IFERROR(VLOOKUP(W$4&$C41,'AMFI AUM 31 March 2018'!$A:$F,6,0),0) -> 0 | X41: 0 | Y41: 0 | Z41: 0 | AA41: =+IFERROR(VLOOKUP(AA$4&$C41,'AMFI AUM 31 March 2018'!$A:$F,6,0),0) -> 0 | AB41: 0 | AC41: 0 | AD41: 0 | AE41: 0 | AF41: 0 | AG41: 0 | AH41: 0 | AI41: 0 | AJ41: =+IFERROR(VLOOKUP(AJ$4&$C41,'AMFI AUM 31 March 2018'!$A:$F,6,0),0) -> 0 | AK41: =+IFERROR(VLOOKUP(AK$4&$C41,'AMFI AUM 31 March 2018'!$A:$F,6,0),0) -> 0 | AL41: =+IFERROR(VLOOKUP(AL$4&$C41,'AMFI AUM 31 March 2018'!$A:$F,6,0),0) -> 0 | AM41: =+IFERROR(VLOOKUP(AM$4&$C41,'AMFI AUM 31 March 2018'!$A:$F,6,0),0) -> 0 | AN41: =+IFERROR(VLOOKUP(AN$4&$C41,'AMFI AUM 31 March 2018'!$A:$F,6,0),0) -> 0 | AO41: =+IFERROR(VLOOKUP(AO$4&$C41,'AMFI AUM 31 March 2018'!$A:$F,6,0),0) -> 0 | AP41: =+IFERROR(VLOOKUP(AP$4&$C41,'AMFI AUM 31 March 2018'!$A:$F,6,0),0) -> 0 | AQ41: =+IFERROR(VLOOKUP(AQ$4&$C41,'AMFI AUM 31 March 2018'!$A:$F,6,0),0) -> 0 | ... AX41: =+IFERROR(VLOOKUP(AX$4&$C41,'AMFI AUM 31 March 2018'!$A:$F,6,0),0) -> 0
C42: PG | D42: PF Growth | E42: =+IFERROR(VLOOKUP(E$4&$C42,'AMFI AUM 31 March 2018'!$A:$F,6,0),0) -> 0 | F42: =+IFERROR(VLOOKUP(F$4&$C42,'AMFI AUM 31 March 2018'!$A:$F,6,0),0) -> 0 | G42: =+IFERROR(VLOOKUP(G$4&$C42,'AMFI AUM 31 March 2018'!$A:$F,6,0),0) -> 0 | H42: =+IFERROR(VLOOKUP(H$4&$C42,'AMFI AUM 31 March 2018'!$A:$F,6,0),0) -> 0 | I42: =+IFERROR(VLOOKUP(I$4&$C42,'AMFI AUM 31 March 2018'!$A:$F,6,0),0) -> 0 | J42: =+IFERROR(VLOOKUP(J$4&$C42,'AMFI AUM 31 March 2018'!$A:$F,6,0),0) -> 0 | K42: =+IFERROR(VLOOKUP(K$4&$C42,'AMFI AUM 31 March 2018'!$A:$F,6,0),0) -> 0 | L42: =+IFERROR(VLOOKUP(L$4&$C42,'AMFI AUM 31 March 2018'!$A:$F,6,0),0) -> 21.1581 | ... W42: =+IFERROR(VLOOKUP(W$4&$C42,'AMFI AUM 31 March 2018'!$A:$F,6,0),0) -> 0 | X42: 0 | Y42: 0 | Z42: 0 | AA42: =+IFERROR(VLOOKUP(AA$4&$C42,'AMFI AUM 31 March 2018'!$A:$F,6,0),0) -> 0 | AB42: 0 | AC42: 0 | AD42: 0 | AE42: 0 | AF42: 0 | AG42: 0 | AH42: 0 | AI42: 0 | AJ42: =+IFERROR(VLOOKUP(AJ$4&$C42,'AMFI AUM 31 March 2018'!$A:$F,6,0),0) -> 0 | AK42: =+IFERROR(VLOOKUP(AK$4&$C42,'AMFI AUM 31 March 2018'!$A:$F,6,0),0) -> 0 | AL42: =+IFERROR(VLOOKUP(AL$4&$C42,'AMFI AUM 31 March 2018'!$A:$F,6,0),0) -> 0 | AM42: =+IFERROR(VLOOKUP(AM$4&$C42,'AMFI AUM 31 March 2018'!$A:$F,6,0),0) -> 0 | AN42: =+IFERROR(VLOOKUP(AN$4&$C42,'AMFI AUM 31 March 2018'!$A:$F,6,0),0) -> 0 | AO42: =+IFERROR(VLOOKUP(AO$4&$C42,'AMFI AUM 31 March 2018'!$A:$F,6,0),0) -> 0 | AP42: =+IFERROR(VLOOKUP(AP$4&$C42,'AMFI AUM 31 March 2018'!$A:$F,6,0),0) -> 0 | AQ42: =+IFERROR(VLOOKUP(AQ$4&$C42,'AMFI AUM 31 March 2018'!$A:$F,6,0),0) -> 0 | ... AX42: =+IFERROR(VLOOKUP(AX$4&$C42,'AMFI AUM 31 March 2018'!$A:$F,6,0),0) -> 0
C43: RW | D43: Weekly Dividend | E43: =+IFERROR(VLOOKUP(E$4&$C43,'AMFI AUM 31 March 2018'!$A:$F,6,0),0) -> 0 | F43: =+IFERROR(VLOOKUP(F$4&$C43,'AMFI AUM 31 March 2018'!$A:$F,6,0),0) -> 0 | G43: =+IFERROR(VLOOKUP(G$4&$C43,'AMFI AUM 31 March 2018'!$A:$F,6,0),0) -> 0 | H43: =+IFERROR(VLOOKUP(H$4&$C43,'AMFI AUM 31 March 2018'!$A:$F,6,0),0) -> 0 | I43: =+IFERROR(VLOOKUP(I$4&$C43,'AMFI AUM 31 March 2018'!$A:$F,6,0),0) -> 0 | J43: =+IFERROR(VLOOKUP(J$4&$C43,'AMFI AUM 31 March 2018'!$A:$F,6,0),0) -> 0 | K43: =+IFERROR(VLOOKUP(K$4&$C43,'AMFI AUM 31 March 2018'!$A:$F,6,0),0) -> 0 | L43: =+IFERROR(VLOOKUP(L$4&$C43,'AMFI AUM 31 March 2018'!$A:$F,6,0),0) -> 0 | ... W43: =+IFERROR(VLOOKUP(W$4&$C43,'AMFI AUM 31 March 2018'!$A:$F,6,0),0) -> 0 | X43: 0 | Y43: 0 | Z43: 0 | AA43: =+IFERROR(VLOOKUP(AA$4&$C43,'AMFI AUM 31 March 2018'!$A:$F,6,0),0) -> 0 | AB43: 0 | AC43: 0 | AD43: 0 | AE43: 0 | AF43: 0 | AG43: 0 | AH43: 0 | AI43: 0 | AJ43: =+IFERROR(VLOOKUP(AJ$4&$C43,'AMFI AUM 31 March 2018'!$A:$F,6,0),0) -> 0 | AK43: =+IFERROR(VLOOKUP(AK$4&$C43,'AMFI AUM 31 March 2018'!$A:$F,6,0),0) -> 0 | AL43: =+IFERROR(VLOOKUP(AL$4&$C43,'AMFI AUM 31 March 2018'!$A:$F,6,0),0) -> 0 | AM43: =+IFERROR(VLOOKUP(AM$4&$C43,'AMFI AUM 31 March 2018'!$A:$F,6,0),0) -> 0 | AN43: =+IFERROR(VLOOKUP(AN$4&$C43,'AMFI AUM 31 March 2018'!$A:$F,6,0),0) -> 0 | AO43: =+IFERROR(VLOOKUP(AO$4&$C43,'AMFI AUM 31 March 2018'!$A:$F,6,0),0) -> 0 | AP43: =+IFERROR(VLOOKUP(AP$4&$C43,'AMFI AUM 31 March 2018'!$A:$F,6,0),0) -> 0 | AQ43: =+IFERROR(VLOOKUP(AQ$4&$C43,'AMFI AUM 31 March 2018'!$A:$F,6,0),0) -> 0 | ... AX43: =+IFERROR(VLOOKUP(AX$4&$C43,'AMFI AUM 31 March 2018'!$A:$F,6,0),0) -> 0
C44: ZW | D44: Direct weekly Dividend | E44: =+IFERROR(VLOOKUP(E$4&$C44,'AMFI AUM 31 March 2018'!$A:$F,6,0),0) -> 0 | F44: =+IFERROR(VLOOKUP(F$4&$C44,'AMFI AUM 31 March 2018'!$A:$F,6,0),0) -> 0 | G44: =+IFERROR(VLOOKUP(G$4&$C44,'AMFI AUM 31 March 2018'!$A:$F,6,0),0) -> 0 | H44: =+IFERROR(VLOOKUP(H$4&$C44,'AMFI AUM 31 March 2018'!$A:$F,6,0),0) -> 0 | I44: =+IFERROR(VLOOKUP(I$4&$C44,'AMFI AUM 31 March 2018'!$A:$F,6,0),0) -> 0 | J44: =+IFERROR(VLOOKUP(J$4&$C44,'AMFI AUM 31 March 2018'!$A:$F,6,0),0) -> 0 | K44: =+IFERROR(VLOOKUP(K$4&$C44,'AMFI AUM 31 March 2018'!$A:$F,6,0),0) -> 0 | L44: =+IFERROR(VLOOKUP(L$4&$C44,'AMFI AUM 31 March 2018'!$A:$F,6,0),0) -> 0 | ... W44: =+IFERROR(VLOOKUP(W$4&$C44,'AMFI AUM 31 March 2018'!$A:$F,6,0),0) -> 0 | X44: 0 | Y44: 0 | Z44: 0 | AA44: =+IFERROR(VLOOKUP(AA$4&$C44,'AMFI AUM 31 March 2018'!$A:$F,6,0),0) -> 0 | AB44: 0 | AC44: 0 | AD44: 0 | AE44: 0 | AF44: 0 | AG44: 0 | AH44: 0 | AI44: 0 | AJ44: =+IFERROR(VLOOKUP(AJ$4&$C44,'AMFI AUM 31 March 2018'!$A:$F,6,0),0) -> 0 | AK44: =+IFERROR(VLOOKUP(AK$4&$C44,'AMFI AUM 31 March 2018'!$A:$F,6,0),0) -> 0 | AL44: =+IFERROR(VLOOKUP(AL$4&$C44,'AMFI AUM 31 March 2018'!$A:$F,6,0),0) -> 0 | AM44: =+IFERROR(VLOOKUP(AM$4&$C44,'AMFI AUM 31 March 2018'!$A:$F,6,0),0) -> 0 | AN44: =+IFERROR(VLOOKUP(AN$4&$C44,'AMFI AUM 31 March 2018'!$A:$F,6,0),0) -> 0 | AO44: =+IFERROR(VLOOKUP(AO$4&$C44,'AMFI AUM 31 March 2018'!$A:$F,6,0),0) -> 0 | AP44: =+IFERROR(VLOOKUP(AP$4&$C44,'AMFI AUM 31 March 2018'!$A:$F,6,0),0) -> 0 | AQ44: =+IFERROR(VLOOKUP(AQ$4&$C44,'AMFI AUM 31 March 2018'!$A:$F,6,0),0) -> 0 | ... AX44: =+IFERROR(VLOOKUP(AX$4&$C44,'AMFI AUM 31 March 2018'!$A:$F,6,0),0) -> 0
C46: 4.3 | D46: Dividend Paid Per Unit During The Half-Year
D48: Daily Dividend
C49: RD | D49: i) Individual | E49: 0 | F49: 0.7 | G49: 0 | H49: 0.875 | I49: 1 | J49: 0 | K49: 0.26723809 | L49: 0.10833978 | M49: 0 | N49: 26.124597 | O49: 0 | P49: 0 | Q49: 0.22722565 | R49: 0.19039311 | S49: 0 | T49: 0 | U49: 0 | W49: 0 | X49: 0 | Y49: 0 | Z49: 0 | AA49: 0 | AB49: 0 | AC49: 1.7167776 | AD49: 0 | AE49: 0 | AF49: 0 | AG49: 1.2174484 | AH49: 1.6465597 | AI49: 0.89658359 | AJ49: 1.5684123 | AK49: 1.9461773 | AL49: 1.8713362 | AM49: 0 | AN49: 1.8677706 | AO49: 0 | AP49: 1.6554771 | AQ49: 0.65 | AR49: 0 | AS49: 0 | AT49: 0 | AU49: 0 | AV49: 0 | AW49: 0 | AX49: 0 | AZ49: 136.94281 | BA49: 0
C50: RD | D50: ii) Non-Individual | E50: 0 | F50: 0.7 | G50: 0 | H50: 0.875 | I50: 1 | J50: 0 | K50: 0.24759101 | L50: 0.10037473 | M50: 0 | N50: 24.203942 | O50: 0 | P50: 0 | Q50: 0.21052022 | R50: 0.17639561 | S50: 0 | T50: 0 | U50: 0 | W50: 0 | X50: 0 | Y50: 0 | Z50: 0 | AA50: 0 | AB50: 0 | AC50: 1.5905616 | AD50: 0 | AE50: 0 | AF50: 0 | AG50: 1.1279427 | AH50: 1.5255061 | AI50: 0.89658359 | AJ50: 1.453104 | AK50: 1.803096 | AL50: 1.7337571 | AM50: 0 | AN50: 1.7304537 | AO50: 0 | AP50: 1.6554771 | AQ50: 0.65 | AR50: 0 | AS50: 0 | AT50: 0 | AU50: 0 | AV50: 0 | AW50: 0 | AX50: 0
D51: Weekly Dividend
C52: RW | D52: i) Individual | E52: 0 | F52: 0 | G52: 0 | H52: 0 | I52: 0 | J52: 0 | K52: 0 | L52: 0 | M52: 0 | N52: 0 | O52: 0 | P52: 0 | Q52: 0.21393571 | R52: 0.17428682 | S52: 0 | T52: 0 | U52: 0 | W52: 0 | X52: 0 | Y52: 0 | Z52: 0 | AA52: 0 | AB52: 0 | AC52: 0 | AD52: 0 | AE52: 0 | AF52: 0 | AG52: 0 | AH52: 0 | AI52: 0 | AJ52: 0 | AK52: 0 | AL52: 0 | AM52: 0 | AN52: 0 | AO52: 0 | AP52: 0 | AQ52: 0 | AR52: 0 | AS52: 0 | AT52: 0 | AU52: 0 | AV52: 0 | AW52: 0 | AX52: 0
C53: RW | D53: ii) Non-Individual | E53: 0 | F53: 0 | G53: 0 | H53: 0 | I53: 0 | J53: 0 | K53: 0 | L53: 0 | M53: 0 | N53: 0 | O53: 0 | P53: 0 | Q53: 0.19820735 | R53: 0.16147343 | S53: 0 | T53: 0 | U53: 0 | W53: 0 | X53: 0 | Y53: 0 | Z53: 0 | AA53: 0 | AB53: 0 | AC53: 0 | AD53: 0 | AE53: 0 | AF53: 0 | AG53: 0 | AH53: 0 | AI53: 0 | AJ53: 0 | AK53: 0 | AL53: 0 | AM53: 0 | AN53: 0 | AO53: 0 | AP53: 0 | AQ53: 0 | AR53: 0 | AS53: 0 | AT53: 0 | AU53: 0 | AV53: 0 | AW53: 0 | AX53: 0
D54: PF Dividend
C55: PD | D55: i) Individual | E55: 0 | F55: 0 | G55: 0 | H55: 0 | I55: 0 | J55: 0 | K55: 0 | L55: 0 | M55: 0 | N55: 0 | O55: 0 | P55: 0 | Q55: 0 | R55: 0 | S55: 0 | T55: 0 | U55: 0 | W55: 0 | X55: 0 | Y55: 0 | Z55: 0 | AA55: 0 | AB55: 0 | AC55: 0 | AD55: 0 | AE55: 0 | AF55: 0 | AG55: 0 | AH55: 0 | AI55: 0 | AJ55: 0 | AK55: 0 | AL55: 0 | AM55: 0 | AN55: 0 | AO55: 0 | AP55: 0 | AQ55: 0 | AR55: 0 | AS55: 0 | AT55: 0 | AU55: 0 | AV55: 0 | AW55: 0 | AX55: 0
C56: PD | D56: ii) Non-Individual | E56: 0 | F56: 0 | G56: 0 | H56: 0 | I56: 0 | J56: 0 | K56: 0 | L56: 0 | M56: 0 | N56: 0 | O56: 0 | P56: 0 | Q56: 0 | R56: 0 | S56: 0 | T56: 0 | U56: 0 | W56: 0 | X56: 0 | Y56: 0 | Z56: 0 | AA56: 0 | AB56: 0 | AC56: 0 | AD56: 0 | AE56: 0 | AF56: 0 | AG56: 0 | AH56: 0 | AI56: 0 | AJ56: 0 | AK56: 0 | AL56: 0 | AM56: 0 | AN56: 0 | AO56: 0 | AP56: 0 | AQ56: 0 | AR56: 0 | AS56: 0 | AT56: 0 | AU56: 0 | AV56: 0 | AW56: 0 | AX56: 0
D57: Monthly Dividend
C58: RM | D58: i) Individual | E58: 0 | F58: 0 | G58: 0 | H58: 0 | I58: 0 | J58: 0.21667953 | K58: 0 | L58: 0 | M58: 0 | N58: 0 | O58: 0 | P58: 0 | Q58: 0.11884239 | R58: 0.16333329 | S58: 0 | T58: 0 | U58: 0.06686788 | W58: 0 | X58: 0 | Y58: 0 | Z58: 0 | AA58: 0 | AB58: 0 | AC58: 0 | AD58: 0 | AE58: 0 | AF58: 0 | AG58: 0 | AH58: 0 | AI58: 0 | AJ58: 0 | AK58: 0 | AL58: 0 | AM58: 0 | AN58: 0 | AO58: 0 | AP58: 0 | AQ58: 0 | AR58: 0 | AS58: 0 | AT58: 0 | AU58: 0 | AV58: 0 | AW58: 0 | AX58: 0
C59: RM | D59: ii) Non-Individual | E59: 0 | F59: 0 | G59: 0 | H59: 0 | I59: 0 | J59: 0.20074944 | K59: 0 | L59: 0 | M59: 0 | N59: 0 | O59: 0 | P59: 0 | Q59: 0.11010522 | R59: 0.1513252 | S59: 0 | T59: 0 | U59: 0.06195182 | W59: 0 | X59: 0 | Y59: 0 | Z59: 0 | AA59: 0 | AB59: 0 | AC59: 0 | AD59: 0 | AE59: 0 | AF59: 0 | AG59: 0 | AH59: 0 | AI59: 0 | AJ59: 0 | AK59: 0 | AL59: 0 | AM59: 0 | AN59: 0 | AO59: 0 | AP59: 0 | AQ59: 0 | AR59: 0 | AS59: 0 | AT59: 0 | AU59: 0 | AV59: 0 | AW59: 0 | AX59: 0
D60: Quarterly Dividend
C61: RQ | D61: i) Individual | E61: 0 | F61: 0 | G61: 0 | H61: 0 | I61: 0 | J61: 0.21667953 | K61: 0 | L61: 0 | M61: 0 | N61: 0 | O61: 0 | P61: 0 | Q61: 0 | R61: 0 | S61: 0 | T61: 0.09381867 | U61: 0 | W61: 0.09411116 | X61: 0 | Y61: 0 | Z61: 0 | AA61: 0 | AB61: 0 | AC61: 0 | AD61: 0 | AE61: 0 | AF61: 0 | AG61: 0 | AH61: 0 | AI61: 0 | AJ61: 0 | AK61: 0 | AL61: 0 | AM61: 0 | AN61: 0 | AO61: 0 | AP61: 0 | AQ61: 0 | AR61: 0 | AS61: 0 | AT61: 0 | AU61: 0 | AV61: 0 | AW61: 0 | AX61: 0
C62: RQ | D62: ii) Non-Individual | E62: 0 | F62: 0 | G62: 0 | H62: 0 | I62: 0 | J62: 0.20074946 | K62: 0 | L62: 0 | M62: 0 | N62: 0 | O62: 0 | P62: 0 | Q62: 0 | R62: 0 | S62: 0 | T62: 0.08692121 | U62: 0 | W62: 0.08719218 | X62: 0 | Y62: 0 | Z62: 0 | AA62: 0 | AB62: 0 | AC62: 0 | AD62: 0 | AE62: 0 | AF62: 0 | AG62: 0 | AH62: 0 | AI62: 0 | AJ62: 0 | AK62: 0 | AL62: 0 | AM62: 0 | AN62: 0 | AO62: 0 | AP62: 0 | AQ62: 0 | AR62: 0 | AS62: 0 | AT62: 0 | AU62: 0 | AV62: 0 | AW62: 0 | AX62: 0
D63: Yearly Dividend
C64: RY | D64: i) Individual | E64: 0 | F64: 0 | G64: 0 | H64: 0 | I64: 0 | J64: 0.43335901 | K64: 0 | L64: 0 | M64: 0 | N64: 0 | O64: 0 | P64: 0 | Q64: 0 | R64: 0 | S64: 0 | T64: 0 | U64: 0 | W64: 0 | X64: 0 | Y64: 0 | Z64: 0 | AA64: 0 | AB64: 0 | AC64: 0 | AD64: 0 | AE64: 0 | AF64: 0 | AG64: 0 | AH64: 0 | AI64: 0 | AJ64: 0 | AK64: 0 | AL64: 0 | AM64: 0 | AN64: 0 | AO64: 0 | AP64: 0 | AQ64: 0 | AR64: 0 | AS64: 0 | AT64: 0 | AU64: 0 | AV64: 0 | AW64: 0 | AX64: 0
C65: RY | D65: ii) Non-Individual | E65: 0 | F65: 0 | G65: 0 | H65: 0 | I65: 0 | J65: 0.40149893 | K65: 0 | L65: 0 | M65: 0 | N65: 0 | O65: 0 | P65: 0 | Q65: 0 | R65: 0 | S65: 0 | T65: 0 | U65: 0 | W65: 0 | X65: 0 | Y65: 0 | Z65: 0 | AA65: 0 | AB65: 0 | AC65: 0 | AD65: 0 | AE65: 0 | AF65: 0 | AG65: 0 | AH65: 0 | AI65: 0 | AJ65: 0 | AK65: 0 | AL65: 0 | AM65: 0 | AN65: 0 | AO65: 0 | AP65: 0 | AQ65: 0 | AR65: 0 | AS65: 0 | AT65: 0 | AU65: 0 | AV65: 0 | AW65: 0 | AX65: 0
D66: Direct Daily Dividend
C67: ZD | D67: i) Individual | E67: 0 | F67: 0.7 | G67: 0 | H67: 0.875 | I67: 1 | J67: 0 | K67: 0 | L67: 0.21667953 | M67: 0 | N67: 26.678461 | O67: 0 | P67: 0 | Q67: 0.24506454 | R67: 0.25943821 | S67: 0 | T67: 0 | U67: 0 | W67: 0 | X67: 0 | Y67: 0 | Z67: 0 | AA67: 0 | AB67: 0 | AC67: 1.8557974 | AD67: 0 | AE67: 0 | AF67: 0 | AG67: 0 | AH67: 0 | AI67: 0.99959543 | AJ67: 1.6146491 | AK67: 0 | AL67: 1.9824562 | AM67: 0 | AN67: 0 | AO67: 0 | AP67: 1.6666973 | AQ67: 0.65 | AR67: 0 | AS67: 0 | AT67: 0 | AU67: 0 | AV67: 0 | AW67: 0 | AX67: 0
C68: ZD | D68: ii) Non-Individual | E68: 0 | F68: 0.7 | G68: 0 | H68: 0.875 | I68: 1 | J68: 0 | K68: 0 | L68: 0.20074946 | M68: 0 | N68: 24.717086 | O68: 0 | P68: 0 | Q68: 0.22704767 | R68: 0.24036454 | S68: 0 | T68: 0 | U68: 0 | W68: 0 | X68: 0 | Y68: 0 | Z68: 0 | AA68: 0 | AB68: 0 | AC68: 1.7193608 | AD68: 0 | AE68: 0 | AF68: 0 | AG68: 0 | AH68: 0 | AI68: 0.99959543 | AJ68: 1.4959415 | AK68: 0 | AL68: 1.8367077 | AM68: 0 | AN68: 0 | AO68: 0 | AP68: 1.6666973 | AQ68: 0.65 | AR68: 0 | AS68: 0 | AT68: 0 | AU68: 0 | AV68: 0 | AW68: 0 | AX68: 0
D69: Direct Weekly Dividend
C70: ZW | D70: i) Individual | E70: 0 | F70: 0 | G70: 0 | H70: 0 | I70: 0 | J70: 0 | K70: 0 | L70: 0 | M70: 0 | N70: 0 | O70: 0 | P70: 0 | Q70: 0.26924973 | R70: 0.19636762 | S70: 0 | T70: 0 | U70: 0 | W70: 0 | X70: 0 | Y70: 0 | Z70: 0 | AA70: 0 | AB70: 0 | AC70: 0 | AD70: 0 | AE70: 0 | AF70: 0 | AG70: 0 | AH70: 0 | AI70: 0 | AJ70: 0 | AK70: 0 | AL70: 0 | AM70: 0 | AN70: 0 | AO70: 0 | AP70: 0 | AQ70: 0 | AR70: 0 | AS70: 0 | AT70: 0 | AU70: 0 | AV70: 0 | AW70: 0 | AX70: 0
C71: ZW | D71: ii) Non-Individual | E71: 0 | F71: 0 | G71: 0 | H71: 0 | I71: 0 | J71: 0 | K71: 0 | L71: 0 | M71: 0 | N71: 0 | O71: 0 | P71: 0 | Q71: 0.24945474 | R71: 0.18193085 | S71: 0 | T71: 0 | U71: 0 | W71: 0 | X71: 0 | Y71: 0 | Z71: 0 | AA71: 0 | AB71: 0 | AC71: 0 | AD71: 0 | AE71: 0 | AF71: 0 | AG71: 0 | AH71: 0 | AI71: 0 | AJ71: 0 | AK71: 0 | AL71: 0 | AM71: 0 | AN71: 0 | AO71: 0 | AP71: 0 | AQ71: 0 | AR71: 0 | AS71: 0 | AT71: 0 | AU71: 0 | AV71: 0 | AW71: 0 | AX71: 0
D72: Direct Monthly Dividend
C73: ZM | D73: i) Individual | E73: 0 | F73: 0 | G73: 0 | H73: 0 | I73: 0 | J73: 0.21667953 | K73: 0 | L73: 0 | M73: 0 | N73: 0 | O73: 0 | P73: 0 | Q73: 0 | R73: 0.19235033 | S73: 0 | T73: 0 | U73: 0.06868742 | W73: 0 | X73: 0 | Y73: 0 | Z73: 0 | AA73: 0 | AB73: 0 | AC73: 0 | AD73: 0 | AE73: 0 | AF73: 0 | AG73: 0 | AH73: 0 | AI73: 0 | AJ73: 0 | AK73: 0 | AL73: 0 | AM73: 0 | AN73: 0 | AO73: 0 | AP73: 0 | AQ73: 0 | AR73: 0 | AS73: 0 | AT73: 0 | AU73: 0 | AV73: 0 | AW73: 0 | AX73: 0
C74: ZM | D74: ii) Non-Individual | E74: 0 | F74: 0 | G74: 0 | H74: 0 | I74: 0 | J74: 0.20074944 | K74: 0 | L74: 0 | M74: 0 | N74: 0 | O74: 0 | P74: 0 | Q74: 0 | R74: 0.17820891 | S74: 0 | T74: 0 | U74: 0.06363758 | W74: 0 | X74: 0 | Y74: 0 | Z74: 0 | AA74: 0 | AB74: 0 | AC74: 0 | AD74: 0 | AE74: 0 | AF74: 0 | AG74: 0 | AH74: 0 | AI74: 0 | AJ74: 0 | AK74: 0 | AL74: 0 | AM74: 0 | AN74: 0 | AO74: 0 | AP74: 0 | AQ74: 0 | AR74: 0 | AS74: 0 | AT74: 0 | AU74: 0 | AV74: 0 | AW74: 0 | AX74: 0
D75: Direct Quarterly Dividend
C76: ZQ | D76: i) Individual | E76: 0 | F76: 0 | G76: 0 | H76: 0 | I76: 0 | J76: 0.21667953 | K76: 0 | L76: 0 | M76: 0 | N76: 0 | O76: 0 | P76: 0 | Q76: 0 | R76: 0 | S76: 0 | T76: 0.09598904 | U76: 0 | W76: 0.09880588 | X76: 0 | Y76: 0 | Z76: 0 | AA76: 0 | AB76: 0 | AC76: 0 | AD76: 0 | AE76: 0 | AF76: 0 | AG76: 0 | AH76: 0 | AI76: 0 | AJ76: 0 | AK76: 0 | AL76: 0 | AM76: 0 | AN76: 0 | AO76: 0 | AP76: 0 | AQ76: 0 | AR76: 0 | AS76: 0 | AT76: 0 | AU76: 0 | AV76: 0 | AW76: 0 | AX76: 0
C77: ZQ | D77: ii) Non-Individual | E77: 0 | F77: 0 | G77: 0 | H77: 0 | I77: 0 | J77: 0.20074946 | K77: 0 | L77: 0 | M77: 0 | N77: 0 | O77: 0 | P77: 0 | Q77: 0 | R77: 0 | S77: 0 | T77: 0.08893201 | U77: 0 | W77: 0.09154176 | X77: 0 | Y77: 0 | Z77: 0 | AA77: 0 | AB77: 0 | AC77: 0 | AD77: 0 | AE77: 0 | AF77: 0 | AG77: 0 | AH77: 0 | AI77: 0 | AJ77: 0 | AK77: 0 | AL77: 0 | AM77: 0 | AN77: 0 | AO77: 0 | AP77: 0 | AQ77: 0 | AR77: 0 | AS77: 0 | AT77: 0 | AU77: 0 | AV77: 0 | AW77: 0 | AX77: 0
D78: Direct Yearly Dividend
C79: ZY | D79: i) Individual | E79: 0 | F79: 0 | G79: 0 | H79: 0 | I79: 0 | J79: 0.43335901 | K79: 0 | L79: 0 | M79: 0 | N79: 0 | O79: 0 | P79: 0 | Q79: 0 | R79: 0 | S79: 0 | T79: 0 | U79: 0 | W79: 0 | X79: 0 | Y79: 0 | Z79: 0 | AA79: 0 | AB79: 0 | AC79: 0 | AD79: 0 | AE79: 0 | AF79: 0 | AG79: 0 | AH79: 0 | AI79: 0 | AJ79: 0 | AK79: 0 | AL79: 0 | AM79: 0 | AN79: 0 | AO79: 0 | AP79: 0 | AQ79: 0 | AR79: 0 | AS79: 0 | AT79: 0 | AU79: 0 | AV79: 0 | AW79: 0 | AX79: 0
C80: ZY | D80: ii) Non-Individual | E80: 0 | F80: 0 | G80: 0 | H80: 0 | I80: 0 | J80: 0.40149893 | K80: 0 | L80: 0 | M80: 0 | N80: 0 | O80: 0 | P80: 0 | Q80: 0 | R80: 0 | S80: 0 | T80: 0 | U80: 0 | W80: 0 | X80: 0 | Y80: 0 | Z80: 0 | AA80: 0 | AB80: 0 | AC80: 0 | AD80: 0 | AE80: 0 | AF80: 0 | AG80: 0 | AH80: 0 | AI80: 0 | AJ80: 0 | AK80: 0 | AL80: 0 | AM80: 0 | AN80: 0 | AO80: 0 | AP80: 0 | AQ80: 0 | AR80: 0 | AS80: 0 | AT80: 0 | AU80: 0 | AV80: 0 | AW80: 0 | AX80: 0
E81: 0 | F81: 2.4 | G81: 0 | H81: 1.5 | I81: 2 | J81: 3.3394321 | K81: 0.55657204 | L81: 0.83485804 | M81: 0 | N81: 99.097349 | O81: 0 | P81: 0 | Q81: 2.4428062 | R81: 2.6556837 | S81: 0 | T81: 0.79319894 | U81: 0.81331075 | V81: 1.5240334 | W81: 0.79325429 | X81: 0 | Y81: 0 | Z81: 0 | AA81: 0 | AB81: 0 | AC81: 6.8824973 | AD81: 0 | AE81: 0 | AF81: 0 | AG81: 2.3453911 | AH81: 3.1720658 | AI81: 3.792358 | AJ81: 0 | AK81: 0 | AL81: 0 | AM81: 0 | AN81: 0 | AO81: 0 | AP81: 0 | AQ81: 2 | AR81: 0 | AS81: 0 | AT81: 0 | AU81: 0 | AV81: 0 | AW81: 0 | AX81: 0
D82: INCOME
C83: 5.1 | D83: Dividend (Rs. In crores) | E83: =+(SUMIF('TB Mar18'!$E:$E,E$4&$C83,'TB Mar18'!$AB:$AB)*-1)-HLOOKUP(E$4,'Sep 2017 HY'!$3:$82,80,0) -> 0.23398555 | F83: =+(SUMIF('TB Mar18'!$E:$E,F$4&$C83,'TB Mar18'!$AB:$AB)*-1)-HLOOKUP(F$4,'Sep 2017 HY'!$3:$82,80,0) -> 0.70399955 | G83: =+(SUMIF('TB Mar18'!$E:$E,G$4&$C83,'TB Mar18'!$AB:$AB)*-1)-HLOOKUP(G$4,'Sep 2017 HY'!$3:$82,80,0) -> 1.2535281 | H83: =+(SUMIF('TB Mar18'!$E:$E,H$4&$C83,'TB Mar18'!$AB:$AB)*-1)-HLOOKUP(H$4,'Sep 2017 HY'!$3:$82,80,0) -> 0.3175329 | I83: =+(SUMIF('TB Mar18'!$E:$E,I$4&$C83,'TB Mar18'!$AB:$AB)*-1)-HLOOKUP(I$4,'Sep 2017 HY'!$3:$82,80,0) -> 0.1716927 | J83: =+(SUMIF('TB Mar18'!$E:$E,J$4&$C83,'TB Mar18'!$AB:$AB)*-1)-HLOOKUP(J$4,'Sep 2017 HY'!$3:$82,80,0) -> 0.0604305 | K83: =+(SUMIF('TB Mar18'!$E:$E,K$4&$C83,'TB Mar18'!$AB:$AB)*-1)-HLOOKUP(K$4,'Sep 2017 HY'!$3:$82,80,0) -> 0 | L83: =+(SUMIF('TB Mar18'!$E:$E,L$4&$C83,'TB Mar18'!$AB:$AB)*-1)-HLOOKUP(L$4,'Sep 2017 HY'!$3:$82,80,0) -> 0 | ... AX83: =+(SUMIF('TB Mar18'!$E:$E,AX$4&$C83,'TB Mar18'!$AB:$AB)*-1)-HLOOKUP(AX$4,'Sep 2017 HY'!$3:$82,80,0) -> 1.483972 | AZ83: 818.95981 | BA83: 7.0000169e-08
C84: 5.2 | D84: Interest (Rs. In crores) | E84: =+(SUMIF('TB Mar18'!$E:$E,E$4&$C84,'TB Mar18'!$AB:$AB)*-1)-HLOOKUP(E$4,'Sep 2017 HY'!$3:$83,81,0) -> 2.2205952 | F84: =+(SUMIF('TB Mar18'!$E:$E,F$4&$C84,'TB Mar18'!$AB:$AB)*-1)-HLOOKUP(F$4,'Sep 2017 HY'!$3:$83,81,0) -> 3.1465017 | G84: =+(SUMIF('TB Mar18'!$E:$E,G$4&$C84,'TB Mar18'!$AB:$AB)*-1)-HLOOKUP(G$4,'Sep 2017 HY'!$3:$83,81,0) -> 0.33329172 | H84: =+(SUMIF('TB Mar18'!$E:$E,H$4&$C84,'TB Mar18'!$AB:$AB)*-1)-HLOOKUP(H$4,'Sep 2017 HY'!$3:$83,81,0) -> 0.46673931 | I84: =+(SUMIF('TB Mar18'!$E:$E,I$4&$C84,'TB Mar18'!$AB:$AB)*-1)-HLOOKUP(I$4,'Sep 2017 HY'!$3:$83,81,0) -> 0.22763143 | J84: =+(SUMIF('TB Mar18'!$E:$E,J$4&$C84,'TB Mar18'!$AB:$AB)*-1)-HLOOKUP(J$4,'Sep 2017 HY'!$3:$83,81,0) -> 3.2093393 | K84: =+(SUMIF('TB Mar18'!$E:$E,K$4&$C84,'TB Mar18'!$AB:$AB)*-1)-HLOOKUP(K$4,'Sep 2017 HY'!$3:$83,81,0) -> 15.699739 | L84: =+(SUMIF('TB Mar18'!$E:$E,L$4&$C84,'TB Mar18'!$AB:$AB)*-1)-HLOOKUP(L$4,'Sep 2017 HY'!$3:$83,81,0) -> 2.7559416 | ... AX84: =+(SUMIF('TB Mar18'!$E:$E,AX$4&$C84,'TB Mar18'!$AB:$AB)*-1)-HLOOKUP(AX$4,'Sep 2017 HY'!$3:$83,81,0) -> 0.020783437 | AZ84: -818.95981
C85: 5.3 | D85: Profit/(loss) on sale/redemption of investments(other than inter scheme | E85: =+(SUMIF('TB Mar18'!$E:$E,E$4&$C85,'TB Mar18'!$AB:$AB)*-1)-HLOOKUP(E$4,'Sep 2017 HY'!$3:$84,82,0) -> 11.91914 | F85: =+(SUMIF('TB Mar18'!$E:$E,F$4&$C85,'TB Mar18'!$AB:$AB)*-1)-HLOOKUP(F$4,'Sep 2017 HY'!$3:$84,82,0) -> 5.9718015 | G85: =+(SUMIF('TB Mar18'!$E:$E,G$4&$C85,'TB Mar18'!$AB:$AB)*-1)-HLOOKUP(G$4,'Sep 2017 HY'!$3:$84,82,0) -> 13.096678 | H85: =+(SUMIF('TB Mar18'!$E:$E,H$4&$C85,'TB Mar18'!$AB:$AB)*-1)-HLOOKUP(H$4,'Sep 2017 HY'!$3:$84,82,0) -> 12.00747 | I85: =+(SUMIF('TB Mar18'!$E:$E,I$4&$C85,'TB Mar18'!$AB:$AB)*-1)-HLOOKUP(I$4,'Sep 2017 HY'!$3:$84,82,0) -> 4.3119881 | J85: =+(SUMIF('TB Mar18'!$E:$E,J$4&$C85,'TB Mar18'!$AB:$AB)*-1)-HLOOKUP(J$4,'Sep 2017 HY'!$3:$84,82,0) -> 2.0430917 | K85: =+(SUMIF('TB Mar18'!$E:$E,K$4&$C85,'TB Mar18'!$AB:$AB)*-1)-HLOOKUP(K$4,'Sep 2017 HY'!$3:$84,82,0) -> -8.7637159 | L85: =+(SUMIF('TB Mar18'!$E:$E,L$4&$C85,'TB Mar18'!$AB:$AB)*-1)-HLOOKUP(L$4,'Sep 2017 HY'!$3:$84,82,0) -> -2.4747821 | ... AX85: =+(SUMIF('TB Mar18'!$E:$E,AX$4&$C85,'TB Mar18'!$AB:$AB)*-1)-HLOOKUP(AX$4,'Sep 2017 HY'!$3:$84,82,0) -> 0.49905378
D86: transfer/sale) including MTM gain/loss (Rs. In crores)
C87: 5.4 | D87: Profit/(loss) on inter-scheme transfer/sale of investment (Rs. In crores) | E87: =+(SUMIF('TB Mar18'!$E:$E,E$4&$C87,'TB Mar18'!$AB:$AB)*-1)-HLOOKUP(E$4,'Sep 2017 HY'!$3:$86,84,0) -> 0 | F87: =+(SUMIF('TB Mar18'!$E:$E,F$4&$C87,'TB Mar18'!$AB:$AB)*-1)-HLOOKUP(F$4,'Sep 2017 HY'!$3:$86,84,0) -> -0.27986112 | G87: =+(SUMIF('TB Mar18'!$E:$E,G$4&$C87,'TB Mar18'!$AB:$AB)*-1)-HLOOKUP(G$4,'Sep 2017 HY'!$3:$86,84,0) -> 0 | H87: =+(SUMIF('TB Mar18'!$E:$E,H$4&$C87,'TB Mar18'!$AB:$AB)*-1)-HLOOKUP(H$4,'Sep 2017 HY'!$3:$86,84,0) -> 0 | I87: =+(SUMIF('TB Mar18'!$E:$E,I$4&$C87,'TB Mar18'!$AB:$AB)*-1)-HLOOKUP(I$4,'Sep 2017 HY'!$3:$86,84,0) -> 0 | J87: =+(SUMIF('TB Mar18'!$E:$E,J$4&$C87,'TB Mar18'!$AB:$AB)*-1)-HLOOKUP(J$4,'Sep 2017 HY'!$3:$86,84,0) -> -0.10500984 | K87: =+(SUMIF('TB Mar18'!$E:$E,K$4&$C87,'TB Mar18'!$AB:$AB)*-1)-HLOOKUP(K$4,'Sep 2017 HY'!$3:$86,84,0) -> -0.033803072 | L87: =+(SUMIF('TB Mar18'!$E:$E,L$4&$C87,'TB Mar18'!$AB:$AB)*-1)-HLOOKUP(L$4,'Sep 2017 HY'!$3:$86,84,0) -> -0.56698441 | ... AX87: =+(SUMIF('TB Mar18'!$E:$E,AX$4&$C87,'TB Mar18'!$AB:$AB)*-1)-HLOOKUP(AX$4,'Sep 2017 HY'!$3:$86,84,0) -> 0
C89: 5.5 | D89: Other Income (indicating nature) (Rs. In Crores) | E89: =+(SUMIF('TB Mar18'!$E:$E,E$4&$C89,'TB Mar18'!$AB:$AB)*-1)-HLOOKUP(E$4,'Sep 2017 HY'!$3:$88,86,0) -> 0.000924325 | F89: =+(SUMIF('TB Mar18'!$E:$E,F$4&$C89,'TB Mar18'!$AB:$AB)*-1)-HLOOKUP(F$4,'Sep 2017 HY'!$3:$88,86,0) -> 0.11472437 | G89: =+(SUMIF('TB Mar18'!$E:$E,G$4&$C89,'TB Mar18'!$AB:$AB)*-1)-HLOOKUP(G$4,'Sep 2017 HY'!$3:$88,86,0) -> 0.01625838 | H89: =+(SUMIF('TB Mar18'!$E:$E,H$4&$C89,'TB Mar18'!$AB:$AB)*-1)-HLOOKUP(H$4,'Sep 2017 HY'!$3:$88,86,0) -> 0.034088939 | I89: =+(SUMIF('TB Mar18'!$E:$E,I$4&$C89,'TB Mar18'!$AB:$AB)*-1)-HLOOKUP(I$4,'Sep 2017 HY'!$3:$88,86,0) -> 1.4563e-05 | J89: =+(SUMIF('TB Mar18'!$E:$E,J$4&$C89,'TB Mar18'!$AB:$AB)*-1)-HLOOKUP(J$4,'Sep 2017 HY'!$3:$88,86,0) -> 0.041757322 | K89: =+(SUMIF('TB Mar18'!$E:$E,K$4&$C89,'TB Mar18'!$AB:$AB)*-1)-HLOOKUP(K$4,'Sep 2017 HY'!$3:$88,86,0) -> 0.021880594 | L89: =+(SUMIF('TB Mar18'!$E:$E,L$4&$C89,'TB Mar18'!$AB:$AB)*-1)-HLOOKUP(L$4,'Sep 2017 HY'!$3:$88,86,0) -> -0.03734515 | ... AX89: =+(SUMIF('TB Mar18'!$E:$E,AX$4&$C89,'TB Mar18'!$AB:$AB)*-1)-HLOOKUP(AX$4,'Sep 2017 HY'!$3:$88,86,0) -> 7.4302e-05
C91: 5.6 | D91: Total Income (5.1 to 5.5) (Rs. In Crores) | E91: =+E83+E84+E85+E89 -> 14.374645 | F91: =+F83+F84+F85+F89 -> 9.9370272 | G91: =+G83+G84+G85+G89 -> 14.699756 | H91: =+H83+H84+H85+H89 -> 12.825831 | I91: =+I83+I84+I85+I89 -> 4.7113268 | J91: =+J83+J84+J85+J89 -> 5.3546188 | K91: =+K83+K84+K85+K89 -> 6.9579035 | L91: =+L83+L84+L85+L89 -> 0.24381433 | ... AX91: =+AX83+AX84+AX85+AX89 -> 2.0038835 | AZ91: 818.95981
D93: EXPENSES
C94: 6.1 | D94: Management Fees (incl of Service Tax) (Rs. In Crores) | E94: =SUMIF('TB Mar18'!$D:$D,E$4&$C94,'TB Mar18'!$AB:$AB)-HLOOKUP(E$4,'Sep 2017 HY'!$3:$93,91,0) -> 2.3807958 | F94: =SUMIF('TB Mar18'!$D:$D,F$4&$C94,'TB Mar18'!$AB:$AB)-HLOOKUP(F$4,'Sep 2017 HY'!$3:$93,91,0) -> 1.4007155 | G94: =SUMIF('TB Mar18'!$D:$D,G$4&$C94,'TB Mar18'!$AB:$AB)-HLOOKUP(G$4,'Sep 2017 HY'!$3:$93,91,0) -> 3.5999193 | H94: =SUMIF('TB Mar18'!$D:$D,H$4&$C94,'TB Mar18'!$AB:$AB)-HLOOKUP(H$4,'Sep 2017 HY'!$3:$93,91,0) -> 2.3116169 | I94: =SUMIF('TB Mar18'!$D:$D,I$4&$C94,'TB Mar18'!$AB:$AB)-HLOOKUP(I$4,'Sep 2017 HY'!$3:$93,91,0) -> 1.2698011 | J94: =SUMIF('TB Mar18'!$D:$D,J$4&$C94,'TB Mar18'!$AB:$AB)-HLOOKUP(J$4,'Sep 2017 HY'!$3:$93,91,0) -> 1.1727152 | K94: =SUMIF('TB Mar18'!$D:$D,K$4&$C94,'TB Mar18'!$AB:$AB)-HLOOKUP(K$4,'Sep 2017 HY'!$3:$93,91,0) -> 1.3746003 | L94: =SUMIF('TB Mar18'!$D:$D,L$4&$C94,'TB Mar18'!$AB:$AB)-HLOOKUP(L$4,'Sep 2017 HY'!$3:$93,91,0) -> 0.7245329 | ... S94: =SUMIF('TB Mar18'!$D:$D,S$4&$C94,'TB Mar18'!$AB:$AB)-HLOOKUP(S$4,'Sep 2017 HY'!$3:$93,91,0) -> 0.6277575 | T94: =(SUMIF('TB Mar18'!$D:$D,T$4&$C94,'TB Mar18'!$AB:$AB)-HLOOKUP(T$4,'Sep 2017 HY'!$3:$93,91,0))*0 -> 0 | U94: =(SUMIF('TB Mar18'!$D:$D,U$4&$C94,'TB Mar18'!$AB:$AB)-HLOOKUP(U$4,'Sep 2017 HY'!$3:$93,91,0))*0 -> 0 | V94: =(SUMIF('TB Mar18'!$D:$D,V$4&$C94,'TB Mar18'!$AB:$AB)-HLOOKUP(V$4,'Sep 2017 HY'!$3:$93,91,0))*0 -> 0 | W94: =(SUMIF('TB Mar18'!$D:$D,W$4&$C94,'TB Mar18'!$AB:$AB)-HLOOKUP(W$4,'Sep 2017 HY'!$3:$93,91,0))*0 -> 0 | X94: =SUMIF('TB Mar18'!$D:$D,X$4&$C94,'TB Mar18'!$AB:$AB)-HLOOKUP(X$4,'Sep 2017 HY'!$3:$93,91,0) -> #VALUE! | Y94: =SUMIF('TB Mar18'!$D:$D,Y$4&$C94,'TB Mar18'!$AB:$AB)-HLOOKUP(Y$4,'Sep 2017 HY'!$3:$93,91,0) -> #VALUE! | Z94: =SUMIF('TB Mar18'!$D:$D,Z$4&$C94,'TB Mar18'!$AB:$AB)-HLOOKUP(Z$4,'Sep 2017 HY'!$3:$93,91,0) -> #VALUE! | AA94: =SUMIF('TB Mar18'!$D:$D,AA$4&$C94,'TB Mar18'!$AB:$AB)-HLOOKUP(AA$4,'Sep 2017 HY'!$3:$93,91,0) -> 0.19858966 | AB94: =SUMIF('TB Mar18'!$D:$D,AB$4&$C94,'TB Mar18'!$AB:$AB)-HLOOKUP(AB$4,'Sep 2017 HY'!$3:$93,91,0) -> #VALUE! | AC94: =SUMIF('TB Mar18'!$D:$D,AC$4&$C94,'TB Mar18'!$AB:$AB)-HLOOKUP(AC$4,'Sep 2017 HY'!$3:$93,91,0) -> -0.14233427 | AD94: =SUMIF('TB Mar18'!$D:$D,AD$4&$C94,'TB Mar18'!$AB:$AB)-HLOOKUP(AD$4,'Sep 2017 HY'!$3:$93,91,0) -> -0.005538897 | AE94: =SUMIF('TB Mar18'!$D:$D,AE$4&$C94,'TB Mar18'!$AB:$AB)-HLOOKUP(AE$4,'Sep 2017 HY'!$3:$93,91,0) -> -0.002174963 | ... AX94: =SUMIF('TB Mar18'!$D:$D,AX$4&$C94,'TB Mar18'!$AB:$AB)-HLOOKUP(AX$4,'Sep 2017 HY'!$3:$93,91,0) -> 0.31449136
C95: 6.2 | D95: Trusteeship Fees (Rs. In Crores) | E95: =SUMIF('TB Mar18'!$D:$D,E$4&$C95,'TB Mar18'!$AB:$AB)-HLOOKUP(E$4,'Sep 2017 HY'!$3:$94,92,0) -> 0.001754754 | F95: =SUMIF('TB Mar18'!$D:$D,F$4&$C95,'TB Mar18'!$AB:$AB)-HLOOKUP(F$4,'Sep 2017 HY'!$3:$94,92,0) -> 0.001820629 | G95: =SUMIF('TB Mar18'!$D:$D,G$4&$C95,'TB Mar18'!$AB:$AB)-HLOOKUP(G$4,'Sep 2017 HY'!$3:$94,92,0) -> 0.002536002 | H95: =SUMIF('TB Mar18'!$D:$D,H$4&$C95,'TB Mar18'!$AB:$AB)-HLOOKUP(H$4,'Sep 2017 HY'!$3:$94,92,0) -> 0.00162824 | I95: =SUMIF('TB Mar18'!$D:$D,I$4&$C95,'TB Mar18'!$AB:$AB)-HLOOKUP(I$4,'Sep 2017 HY'!$3:$94,92,0) -> 0.000952802 | J95: =SUMIF('TB Mar18'!$D:$D,J$4&$C95,'TB Mar18'!$AB:$AB)-HLOOKUP(J$4,'Sep 2017 HY'!$3:$94,92,0) -> 0.000796423 | K95: =SUMIF('TB Mar18'!$D:$D,K$4&$C95,'TB Mar18'!$AB:$AB)-HLOOKUP(K$4,'Sep 2017 HY'!$3:$94,92,0) -> 0.003406179 | L95: =SUMIF('TB Mar18'!$D:$D,L$4&$C95,'TB Mar18'!$AB:$AB)-HLOOKUP(L$4,'Sep 2017 HY'!$3:$94,92,0) -> 0.000636749 | ... AX95: =SUMIF('TB Mar18'!$D:$D,AX$4&$C95,'TB Mar18'!$AB:$AB)-HLOOKUP(AX$4,'Sep 2017 HY'!$3:$94,92,0) -> 0.002041158
C96: 6.3 | D96: Total Recurring Expenses (including 6.1 and 6.2) (Rs. In Crores) | E96: =SUMIF('TB Mar18'!$E:$E,E$4&$C96,'TB Mar18'!$AB:$AB)-HLOOKUP(E$4,'Sep 2017 HY'!$3:$95,93,0) -> 3.2906047 | F96: =SUMIF('TB Mar18'!$E:$E,F$4&$C96,'TB Mar18'!$AB:$AB)-HLOOKUP(F$4,'Sep 2017 HY'!$3:$95,93,0) -> 3.9653732 | G96: =SUMIF('TB Mar18'!$E:$E,G$4&$C96,'TB Mar18'!$AB:$AB)-HLOOKUP(G$4,'Sep 2017 HY'!$3:$95,93,0) -> 4.457623 | H96: =SUMIF('TB Mar18'!$E:$E,H$4&$C96,'TB Mar18'!$AB:$AB)-HLOOKUP(H$4,'Sep 2017 HY'!$3:$95,93,0) -> 3.2279812 | I96: =SUMIF('TB Mar18'!$E:$E,I$4&$C96,'TB Mar18'!$AB:$AB)-HLOOKUP(I$4,'Sep 2017 HY'!$3:$95,93,0) -> 2.1133791 | J96: =SUMIF('TB Mar18'!$E:$E,J$4&$C96,'TB Mar18'!$AB:$AB)-HLOOKUP(J$4,'Sep 2017 HY'!$3:$95,93,0) -> 1.4861739 | K96: =SUMIF('TB Mar18'!$E:$E,K$4&$C96,'TB Mar18'!$AB:$AB)-HLOOKUP(K$4,'Sep 2017 HY'!$3:$95,93,0) -> 2.090656 | L96: =SUMIF('TB Mar18'!$E:$E,L$4&$C96,'TB Mar18'!$AB:$AB)-HLOOKUP(L$4,'Sep 2017 HY'!$3:$95,93,0) -> 0.91120004 | ... AX96: =SUMIF('TB Mar18'!$E:$E,AX$4&$C96,'TB Mar18'!$AB:$AB)-HLOOKUP(AX$4,'Sep 2017 HY'!$3:$95,93,0) -> 0.40757524 | AZ96: 51.875721 | BA96: 51.861663 | BB96: 0.014058007
C97: 6.4 | D97: Percentage of Management Fees to daily average net assets(Incl of Service Tax) (annualised) | E97: =+VLOOKUP(E$4,'Exp ratio'!$D:$S,16,0) -> 0.018932313 | F97: =+VLOOKUP(F$4,'Exp ratio'!$D:$S,16,0) -> 0.0095334182 | G97: =+VLOOKUP(G$4,'Exp ratio'!$D:$S,16,0) -> 0.019919746 | H97: =+VLOOKUP(H$4,'Exp ratio'!$D:$S,16,0) -> 0.019870522 | I97: =+VLOOKUP(I$4,'Exp ratio'!$D:$S,16,0) -> 0.017513516 | J97: =+VLOOKUP(J$4,'Exp ratio'!$D:$S,16,0) -> 0.021314313 | K97: =+VLOOKUP(K$4,'Exp ratio'!$D:$S,16,0) -> 0.0063702322 | L97: =+VLOOKUP(L$4,'Exp ratio'!$D:$S,16,0) -> 0.017752475 | ... S97: =+VLOOKUP(S$4,'Exp ratio'!$D:$S,16,0) -> 0.017977008 | T97: =+VLOOKUP(T$4,'Exp ratio'!$D:$S,16,0)*0 -> 0 | U97: =+VLOOKUP(U$4,'Exp ratio'!$D:$S,16,0)*0 -> 0 | V97: =+VLOOKUP(V$4,'Exp ratio'!$D:$S,16,0)*0 -> 0 | W97: =+VLOOKUP(W$4,'Exp ratio'!$D:$S,16,0)*0 -> 0 | X97: =+VLOOKUP(X$4,'Exp ratio'!$D:$S,16,0) -> #N/A | Y97: =+VLOOKUP(Y$4,'Exp ratio'!$D:$S,16,0) -> #N/A | Z97: =+VLOOKUP(Z$4,'Exp ratio'!$D:$S,16,0) -> #N/A | AA97: =+VLOOKUP(AA$4,'Exp ratio'!$D:$S,16,0) -> 0.020560265 | AB97: =+VLOOKUP(AB$4,'Exp ratio'!$D:$S,16,0) -> #N/A | AC97: =+VLOOKUP(AC$4,'Exp ratio'!$D:$S,16,0) -> #N/A | AD97: =+VLOOKUP(AD$4,'Exp ratio'!$D:$S,16,0) -> #N/A | AE97: =+VLOOKUP(AE$4,'Exp ratio'!$D:$S,16,0) -> #N/A | ... AX97: =+VLOOKUP(AX$4,'Exp ratio'!$D:$S,16,0) -> 0.0021560713
C98: 6.5 | D98: Total Recurring Expenses as a percentage of daily average net assets (annualised) | E98: =+VLOOKUP(E$4,'Exp ratio'!$D:$U,18,0) -> 0.026167199 | F98: =+VLOOKUP(F$4,'Exp ratio'!$D:$U,18,0) -> 0.02698875 | G98: =+VLOOKUP(G$4,'Exp ratio'!$D:$U,18,0) -> 0.024665752 | H98: =+VLOOKUP(H$4,'Exp ratio'!$D:$U,18,0) -> 0.027747534 | I98: =+VLOOKUP(I$4,'Exp ratio'!$D:$U,18,0) -> 0.029148424 | J98: =+VLOOKUP(J$4,'Exp ratio'!$D:$U,18,0) -> 0.02701148 | K98: =+VLOOKUP(K$4,'Exp ratio'!$D:$U,18,0) -> 0.0096886085 | L98: =+VLOOKUP(L$4,'Exp ratio'!$D:$U,18,0) -> 0.022326185 | ... AX98: =+VLOOKUP(AX$4,'Exp ratio'!$D:$U,18,0) -> 0.0027942303
C100: 7.1 | D100: Returns during the half-year (%)
A101: 6 Months | B101: RG | D101: Growth | E101: 3.7165924 | F101: 2.8501893 | G101: 4.1006961 | H101: -0.32428607 | I101: 6.2506077 | J101: 2.094133 | K101: -0.061654021 | L101: -0.82355107 | M101: -2.8382928 | N101: 6.7159397 | O101: 4.8650571 | P101: 2.5197975 | Q101: 3.1439819 | R101: 2.3617552 | S101: 5.3146586 | T101: NA | U101: NA | V101: NA | W101: NA | X101: NA | Y101: NA | Z101: NA | AA101: 1.3286155 | AB101: NA | AC101: NA | AD101: NA | AE101: NA | AF101: NA | AG101: NA | AH101: NA | AI101: NA | AJ101: NA | AK101: NA | AL101: NA | AM101: NA | AN101: NA | AO101: -1.0907797 | AP101: NA | AQ101: 4.6278135 | AR101: -4.9261666 | AS101: 1.8462229 | AT101: 1.5784378 | AU101: 1.4738235 | AV101: 3.7527899 | AW101: 5.7318386 | AX101: 3.7246149
A102: 6 Months | B102: ZG | D102: Direct Growth | E102: 4.2965954 | F102: 3.7952735 | G102: 4.4515393 | H102: 0.28558382 | I102: 6.9343562 | J102: 2.4688259 | K102: 0.18624223 | L102: -0.37850942 | M102: -2.3929357 | N102: 6.860659 | O102: 5.1612071 | P102: 2.8018748 | Q102: 3.4205103 | R102: 2.691432 | S102: 5.9951937 | T102: NA | U102: NA | V102: NA | W102: NA | X102: NA | Y102: NA | Z102: NA | AA102: 1.5785706 | AB102: NA | AC102: NA | AD102: NA | AE102: NA | AF102: NA | AG102: NA | AH102: NA | AI102: NA | AJ102: NA | AK102: NA | AL102: NA | AM102: NA | AN102: NA | AO102: NA | AP102: NA | AQ102: 5.693695 | AR102: -4.0999359 | AS102: 2.4350431 | AT102: 2.0954411 | AU102: 1.9866378 | AV102: NA | AW102: NA | AX102: NA
C104: 7.2 | D104: Compounded Annualised Yield in case of schemes in existence for more than 1 Year.
D105: (i) Last 1 year %
A106: 1 Year | B106: RG | D106: Growth | E106: 10.5805 | F106: 2.6146 | G106: 2.2656 | H106: 8.2326 | I106: 14.727 | J106: 4.2316 | K106: 3.3846 | L106: 2.0164 | M106: -2.2759 | N106: 6.7177 | O106: 10.8332 | P106: 9.7336 | Q106: 6.5838 | R106: 5.7412 | S106: 12.1808 | T106: NA | U106: NA | V106: NA | W106: NA | X106: NA | Y106: NA | Z106: NA | AA106: 2.9409 | AB106: NA | AC106: NA | AD106: NA | AE106: NA | AF106: NA | AG106: NA | AH106: NA | AI106: NA | AJ106: NA | AK106: NA | AL106: NA | AM106: NA | AN106: NA | AO106: 1.7964 | AP106: NA | AQ106: 13.4565 | AR106: -5.3519 | AS106: 5.2179 | AT106: 4.6599 | AU106: 4.4042 | AV106: 11.6512 | AW106: 12.7755 | AX106: 12.0833
A107: 1 Year | B107: ZG | D107: Direct Growth | E107: 11.9586 | F107: 4.1734 | G107: 3.2141 | H107: 9.5876 | I107: 16.2181 | J107: 5.0638 | K107: 3.8948 | L107: 2.8738 | M107: -1.4018 | N107: 6.8672 | O107: 11.4653 | P107: 10.3469 | Q107: 7.2498 | R107: 6.4535 | S107: 13.645 | T107: NA | U107: NA | V107: NA | W107: NA | X107: NA | Y107: NA | Z107: NA | AA107: 3.456 | AB107: NA | AC107: NA | AD107: NA | AE107: NA | AF107: NA | AG107: NA | AH107: NA | AI107: NA | AJ107: NA | AK107: NA | AL107: NA | AM107: NA | AN107: NA | AO107: NA | AP107: NA | AQ107: 15.5948 | AR107: -3.6769 | AS107: 6.4568 | AT107: 5.7428 | AU107: 5.4757 | AV107: NA | AW107: NA | AX107: NA
D108: (ii) Last 3 years %
A109: 3 Years | B109: RG | D109: Growth | E109: 4.9055 | F109: 2.3634 | G109: 1.8253 | H109: 4.304 | I109: 7.187 | J109: 5.959 | K109: 5.9834 | L109: 5.8652 | M109: 3.8696 | N109: 7.3704 | O109: 5.2152 | P109: 5.7205 | Q109: 7.3669 | R109: 6.5991 | S109: 5.1433 | T109: NA | U109: NA | V109: NA | W109: NA | X109: NA | Y109: NA | Z109: NA | AA109: 4.2577 | AB109: NA | AC109: NA | AD109: NA | AE109: NA | AF109: NA | AG109: NA | AH109: NA | AI109: NA | AJ109: NA | AK109: NA | AL109: NA | AM109: NA | AN109: NA | AO109: 6.836 | AP109: NA | AQ109: 13.0484 | AR109: 1.4725 | AS109: NA | AT109: NA | AU109: NA | AV109: NA | AW109: NA | AX109: NA
A110: 3 Years | B110: ZG | D110: Direct Growth | E110: 5.9278 | F110: 3.4436 | G110: 2.5448 | H110: 5.3807 | I110: 8.1455 | J110: 6.8573 | K110: 6.5131 | L110: 6.916 | M110: 4.9359 | N110: 7.507 | O110: 5.8046 | P110: 6.2762 | Q110: 8.2033 | R110: 7.2986 | S110: 6.4496 | T110: NA | U110: NA | V110: NA | W110: NA | X110: NA | Y110: NA | Z110: NA | AA110: 4.78 | AB110: NA | AC110: NA | AD110: NA | AE110: NA | AF110: NA | AG110: NA | AH110: NA | AI110: NA | AJ110: NA | AK110: NA | AL110: NA | AM110: NA | AN110: NA | AO110: NA | AP110: NA | AQ110: 14.4314 | AR110: 2.4852 | AS110: NA | AT110: NA | AU110: NA | AV110: NA | AW110: NA | AX110: NA
D111: (iii) Last 5 years %
A112: 5 Years | B112: RG | D112: Growth | E112: 11.4295 | F112: 9.9615 | G112: 10.864 | H112: 13.7899 | I112: 17.001 | J112: 7.5722 | K112: 7.0262 | L112: 6.7255 | M112: 10.2945 | N112: 8.0572 | O112: 11.4982 | P112: 11.9363 | Q112: 7.8247 | R112: 7.0299 | S112: 13.243 | T112: NA | U112: NA | V112: NA | W112: NA | X112: NA | Y112: NA | Z112: NA | AA112: NA | AB112: NA | AC112: NA | AD112: NA | AE112: NA | AF112: NA | AG112: NA | AH112: NA | AI112: NA | AJ112: NA | AK112: NA | AL112: NA | AM112: NA | AN112: NA | AO112: NA | AP112: NA | AQ112: NA | AR112: NA | AS112: NA | AT112: NA | AU112: NA | AV112: NA | AW112: NA | AX112: NA
...

Sheet Notes to Accounts
B1: Notes to accounts
A3: 1 | B3: Effect of changes in accounting policies - | C3: There has been no change in the accounting policy during the half-year ended March 31, 2018.
C4: Valuation of securities has been done on the basis of the valuation principles laid down by SEBI (Mutual Funds) Regulations, 1996 amended upto date
A6: 2 | B6: Details of transactions with associates in terms of regulation 25(8)
A7: (a) | B7: Commission Paid to asssociates parties/group companies of sponsor/AMC as on March 31, 2018 - ANNEXURE 1
A9: ( b) | B9: Brokerage paid to associate/related parties/group companies of Sponsor/AMC :
B11: Name of associate/related parties/group companies of Sponsor/AMC | C11: Nature of Association/Nature of relation | D11: Scheme Name | E11: Period covered | F11: Value of transaction (Rs) | G11: % of total value of transaction of the fund | H11: Brokerage (Rs) | I11: % of total brokerage paid by the fund
B12: NIL | C12: NIL | D12: NIL | E12: October 01, 2017 to March 31, 2018 | F12: NIL | G12: NIL | H12: NIL | I12: NIL
B15: NIL | C15: NIL | D15: NIL | E15: April 01, 2017 to September 30, 2017 | F15: NIL | G15: NIL | H15: NIL | I15: NIL
A19: ( c) | B19: Charges paid to associate/related parties/group companies of Sponsor/AMC :
B21: Name of associate/related parties/group companies of Sponsor/AMC | C21: Nature of Association/Nature of relation | D21: Scheme Name | E21: Period covered | F21: Bank charges paid by the fund Amt in Rs.
E23: October 01, 2017 to March 31, 2018
B24: ICICI BANK LIMITED | C24: Group company Associate
D25: LIC MF Bond Fund | F25: 121.48
D26: LIC MF Banking And Financial Services Fund | F26: 2338.29
D27: LIC MF Balanced Fund | F27: 2780.93
D28: LIC MF Childrens Gift Fund | F28: 235.47
D29: LIC MF Equity Fund | F29: 7772.05
D30: LIC MF Growth Fund | F30: 12026.01
D31: LIC MF-Index Sensex Plan | F31: 627.27
D32: LIC MF-Index Nifty Plan | F32: 1333.52
D33: LIC MF Infrastructure Fund | F33: 1832.15
D34: LIC MF Liquid Fund | F34: 2117.86
D35: LIC MF Income Plus Fund | F35: 7883.97
D36: LIC MF Midcap Fund | F36: 7585.7
... D39: LIC MF Unit Linked Ins scheme | F39: 11727.01
E42: April 01, 2017 to September 30, 2017
B43: ICICI BANK LIMITED | C43: Group company Associate
D44: LIC MF Equity Fund | F44: 7450.59
D45: LIC MF Growth Fund | F45: 11132.96
D46: LIC MF Balanced Fund | F46: 2602.81
D47: LIC MF Banking And Financial Services Fund | F47: 2059.87
D48: LIC MF Bond Fund | F48: 135.99
D49: LIC MF Childrens Fund | F49: 221.69
D50: LIC MF GOVT SECURITIES FUND | F50: 14.19
D51: LIC MF Income Plus Fund | F51: 6964.84
D52: LIC MF Infrastructure Fund | F52: 1865.65
D53: LIC MF Liquid Fund | F53: 1952.1
D54: LIC MF Midcap Fund | F54: 6858.21
D55: LIC MF Savings Plus Fund | F55: 24492.11
... D59: LIC MF-Index Sensex Plan | F59: 600.68
A62: 3 | B62: Details of investments made in companies which have invested more then 5% of the NAV of a scheme in terms of Regulation 25(11) - ANNEXURE 2
A64: 4 | B64: Details of large holdings (over 25% of the NAV of the Scheme) :
B66: Name of the scheme | C66: Investor Name | D66: %
B67: GL-LIC MF GILT FUND | C67: SPECIAL UNIT SCHEME LICMF | D67: 26.46
B68: LF-LIC MF LIQUID FUND | C68: LIFE INSURANCE CORPORATION OF INDIA | D68: 32.5485
B69: LP-LIC MF INCOME PLUS FUND | C69: SPECIAL UNIT SCHEME LICMF | D69: 27.1926
A71: 5 | B71: Bonus declared during the half year ended March 31, 2018 - NIL.
A73: 6 | B73: Details of deferred revenve expenditure (Rs. in Crores) outstanding - NIL
A75: 7 | B75: Deferred revenve expenditure (Rs. in Crores) Written off during the half year ended March 31, 2018 - NIL
A77: 8 | B77: Investment made in foreign countires during the half year ended March 31, 2018 - NIL
A79: 9 | B79: Borrowings, if any, above 10% of Net Assets of any scheme during the half year ended March 31, 2018 : NIL
A81: 10 | B81: Exposure if any, of more than 10% of Net Assets of any scheme investing in derivative products during the half year ended March 31, 2018 : NIL.
A83: 11 | B83: Other Income includes Load income & Miscelleanous Income
B84: .
A85: 12 | B85: Liquid scheme returns is calculated on annualised basis
A87: 13 | B87: The Bench mark indices in respect of Debt/Balance/Gilt/Liquid Funds has come into effect since 31.03.2002
A89: 14 | B89: The above unaudited Financial Results have been approved by the Board of LIC Mutual Fund Trustee Pvt Ltd in their meeting held on 23rd April 2018
B94: For LIC Mutual Fund Asset Management Limited
B95: Investment Managers to LIC Mutual Fund
B100: Chief Executive Officer

Sheet TB Mar18
A1: Conkey scheme code and ac des | B1: TB mapping(Mgmt fees and trustee fees) | C1: TB mapping(other than Mgmt fees and trustee fees) | D1: conkey mgmt fees and trustee fees | E1: conkey other than mgmt fees and trustee fees | F1: Schem code as per Financials | G1: NAV_GRP | H1: FUND_ID | I1: FUND_DESC | J1: ACC_GRP | K1: ACC_GRP_DESC | L1: ACC_NO | M1: ACC_SUFFIX | N1: ACC_DESC | O1: ACC_CURRENCY | P1: OP_BAL_DB | Q1: OP_BAL_CR | R1: MOVEMENT_DB | S1: MOVEMENT_CR | T1: CLO_BAL_DB | U1: CLO_BAL_CR | V1: OP_BAL_DB_FUND_CURR | W1: OP_BAL_CR_FUND_CURR | X1: MOVEMENT_DB_FUND_CURR | Y1: MOVEMENT_CR_FUND_CURR | Z1: CLO_BAL_DB_FUND_CURR | AA1: CLO_BAL_CR_FUND_CURR | AB1: Adjusted total
A2: =+F2&N2 -> LIC94INVESTMENTS - CBLO | B2: =+IFERROR(VLOOKUP(L2,'DB Mapping'!A:D,4,0),0) -> 0 | C2: =+IFERROR(VLOOKUP(L2,'DB Mapping'!A:C,3,0),0) -> 0 | D2: =+F2&B2 -> LIC940 | E2: =+F2&C2 -> LIC940 | F2: LIC94 | G2: LIC | L2: 010101-CBL | N2: INVESTMENTS - CBLO | Z2: 43484164 | AA2: 0 | AB2: =+(Z2-AA2)/10000000 -> 4.3484164 | AC2: DB
A3: =+F3&N3 -> LIC94HDFC BANK CURRENT ACCOUNT | B3: =+IFERROR(VLOOKUP(L3,'DB Mapping'!A:D,4,0),0) -> 0 | C3: =+IFERROR(VLOOKUP(L3,'DB Mapping'!A:C,3,0),0) -> 0 | D3: =+F3&B3 -> LIC940 | E3: =+F3&C3 -> LIC940 | F3: LIC94 | G3: LIC | L3: 110055 | N3: HDFC BANK CURRENT ACCOUNT | Z3: 0.02 | AA3: 0 | AB3: =+(Z3-AA3)/10000000 -> 2e-09 | AC3: DB
A4: =+F4&N4 -> LIC94REDEMPTION RECEIVABLE - CBLO | B4: =+IFERROR(VLOOKUP(L4,'DB Mapping'!A:D,4,0),0) -> 0 | C4: =+IFERROR(VLOOKUP(L4,'DB Mapping'!A:C,3,0),0) -> 0 | D4: =+F4&B4 -> LIC940 | E4: =+F4&C4 -> LIC940 | F4: LIC94 | G4: LIC | L4: 110700-CBL | N4: REDEMPTION RECEIVABLE - CBLO | Z4: 0 | AA4: 0 | AB4: =+(Z4-AA4)/10000000 -> 0 | AC4: DB
A5: =+F5&N5 -> LIC94RECEIVABLE - UNITS SUBSCRIPTION | B5: =+IFERROR(VLOOKUP(L5,'DB Mapping'!A:D,4,0),0) -> 0 | C5: =+IFERROR(VLOOKUP(L5,'DB Mapping'!A:C,3,0),0) -> 0 | D5: =+F5&B5 -> LIC940 | E5: =+F5&C5 -> LIC940 | F5: LIC94 | G5: LIC | L5: 110800 | N5: RECEIVABLE - UNITS SUBSCRIPTION | Z5: 0 | AA5: 0 | AB5: =+(Z5-AA5)/10000000 -> 0 | AC5: DB
A6: =+F6&N6 -> LIC94AMORTISATION RECEIVABLE - CBLO | B6: =+IFERROR(VLOOKUP(L6,'DB Mapping'!A:D,4,0),0) -> 0 | C6: =+IFERROR(VLOOKUP(L6,'DB Mapping'!A:C,3,0),0) -> 0 | D6: =+F6&B6 -> LIC940 | E6: =+F6&C6 -> LIC940 | F6: LIC94 | G6: LIC | L6: 111600-CBL | N6: AMORTISATION RECEIVABLE - CBLO | Z6: 7028.23 | AA6: 0 | AB6: =+(Z6-AA6)/10000000 -> 0.000702823 | AC6: DB
A7: =+F7&N7 -> LIC94AMC RECEIVABLE / PAYABLE | B7: =+IFERROR(VLOOKUP(L7,'DB Mapping'!A:D,4,0),0) -> 0 | C7: =+IFERROR(VLOOKUP(L7,'DB Mapping'!A:C,3,0),0) -> 0 | D7: =+F7&B7 -> LIC940 | E7: =+F7&C7 -> LIC940 | F7: LIC94 | G7: LIC | L7: 112000 | N7: AMC RECEIVABLE / PAYABLE | Z7: 31638.25 | AA7: 0 | AB7: =+(Z7-AA7)/10000000 -> 0.003163825 | AC7: DB
A8: =+F8&N8 -> LIC94CCIL SETTLEMENT A/C | B8: =+IFERROR(VLOOKUP(L8,'DB Mapping'!A:D,4,0),0) -> 0 | C8: =+IFERROR(VLOOKUP(L8,'DB Mapping'!A:C,3,0),0) -> 0 | D8: =+F8&B8 -> LIC940 | E8: =+F8&C8 -> LIC940 | F8: LIC94 | G8: LIC | L8: 113045 | N8: CCIL SETTLEMENT A/C | Z8: 7028.06 | AA8: 0 | AB8: =+(Z8-AA8)/10000000 -> 0.000702806 | AC8: DB
A9: =+F9&N9 -> LIC94SETTLEMENT PAYABLE | B9: =+IFERROR(VLOOKUP(L9,'DB Mapping'!A:D,4,0),0) -> 0 | C9: =+IFERROR(VLOOKUP(L9,'DB Mapping'!A:C,3,0),0) -> 0 | D9: =+F9&B9 -> LIC940 | E9: =+F9&C9 -> LIC940 | F9: LIC94 | G9: LIC | L9: 210100 | N9: SETTLEMENT PAYABLE | Z9: 0 | AA9: 0 | AB9: =+(Z9-AA9)/10000000 -> 0 | AC9: DB
A10: =+F10&N10 -> LIC94PAYABLE - UNITS REDEMPTION | B10: =+IFERROR(VLOOKUP(L10,'DB Mapping'!A:D,4,0),0) -> 0 | C10: =+IFERROR(VLOOKUP(L10,'DB Mapping'!A:C,3,0),0) -> 0 | D10: =+F10&B10 -> LIC940 | E10: =+F10&C10 -> LIC940 | F10: LIC94 | G10: LIC | L10: 210800 | N10: PAYABLE - UNITS REDEMPTION | Z10: 0.01 | AA10: 0 | AB10: =+(Z10-AA10)/10000000 -> 1e-09 | AC10: DB
A11: =+F11&N11 -> LIC94EXPENSE ALLOCATION - LIABILITY ACCOUNT | B11: =+IFERROR(VLOOKUP(L11,'DB Mapping'!A:D,4,0),0) -> 0 | C11: =+IFERROR(VLOOKUP(L11,'DB Mapping'!A:C,3,0),0) -> 0 | D11: =+F11&B11 -> LIC940 | E11: =+F11&C11 -> LIC940 | F11: LIC94 | G11: LIC | L11: 211002 | N11: EXPENSE ALLOCATION - LIABILITY ACCOUNT | Z11: 19170.18 | AA11: 0 | AB11: =+(Z11-AA11)/10000000 -> 0.001917018 | AC11: DB
A12: =+F12&N12 -> LIC94PAYABLE - UNITS DIVIDEND TAX | B12: =+IFERROR(VLOOKUP(L12,'DB Mapping'!A:D,4,0),0) -> 0 | C12: =+IFERROR(VLOOKUP(L12,'DB Mapping'!A:C,3,0),0) -> 0 | D12: =+F12&B12 -> LIC940 | E12: =+F12&C12 -> LIC940 | F12: LIC94 | G12: LIC | L12: 211014 | N12: PAYABLE - UNITS DIVIDEND TAX | Z12: 0 | AA12: 0 | AB12: =+(Z12-AA12)/10000000 -> 0 | AC12: DB
A13: =+F13&N13 -> LIC94PAYABLE - AUDIT FEES | B13: =+IFERROR(VLOOKUP(L13,'DB Mapping'!A:D,4,0),0) -> 0 | C13: =+IFERROR(VLOOKUP(L13,'DB Mapping'!A:C,3,0),0) -> 0 | D13: =+F13&B13 -> LIC940 | E13: =+F13&C13 -> LIC940 | F13: LIC94 | G13: LIC | L13: 211020 | N13: PAYABLE - AUDIT FEES | Z13: 0 | AA13: 37735.26 | AB13: =+(Z13-AA13)/10000000 -> -0.003773526 | AC13: DB
... A72: =+F72&N72 -> LIC94INVESTOR EDUCATION FUND EXPENSE - AMFI | B72: =+IFERROR(VLOOKUP(L72,'DB Mapping'!A:D,4,0),0) -> 0 | C72: =+IFERROR(VLOOKUP(L72,'DB Mapping'!A:C,3,0),0) -> 6.3 | D72: =+F72&B72 -> LIC940 | E72: =+F72&C72 -> LIC946.3 | F72: LIC94 | G72: LIC | L72: 816180 | N72: INVESTOR EDUCATION FUND EXPENSE - AMFI | Z72: 3276.24 | AA72: 0 | AB72: =+(Z72-AA72)/10000000 -> 0.000327624 | AC72: DB
AC73: DB
A74: =+F74&N74 -> LIC95INVESTMENTS - CBLO | B74: =+IFERROR(VLOOKUP(L74,'DB Mapping'!A:D,4,0),0) -> 0 | C74: =+IFERROR(VLOOKUP(L74,'DB Mapping'!A:C,3,0),0) -> 0 | D74: =+F74&B74 -> LIC950 | E74: =+F74&C74 -> LIC950 | F74: LIC95 | G74: LIC | L74: 010101-CBL | N74: INVESTMENTS - CBLO | Z74: 1.1944244e+08 | AA74: 0 | AB74: =+(Z74-AA74)/10000000 -> 11.944244 | AC74: DB
A75: =+F75&N75 -> LIC95INVESTMENTS - REPO TRANSACTIONS | B75: =+IFERROR(VLOOKUP(L75,'DB Mapping'!A:D,4,0),0) -> 0 | C75: =+IFERROR(VLOOKUP(L75,'DB Mapping'!A:C,3,0),0) -> 0 | D75: =+F75&B75 -> LIC950 | E75: =+F75&C75 -> LIC950 | F75: LIC95 | G75: LIC | L75: 080100-REPO | N75: INVESTMENTS - REPO TRANSACTIONS | Z75: 0 | AA75: 0 | AB75: =+(Z75-AA75)/10000000 -> 0 | AC75: DB
A76: =+F76&N76 -> LIC95HDFC BANK CURRENT ACCOUNT | B76: =+IFERROR(VLOOKUP(L76,'DB Mapping'!A:D,4,0),0) -> 0 | C76: =+IFERROR(VLOOKUP(L76,'DB Mapping'!A:C,3,0),0) -> 0 | D76: =+F76&B76 -> LIC950 | E76: =+F76&C76 -> LIC950 | F76: LIC95 | G76: LIC | L76: 110055 | N76: HDFC BANK CURRENT ACCOUNT | Z76: 0 | AA76: 0 | AB76: =+(Z76-AA76)/10000000 -> 0 | AC76: DB
A77: =+F77&N77 -> LIC95HDFC BANK COLLECTION ACCOUNT | B77: =+IFERROR(VLOOKUP(L77,'DB Mapping'!A:D,4,0),0) -> 0 | C77: =+IFERROR(VLOOKUP(L77,'DB Mapping'!A:C,3,0),0) -> 0 | D77: =+F77&B77 -> LIC950 | E77: =+F77&C77 -> LIC950 | F77: LIC95 | G77: LIC | L77: 110074 | N77: HDFC BANK COLLECTION ACCOUNT | Z77: 0 | AA77: 0 | AB77: =+(Z77-AA77)/10000000 -> 0 | AC77: DB
A78: =+F78&N78 -> LIC95HDFC BANK | B78: =+IFERROR(VLOOKUP(L78,'DB Mapping'!A:D,4,0),0) -> 0 | C78: =+IFERROR(VLOOKUP(L78,'DB Mapping'!A:C,3,0),0) -> 0 | D78: =+F78&B78 -> LIC950 | E78: =+F78&C78 -> LIC950 | F78: LIC95 | G78: LIC | L78: 110120 | N78: HDFC BANK | Z78: 0 | AA78: 0 | AB78: =+(Z78-AA78)/10000000 -> 0 | AC78: DB
A79: =+F79&N79 -> LIC95REDEMPTION RECEIVABLE - CBLO | B79: =+IFERROR(VLOOKUP(L79,'DB Mapping'!A:D,4,0),0) -> 0 | C79: =+IFERROR(VLOOKUP(L79,'DB Mapping'!A:C,3,0),0) -> 0 | D79: =+F79&B79 -> LIC950 | E79: =+F79&C79 -> LIC950 | F79: LIC95 | G79: LIC | L79: 110700-CBL | N79: REDEMPTION RECEIVABLE - CBLO | Z79: 0 | AA79: 0 | AB79: =+(Z79-AA79)/10000000 -> 0 | AC79: DB
A80: =+F80&N80 -> LIC95RECEIVABLE - UNITS SUBSCRIPTION | B80: =+IFERROR(VLOOKUP(L80,'DB Mapping'!A:D,4,0),0) -> 0 | C80: =+IFERROR(VLOOKUP(L80,'DB Mapping'!A:C,3,0),0) -> 0 | D80: =+F80&B80 -> LIC950 | E80: =+F80&C80 -> LIC950 | F80: LIC95 | G80: LIC | L80: 110800 | N80: RECEIVABLE - UNITS SUBSCRIPTION | Z80: 0 | AA80: 0 | AB80: =+(Z80-AA80)/10000000 -> 0 | AC80: DB
A81: =+F81&N81 -> LIC95INTEREST RECEIVABLE - REPO TRANSACTIONS | B81: =+IFERROR(VLOOKUP(L81,'DB Mapping'!A:D,4,0),0) -> 0 | C81: =+IFERROR(VLOOKUP(L81,'DB Mapping'!A:C,3,0),0) -> 0 | D81: =+F81&B81 -> LIC950 | E81: =+F81&C81 -> LIC950 | F81: LIC95 | G81: LIC | L81: 111502-REPO | N81: INTEREST RECEIVABLE - REPO TRANSACTIONS | Z81: 0 | AA81: 0 | AB81: =+(Z81-AA81)/10000000 -> 0 | AC81: DB
A82: =+F82&N82 -> LIC95AMORTISATION RECEIVABLE - CBLO | B82: =+IFERROR(VLOOKUP(L82,'DB Mapping'!A:D,4,0),0) -> 0 | C82: =+IFERROR(VLOOKUP(L82,'DB Mapping'!A:C,3,0),0) -> 0 | D82: =+F82&B82 -> LIC950 | E82: =+F82&C82 -> LIC950 | F82: LIC95 | G82: LIC | L82: 111600-CBL | N82: AMORTISATION RECEIVABLE - CBLO | Z82: 19313.02 | AA82: 0 | AB82: =+(Z82-AA82)/10000000 -> 0.001931302 | AC82: DB
A83: =+F83&N83 -> LIC95AMC RECEIVABLE / PAYABLE | B83: =+IFERROR(VLOOKUP(L83,'DB Mapping'!A:D,4,0),0) -> 0 | C83: =+IFERROR(VLOOKUP(L83,'DB Mapping'!A:C,3,0),0) -> 0 | D83: =+F83&B83 -> LIC950 | E83: =+F83&C83 -> LIC950 | F83: LIC95 | G83: LIC | L83: 112000 | N83: AMC RECEIVABLE / PAYABLE | Z83: 39135.12 | AA83: 0 | AB83: =+(Z83-AA83)/10000000 -> 0.003913512 | AC83: DB
A84: =+F84&N84 -> LIC95CCIL SETTLEMENT A/C | B84: =+IFERROR(VLOOKUP(L84,'DB Mapping'!A:D,4,0),0) -> 0 | C84: =+IFERROR(VLOOKUP(L84,'DB Mapping'!A:C,3,0),0) -> 0 | D84: =+F84&B84 -> LIC950 | E84: =+F84&C84 -> LIC950 | F84: LIC95 | G84: LIC | L84: 113045 | N84: CCIL SETTLEMENT A/C | Z84: 19312.71 | AA84: 0 | AB84: =+(Z84-AA84)/10000000 -> 0.001931271 | AC84: DB
A85: =+F85&N85 -> LIC95SETTLEMENT PAYABLE | B85: =+IFERROR(VLOOKUP(L85,'DB Mapping'!A:D,4,0),0) -> 0 | C85: =+IFERROR(VLOOKUP(L85,'DB Mapping'!A:C,3,0),0) -> 0 | D85: =+F85&B85 -> LIC950 | E85: =+F85&C85 -> LIC950 | F85: LIC95 | G85: LIC | L85: 210100 | N85: SETTLEMENT PAYABLE | Z85: 0 | AA85: 0 | AB85: =+(Z85-AA85)/10000000 -> 0 | AC85: DB
... A153: =+F153&N153 -> LIC95INVESTOR EDUCATION FUND EXPENSE - AMFI | B153: =+IFERROR(VLOOKUP(L153,'DB Mapping'!A:D,4,0),0) -> 0 | C153: =+IFERROR(VLOOKUP(L153,'DB Mapping'!A:C,3,0),0) -> 6.3 | D153: =+F153&B153 -> LIC950 | E153: =+F153&C153 -> LIC956.3 | F153: LIC95 | G153: LIC | L153: 816180 | N153: INVESTOR EDUCATION FUND EXPENSE - AMFI | Z153: 11034.47 | AA153: 0 | AB153: =+(Z153-AA153)/10000000 -> 0.001103447 | AC153: DB
A154: =+F154&N154 | B154: =+IFERROR(VLOOKUP(L154,'DB Mapping'!A:D,4,0),0) -> 0 | C154: =+IFERROR(VLOOKUP(L154,'DB Mapping'!A:C,3,0),0) -> 0 | D154: =+F154&B154 -> 0 | E154: =+F154&C154 -> 0 | AC154: DB
A155: =+F155&N155 -> LIC96INVESTMENTS - CBLO | B155: =+IFERROR(VLOOKUP(L155,'DB Mapping'!A:D,4,0),0) -> 0 | C155: =+IFERROR(VLOOKUP(L155,'DB Mapping'!A:C,3,0),0) -> 0 | D155: =+F155&B155 -> LIC960 | E155: =+F155&C155 -> LIC960 | F155: LIC96 | G155: LIC | L155: 010101-CBL | N155: INVESTMENTS - CBLO | Z155: 80761464 | AA155: 0 | AB155: =+(Z155-AA155)/10000000 -> 8.0761464 | AC155: DB
A156: =+F156&N156 -> LIC96HDFC BANK CURRENT ACCOUNT | B156: =+IFERROR(VLOOKUP(L156,'DB Mapping'!A:D,4,0),0) -> 0 | C156: =+IFERROR(VLOOKUP(L156,'DB Mapping'!A:C,3,0),0) -> 0 | D156: =+F156&B156 -> LIC960 | E156: =+F156&C156 -> LIC960 | F156: LIC96 | G156: LIC | L156: 110055 | N156: HDFC BANK CURRENT ACCOUNT | Z156: 0 | AA156: 0 | AB156: =+(Z156-AA156)/10000000 -> 0 | AC156: DB
A157: =+F157&N157 -> LIC96HDFC BANK | B157: =+IFERROR(VLOOKUP(L157,'DB Mapping'!A:D,4,0),0) -> 0 | C157: =+IFERROR(VLOOKUP(L157,'DB Mapping'!A:C,3,0),0) -> 0 | D157: =+F157&B157 -> LIC960 | E157: =+F157&C157 -> LIC960 | F157: LIC96 | G157: LIC | L157: 110120 | N157: HDFC BANK | Z157: 0 | AA157: 0 | AB157: =+(Z157-AA157)/10000000 -> 0 | AC157: DB
A158: =+F158&N158 -> LIC96REDEMPTION RECEIVABLE - CBLO | B158: =+IFERROR(VLOOKUP(L158,'DB Mapping'!A:D,4,0),0) -> 0 | C158: =+IFERROR(VLOOKUP(L158,'DB Mapping'!A:C,3,0),0) -> 0 | D158: =+F158&B158 -> LIC960 | E158: =+F158&C158 -> LIC960 | F158: LIC96 | G158: LIC | L158: 110700-CBL | N158: REDEMPTION RECEIVABLE - CBLO | Z158: 0 | AA158: 0 | AB158: =+(Z158-AA158)/10000000 -> 0 | AC158: DB
A159: =+F159&N159 -> LIC96AMORTISATION RECEIVABLE - CBLO | B159: =+IFERROR(VLOOKUP(L159,'DB Mapping'!A:D,4,0),0) -> 0 | C159: =+IFERROR(VLOOKUP(L159,'DB Mapping'!A:C,3,0),0) -> 0 | D159: =+F159&B159 -> LIC960 | E159: =+F159&C159 -> LIC960 | F159: LIC96 | G159: LIC | L159: 111600-CBL | N159: AMORTISATION RECEIVABLE - CBLO | Z159: 12952.81 | AA159: 0 | AB159: =+(Z159-AA159)/10000000 -> 0.001295281 | AC159: DB
A160: =+F160&N160 -> LIC96AMC RECEIVABLE / PAYABLE | B160: =+IFERROR(VLOOKUP(L160,'DB Mapping'!A:D,4,0),0) -> 0 | C160: =+IFERROR(VLOOKUP(L160,'DB Mapping'!A:C,3,0),0) -> 0 | D160: =+F160&B160 -> LIC960 | E160: =+F160&C160 -> LIC960 | F160: LIC96 | G160: LIC | L160: 112000 | N160: AMC RECEIVABLE / PAYABLE | Z160: 29500 | AA160: 0 | AB160: =+(Z160-AA160)/10000000 -> 0.00295 | AC160: DB
A161: =+F161&N161 -> LIC96RECEIVABLE - OTHER INCOME | B161: =+IFERROR(VLOOKUP(L161,'DB Mapping'!A:D,4,0),0) -> 0 | C161: =+IFERROR(VLOOKUP(L161,'DB Mapping'!A:C,3,0),0) -> 0 | D161: =+F161&B161 -> LIC960 | E161: =+F161&C161 -> LIC960 | F161: LIC96 | G161: LIC | L161: 112011 | N161: RECEIVABLE - OTHER INCOME | Z161: 38858.43 | AA161: 0 | AB161: =+(Z161-AA161)/10000000 -> 0.003885843 | AC161: DB
A162: =+F162&N162 -> LIC96CCIL SETTLEMENT A/C | B162: =+IFERROR(VLOOKUP(L162,'DB Mapping'!A:D,4,0),0) -> 0 | C162: =+IFERROR(VLOOKUP(L162,'DB Mapping'!A:C,3,0),0) -> 0 | D162: =+F162&B162 -> LIC960 | E162: =+F162&C162 -> LIC960 | F162: LIC96 | G162: LIC | L162: 113045 | N162: CCIL SETTLEMENT A/C | Z162: 51811.16 | AA162: 0 | AB162: =+(Z162-AA162)/10000000 -> 0.005181116 | AC162: DB
A163: =+F163&N163 -> LIC96SETTLEMENT PAYABLE | B163: =+IFERROR(VLOOKUP(L163,'DB Mapping'!A:D,4,0),0) -> 0 | C163: =+IFERROR(VLOOKUP(L163,'DB Mapping'!A:C,3,0),0) -> 0 | D163: =+F163&B163 -> LIC960 | E163: =+F163&C163 -> LIC960 | F163: LIC96 | G163: LIC | L163: 210100 | N163: SETTLEMENT PAYABLE | Z163: 0 | AA163: 0 | AB163: =+(Z163-AA163)/10000000 -> 0 | AC163: DB
A164: =+F164&N164 -> LIC96PAYABLE - UNITS REDEMPTION | B164: =+IFERROR(VLOOKUP(L164,'DB Mapping'!A:D,4,0),0) -> 0 | C164: =+IFERROR(VLOOKUP(L164,'DB Mapping'!A:C,3,0),0) -> 0 | D164: =+F164&B164 -> LIC960 | E164: =+F164&C164 -> LIC960 | F164: LIC96 | G164: LIC | L164: 210800 | N164: PAYABLE - UNITS REDEMPTION | Z164: 0 | AA164: 0 | AB164: =+(Z164-AA164)/10000000 -> 0 | AC164: DB
A165: =+F165&N165 -> LIC96EXPENSE ALLOCATION - LIABILITY ACCOUNT | B165: =+IFERROR(VLOOKUP(L165,'DB Mapping'!A:D,4,0),0) -> 0 | C165: =+IFERROR(VLOOKUP(L165,'DB Mapping'!A:C,3,0),0) -> 0 | D165: =+F165&B165 -> LIC960 | E165: =+F165&C165 -> LIC960 | F165: LIC96 | G165: LIC | L165: 211002 | N165: EXPENSE ALLOCATION - LIABILITY ACCOUNT | Z165: 33011.09 | AA165: 0 | AB165: =+(Z165-AA165)/10000000 -> 0.003301109 | AC165: DB
A166: =+F166&N166 -> LIC96PAYABLE - AUDIT FEES | B166: =+IFERROR(VLOOKUP(L166,'DB Mapping'!A:D,4,0),0) -> 0 | C166: =+IFERROR(VLOOKUP(L166,'DB Mapping'!A:C,3,0),0) -> 0 | D166: =+F166&B166 -> LIC960 | E166: =+F166&C166 -> LIC960 | F166: LIC96 | G166: LIC | L166: 211020 | N166: PAYABLE - AUDIT FEES | Z166: 0 | AA166: 37735.4 | AB166: =+(Z166-AA166)/10000000 -> -0.00377354 | AC166: DB
... A221: =+F221&N221 -> LIC96INVESTOR EDUCATION FUND EXPENSE - AMFI | B221: =+IFERROR(VLOOKUP(L221,'DB Mapping'!A:D,4,0),0) -> 0 | C221: =+IFERROR(VLOOKUP(L221,'DB Mapping'!A:C,3,0),0) -> 6.3 | D221: =+F221&B221 -> LIC960 | E221: =+F221&C221 -> LIC966.3 | F221: LIC96 | G221: LIC | L221: 816180 | N221: INVESTOR EDUCATION FUND EXPENSE - AMFI | Z221: 5617.45 | AA221: 0 | AB221: =+(Z221-AA221)/10000000 -> 0.000561745 | AC221: DB
A222: =+F222&N222 | B222: =+IFERROR(VLOOKUP(L222,'DB Mapping'!A:D,4,0),0) -> 0 | C222: =+IFERROR(VLOOKUP(L222,'DB Mapping'!A:C,3,0),0) -> 0 | D222: =+F222&B222 -> 0 | E222: =+F222&C222 -> 0 | AC222: DB
A223: =+F223&N223 -> LIC103INVESTMENTS - CBLO | B223: =+IFERROR(VLOOKUP(L223,'DB Mapping'!A:D,4,0),0) -> 0 | C223: =+IFERROR(VLOOKUP(L223,'DB Mapping'!A:C,3,0),0) -> 0 | D223: =+F223&B223 -> LIC1030 | E223: =+F223&C223 -> LIC1030 | F223: LIC103 | G223: LIC | L223: 010101-CBL | N223: INVESTMENTS - CBLO | Z223: 49593070 | AA223: 0 | AB223: =+(Z223-AA223)/10000000 -> 4.959307 | AC223: DB
A224: =+F224&N224 -> LIC103HDFC BANK CURRENT ACCOUNT | B224: =+IFERROR(VLOOKUP(L224,'DB Mapping'!A:D,4,0),0) -> 0 | C224: =+IFERROR(VLOOKUP(L224,'DB Mapping'!A:C,3,0),0) -> 0 | D224: =+F224&B224 -> LIC1030 | E224: =+F224&C224 -> LIC1030 | F224: LIC103 | G224: LIC | L224: 110055 | N224: HDFC BANK CURRENT ACCOUNT | Z224: 0 | AA224: 0 | AB224: =+(Z224-AA224)/10000000 -> 0 | AC224: DB
A225: =+F225&N225 -> LIC103HDFC BANK | B225: =+IFERROR(VLOOKUP(L225,'DB Mapping'!A:D,4,0),0) -> 0 | C225: =+IFERROR(VLOOKUP(L225,'DB Mapping'!A:C,3,0),0) -> 0 | D225: =+F225&B225 -> LIC1030 | E225: =+F225&C225 -> LIC1030 | F225: LIC103 | G225: LIC | L225: 110120 | N225: HDFC BANK | Z225: 0 | AA225: 0 | AB225: =+(Z225-AA225)/10000000 -> 0 | AC225: DB
A226: =+F226&N226 -> LIC103REDEMPTION RECEIVABLE - CBLO | B226: =+IFERROR(VLOOKUP(L226,'DB Mapping'!A:D,4,0),0) -> 0 | C226: =+IFERROR(VLOOKUP(L226,'DB Mapping'!A:C,3,0),0) -> 0 | D226: =+F226&B226 -> LIC1030 | E226: =+F226&C226 -> LIC1030 | F226: LIC103 | G226: LIC | L226: 110700-CBL | N226: REDEMPTION RECEIVABLE - CBLO | Z226: 0 | AA226: 0 | AB226: =+(Z226-AA226)/10000000 -> 0 | AC226: DB
A227: =+F227&N227 -> LIC103RECEIVABLE - UNITS SUBSCRIPTION | B227: =+IFERROR(VLOOKUP(L227,'DB Mapping'!A:D,4,0),0) -> 0 | C227: =+IFERROR(VLOOKUP(L227,'DB Mapping'!A:C,3,0),0) -> 0 | D227: =+F227&B227 -> LIC1030 | E227: =+F227&C227 -> LIC1030 | F227: LIC103 | G227: LIC | L227: 110800 | N227: RECEIVABLE - UNITS SUBSCRIPTION | Z227: 0 | AA227: 0 | AB227: =+(Z227-AA227)/10000000 -> 0 | AC227: DB
A228: =+F228&N228 -> LIC103AMORTISATION RECEIVABLE - CBLO | B228: =+IFERROR(VLOOKUP(L228,'DB Mapping'!A:D,4,0),0) -> 0 | C228: =+IFERROR(VLOOKUP(L228,'DB Mapping'!A:C,3,0),0) -> 0 | D228: =+F228&B228 -> LIC1030 | E228: =+F228&C228 -> LIC1030 | F228: LIC103 | G228: LIC | L228: 111600-CBL | N228: AMORTISATION RECEIVABLE - CBLO | Z228: 8002.28 | AA228: 0 | AB228: =+(Z228-AA228)/10000000 -> 0.000800228 | AC228: DB
A229: =+F229&N229 -> LIC103AMC RECEIVABLE / PAYABLE | B229: =+IFERROR(VLOOKUP(L229,'DB Mapping'!A:D,4,0),0) -> 0 | C229: =+IFERROR(VLOOKUP(L229,'DB Mapping'!A:C,3,0),0) -> 0 | D229: =+F229&B229 -> LIC1030 | E229: =+F229&C229 -> LIC1030 | F229: LIC103 | G229: LIC | L229: 112000 | N229: AMC RECEIVABLE / PAYABLE | Z229: 32328 | AA229: 0 | AB229: =+(Z229-AA229)/10000000 -> 0.0032328 | AC229: DB
A230: =+F230&N230 -> LIC103CCIL SETTLEMENT A/C | B230: =+IFERROR(VLOOKUP(L230,'DB Mapping'!A:D,4,0),0) -> 0 | C230: =+IFERROR(VLOOKUP(L230,'DB Mapping'!A:C,3,0),0) -> 0 | D230: =+F230&B230 -> LIC1030 | E230: =+F230&C230 -> LIC1030 | F230: LIC103 | G230: LIC | L230: 113045 | N230: CCIL SETTLEMENT A/C | Z230: 8002.01 | AA230: 0 | AB230: =+(Z230-AA230)/10000000 -> 0.000800201 | AC230: DB
A231: =+F231&N231 -> LIC103SETTLEMENT PAYABLE | B231: =+IFERROR(VLOOKUP(L231,'DB Mapping'!A:D,4,0),0) -> 0 | C231: =+IFERROR(VLOOKUP(L231,'DB Mapping'!A:C,3,0),0) -> 0 | D231: =+F231&B231 -> LIC1030 | E231: =+F231&C231 -> LIC1030 | F231: LIC103 | G231: LIC | L231: 210100 | N231: SETTLEMENT PAYABLE | Z231: 0 | AA231: 0 | AB231: =+(Z231-AA231)/10000000 -> 0 | AC231: DB
A232: =+F232&N232 -> LIC103PAYABLE - UNITS REDEMPTION | B232: =+IFERROR(VLOOKUP(L232,'DB Mapping'!A:D,4,0),0) -> 0 | C232: =+IFERROR(VLOOKUP(L232,'DB Mapping'!A:C,3,0),0) -> 0 | D232: =+F232&B232 -> LIC1030 | E232: =+F232&C232 -> LIC1030 | F232: LIC103 | G232: LIC | L232: 210800 | N232: PAYABLE - UNITS REDEMPTION | Z232: 0.01 | AA232: 0 | AB232: =+(Z232-AA232)/10000000 -> 1e-09 | AC232: DB
A233: =+F233&N233 -> LIC103EXPENSE ALLOCATION - LIABILITY ACCOUNT | B233: =+IFERROR(VLOOKUP(L233,'DB Mapping'!A:D,4,0),0) -> 0 | C233: =+IFERROR(VLOOKUP(L233,'DB Mapping'!A:C,3,0),0) -> 0 | D233: =+F233&B233 -> LIC1030 | E233: =+F233&C233 -> LIC1030 | F233: LIC103 | G233: LIC | L233: 211002 | N233: EXPENSE ALLOCATION - LIABILITY ACCOUNT | Z233: 32662.26 | AA233: 0 | AB233: =+(Z233-AA233)/10000000 -> 0.003266226 | AC233: DB
A234: =+F234&N234 -> LIC103PAYABLE - UNITS DIVIDEND TAX | B234: =+IFERROR(VLOOKUP(L234,'DB Mapping'!A:D,4,0),0) -> 0 | C234: =+IFERROR(VLOOKUP(L234,'DB Mapping'!A:C,3,0),0) -> 0 | D234: =+F234&B234 -> LIC1030 | E234: =+F234&C234 -> LIC1030 | F234: LIC103 | G234: LIC | L234: 211014 | N234: PAYABLE - UNITS DIVIDEND TAX | Z234: 0 | AA234: 0 | AB234: =+(Z234-AA234)/10000000 -> 0 | AC234: DB
... A295: =+F295&N295 -> LIC103INVESTOR EDUCATION FUND EXPENSE - AMFI | B295: =+IFERROR(VLOOKUP(L295,'DB Mapping'!A:D,4,0),0) -> 0 | C295: =+IFERROR(VLOOKUP(L295,'DB Mapping'!A:C,3,0),0) -> 6.3 | D295: =+F295&B295 -> LIC1030 | E295: =+F295&C295 -> LIC1036.3 | F295: LIC103 | G295: LIC | L295: 816180 | N295: INVESTOR EDUCATION FUND EXPENSE - AMFI | Z295: 5412.3 | AA295: 0 | AB295: =+(Z295-AA295)/10000000 -> 0.00054123 | AC295: DB
AC296: DB
AC297: DB
AC298: DB
A299: =+F299&N299 -> LIC163INVESTMENTS - CBLO | B299: =+IFERROR(VLOOKUP(L299,'DB Mapping'!A:D,4,0),0) -> 0 | C299: =+IFERROR(VLOOKUP(L299,'DB Mapping'!A:C,3,0),0) -> 0 | D299: =+F299&B299 -> LIC1630 | E299: =+F299&C299 -> LIC1630 | F299: LIC163 | G299: LIC | L299: 010101-CBL | N299: INVESTMENTS - CBLO | Z299: 9.0258199e+08 | AA299: 0 | AB299: =+(Z299-AA299)/10000000 -> 90.258199 | AC299: DB
A300: =+F300&N300 -> LIC163INVESTMENTS - DEBENTURES | B300: =+IFERROR(VLOOKUP(L300,'DB Mapping'!A:D,4,0),0) -> 0 | C300: =+IFERROR(VLOOKUP(L300,'DB Mapping'!A:C,3,0),0) -> 0 | D300: =+F300&B300 -> LIC1630 | E300: =+F300&C300 -> LIC1630 | F300: LIC163 | G300: LIC | L300: 010101-NCD | N300: INVESTMENTS - DEBENTURES | Z300: 0 | AA300: 0 | AB300: =+(Z300-AA300)/10000000 -> 0 | AC300: DB
A301: =+F301&N301 -> LIC163INVESTMENTS - ZERO COUPON BOND | B301: =+IFERROR(VLOOKUP(L301,'DB Mapping'!A:D,4,0),0) -> 0 | C301: =+IFERROR(VLOOKUP(L301,'DB Mapping'!A:C,3,0),0) -> 0 | D301: =+F301&B301 -> LIC1630 | E301: =+F301&C301 -> LIC1630 | F301: LIC163 | G301: LIC | L301: 010101-ZCB | N301: INVESTMENTS - ZERO COUPON BOND | Z301: 0 | AA301: 0 | AB301: =+(Z301-AA301)/10000000 -> 0 | AC301: DB
A302: =+F302&N302 -> LIC163UNREALISED APP/DEP - DEBENTURES | B302: =+IFERROR(VLOOKUP(L302,'DB Mapping'!A:D,4,0),0) -> 0 | C302: =+IFERROR(VLOOKUP(L302,'DB Mapping'!A:C,3,0),0) -> 0 | D302: =+F302&B302 -> LIC1630 | E302: =+F302&C302 -> LIC1630 | F302: LIC163 | G302: LIC | L302: 010110-NCD | N302: UNREALISED APP/DEP - DEBENTURES | Z302: 0 | AA302: 0 | AB302: =+(Z302-AA302)/10000000 -> 0 | AC302: DB
A303: =+F303&N303 -> LIC163UNREALISED APP/DEP - ZERO COUPON BOND | B303: =+IFERROR(VLOOKUP(L303,'DB Mapping'!A:D,4,0),0) -> 0 | C303: =+IFERROR(VLOOKUP(L303,'DB Mapping'!A:C,3,0),0) -> 0 | D303: =+F303&B303 -> LIC1630 | E303: =+F303&C303 -> LIC1630 | F303: LIC163 | G303: LIC | L303: 010110-ZCB | N303: UNREALISED APP/DEP - ZERO COUPON BOND | Z303: 0 | AA303: 0 | AB303: =+(Z303-AA303)/10000000 -> 0 | AC303: DB
A304: =+F304&N304 -> LIC163INVESTMENTS - REPO TRANSACTIONS | B304: =+IFERROR(VLOOKUP(L304,'DB Mapping'!A:D,4,0),0) -> 0 | C304: =+IFERROR(VLOOKUP(L304,'DB Mapping'!A:C,3,0),0) -> 0 | D304: =+F304&B304 -> LIC1630 | E304: =+F304&C304 -> LIC1630 | F304: LIC163 | G304: LIC | L304: 080100-REPO | N304: INVESTMENTS - REPO TRANSACTIONS | Z304: 0 | AA304: 0 | AB304: =+(Z304-AA304)/10000000 -> 0 | AC304: DB
A305: =+F305&N305 -> LIC163HDFC BANK CURRENT ACCOUNT | B305: =+IFERROR(VLOOKUP(L305,'DB Mapping'!A:D,4,0),0) -> 0 | C305: =+IFERROR(VLOOKUP(L305,'DB Mapping'!A:C,3,0),0) -> 0 | D305: =+F305&B305 -> LIC1630 | E305: =+F305&C305 -> LIC1630 | F305: LIC163 | G305: LIC | L305: 110055 | N305: HDFC BANK CURRENT ACCOUNT | Z305: 0.57 | AA305: 0 | AB305: =+(Z305-AA305)/10000000 -> 5.7e-08 | AC305: DB
A306: =+F306&N306 -> LIC163HDFC BANK | B306: =+IFERROR(VLOOKUP(L306,'DB Mapping'!A:D,4,0),0) -> 0 | C306: =+IFERROR(VLOOKUP(L306,'DB Mapping'!A:C,3,0),0) -> 0 | D306: =+F306&B306 -> LIC1630 | E306: =+F306&C306 -> LIC1630 | F306: LIC163 | G306: LIC | L306: 110120 | N306: HDFC BANK | Z306: 1.98 | AA306: 0 | AB306: =+(Z306-AA306)/10000000 -> 1.98e-07 | AC306: DB
A307: =+F307&N307 -> LIC163REDEMPTION RECEIVABLE - CBLO | B307: =+IFERROR(VLOOKUP(L307,'DB Mapping'!A:D,4,0),0) -> 0 | C307: =+IFERROR(VLOOKUP(L307,'DB Mapping'!A:C,3,0),0) -> 0 | D307: =+F307&B307 -> LIC1630 | E307: =+F307&C307 -> LIC1630 | F307: LIC163 | G307: LIC | L307: 110700-CBL | N307: REDEMPTION RECEIVABLE - CBLO | Z307: 0 | AA307: 0 | AB307: =+(Z307-AA307)/10000000 -> 0 | AC307: DB
A308: =+F308&N308 -> LIC163REDEMPTION RECEIVABLE - DEBENTURES | B308: =+IFERROR(VLOOKUP(L308,'DB Mapping'!A:D,4,0),0) -> 0 | C308: =+IFERROR(VLOOKUP(L308,'DB Mapping'!A:C,3,0),0) -> 0 | D308: =+F308&B308 -> LIC1630 | E308: =+F308&C308 -> LIC1630 | F308: LIC163 | G308: LIC | L308: 110700-NCD | N308: REDEMPTION RECEIVABLE - DEBENTURES | Z308: 0 | AA308: 0 | AB308: =+(Z308-AA308)/10000000 -> 0 | AC308: DB
A309: =+F309&N309 -> LIC163REDEMPTION RECEIVABLE - ZERO COUPON BOND | B309: =+IFERROR(VLOOKUP(L309,'DB Mapping'!A:D,4,0),0) -> 0 | C309: =+IFERROR(VLOOKUP(L309,'DB Mapping'!A:C,3,0),0) -> 0 | D309: =+F309&B309 -> LIC1630 | E309: =+F309&C309 -> LIC1630 | F309: LIC163 | G309: LIC | L309: 110700-ZCB | N309: REDEMPTION RECEIVABLE - ZERO COUPON BOND | Z309: 0 | AA309: 0 | AB309: =+(Z309-AA309)/10000000 -> 0 | AC309: DB
A310: =+F310&N310 -> LIC163INTEREST ACCRUED/NOT DUE - DEBENTURES | B310: =+IFERROR(VLOOKUP(L310,'DB Mapping'!A:D,4,0),0) -> 0 | C310: =+IFERROR(VLOOKUP(L310,'DB Mapping'!A:C,3,0),0) -> 0 | D310: =+F310&B310 -> LIC1630 | E310: =+F310&C310 -> LIC1630 | F310: LIC163 | G310: LIC | L310: 111500-NCD | N310: INTEREST ACCRUED/NOT DUE - DEBENTURES | Z310: 0 | AA310: 0 | AB310: =+(Z310-AA310)/10000000 -> 0 | AC310: DB
... A368: =+F368&N368 -> LIC163INVESTOR EDUCATION FUND EXPENSE - AMFI | B368: =+IFERROR(VLOOKUP(L368,'DB Mapping'!A:D,4,0),0) -> 0 | C368: =+IFERROR(VLOOKUP(L368,'DB Mapping'!A:C,3,0),0) -> 6.3 | D368: =+F368&B368 -> LIC1630 | E368: =+F368&C368 -> LIC1636.3 | F368: LIC163 | G368: LIC | L368: 816180 | N368: INVESTOR EDUCATION FUND EXPENSE - AMFI | Z368: 50073.07 | AA368: 0 | AB368: =+(Z368-AA368)/10000000 -> 0.005007307 | AC368: DB
A369: =+F369&N369 | B369: =+IFERROR(VLOOKUP(L369,'DB Mapping'!A:D,4,0),0) -> 0 | C369: =+IFERROR(VLOOKUP(L369,'DB Mapping'!A:C,3,0),0) -> 0 | D369: =+F369&B369 -> 0 | E369: =+F369&C369 -> 0 | AC369: DB
A370: =+F370&N370 -> LIC164INVESTMENTS - CBLO | B370: =+IFERROR(VLOOKUP(L370,'DB Mapping'!A:D,4,0),0) -> 0 | C370: =+IFERROR(VLOOKUP(L370,'DB Mapping'!A:C,3,0),0) -> 0 | D370: =+F370&B370 -> LIC1640 | E370: =+F370&C370 -> LIC1640 | F370: LIC164 | G370: LIC | L370: 010101-CBL | N370: INVESTMENTS - CBLO | Z370: 8.2945851e+08 | AA370: 0 | AB370: =+(Z370-AA370)/10000000 -> 82.945851 | AC370: DB
A371: =+F371&N371 -> LIC164INVESTMENTS - DEBENTURES | B371: =+IFERROR(VLOOKUP(L371,'DB Mapping'!A:D,4,0),0) -> 0 | C371: =+IFERROR(VLOOKUP(L371,'DB Mapping'!A:C,3,0),0) -> 0 | D371: =+F371&B371 -> LIC1640 | E371: =+F371&C371 -> LIC1640 | F371: LIC164 | G371: LIC | L371: 010101-NCD | N371: INVESTMENTS - DEBENTURES | Z371: 0 | AA371: 0 | AB371: =+(Z371-AA371)/10000000 -> 0 | AC371: DB
A372: =+F372&N372 -> LIC164INVESTMENTS - ZERO COUPON BOND | B372: =+IFERROR(VLOOKUP(L372,'DB Mapping'!A:D,4,0),0) -> 0 | C372: =+IFERROR(VLOOKUP(L372,'DB Mapping'!A:C,3,0),0) -> 0 | D372: =+F372&B372 -> LIC1640 | E372: =+F372&C372 -> LIC1640 | F372: LIC164 | G372: LIC | L372: 010101-ZCB | N372: INVESTMENTS - ZERO COUPON BOND | Z372: 0 | AA372: 0 | AB372: =+(Z372-AA372)/10000000 -> 0 | AC372: DB
A373: =+F373&N373 -> LIC164UNREALISED APP/DEP - DEBENTURES | B373: =+IFERROR(VLOOKUP(L373,'DB Mapping'!A:D,4,0),0) -> 0 | C373: =+IFERROR(VLOOKUP(L373,'DB Mapping'!A:C,3,0),0) -> 0 | D373: =+F373&B373 -> LIC1640 | E373: =+F373&C373 -> LIC1640 | F373: LIC164 | G373: LIC | L373: 010110-NCD | N373: UNREALISED APP/DEP - DEBENTURES | Z373: 0 | AA373: 0 | AB373: =+(Z373-AA373)/10000000 -> 0 | AC373: DB
A374: =+F374&N374 -> LIC164UNREALISED APP/DEP - ZERO COUPON BOND | B374: =+IFERROR(VLOOKUP(L374,'DB Mapping'!A:D,4,0),0) -> 0 | C374: =+IFERROR(VLOOKUP(L374,'DB Mapping'!A:C,3,0),0) -> 0 | D374: =+F374&B374 -> LIC1640 | E374: =+F374&C374 -> LIC1640 | F374: LIC164 | G374: LIC | L374: 010110-ZCB | N374: UNREALISED APP/DEP - ZERO COUPON BOND | Z374: 0 | AA374: 0 | AB374: =+(Z374-AA374)/10000000 -> 0 | AC374: DB
A375: =+F375&N375 -> LIC164INVESTMENTS - REPO TRANSACTIONS | B375: =+IFERROR(VLOOKUP(L375,'DB Mapping'!A:D,4,0),0) -> 0 | C375: =+IFERROR(VLOOKUP(L375,'DB Mapping'!A:C,3,0),0) -> 0 | D375: =+F375&B375 -> LIC1640 | E375: =+F375&C375 -> LIC1640 | F375: LIC164 | G375: LIC | L375: 080100-REPO | N375: INVESTMENTS - REPO TRANSACTIONS | Z375: 0 | AA375: 0 | AB375: =+(Z375-AA375)/10000000 -> 0 | AC375: DB
A376: =+F376&N376 -> LIC164HDFC BANK CURRENT ACCOUNT | B376: =+IFERROR(VLOOKUP(L376,'DB Mapping'!A:D,4,0),0) -> 0 | C376: =+IFERROR(VLOOKUP(L376,'DB Mapping'!A:C,3,0),0) -> 0 | D376: =+F376&B376 -> LIC1640 | E376: =+F376&C376 -> LIC1640 | F376: LIC164 | G376: LIC | L376: 110055 | N376: HDFC BANK CURRENT ACCOUNT | Z376: 0 | AA376: 1.12 | AB376: =+(Z376-AA376)/10000000 -> -1.12e-07 | AC376: DB
A377: =+F377&N377 -> LIC164HDFC BANK | B377: =+IFERROR(VLOOKUP(L377,'DB Mapping'!A:D,4,0),0) -> 0 | C377: =+IFERROR(VLOOKUP(L377,'DB Mapping'!A:C,3,0),0) -> 0 | D377: =+F377&B377 -> LIC1640 | E377: =+F377&C377 -> LIC1640 | F377: LIC164 | G377: LIC | L377: 110120 | N377: HDFC BANK | Z377: 0 | AA377: 0.02 | AB377: =+(Z377-AA377)/10000000 -> -2e-09 | AC377: DB
A378: =+F378&N378 -> LIC164REDEMPTION RECEIVABLE - CBLO | B378: =+IFERROR(VLOOKUP(L378,'DB Mapping'!A:D,4,0),0) -> 0 | C378: =+IFERROR(VLOOKUP(L378,'DB Mapping'!A:C,3,0),0) -> 0 | D378: =+F378&B378 -> LIC1640 | E378: =+F378&C378 -> LIC1640 | F378: LIC164 | G378: LIC | L378: 110700-CBL | N378: REDEMPTION RECEIVABLE - CBLO | Z378: 0 | AA378: 0 | AB378: =+(Z378-AA378)/10000000 -> 0 | AC378: DB
A379: =+F379&N379 -> LIC164REDEMPTION RECEIVABLE - DEBENTURES | B379: =+IFERROR(VLOOKUP(L379,'DB Mapping'!A:D,4,0),0) -> 0 | C379: =+IFERROR(VLOOKUP(L379,'DB Mapping'!A:C,3,0),0) -> 0 | D379: =+F379&B379 -> LIC1640 | E379: =+F379&C379 -> LIC1640 | F379: LIC164 | G379: LIC | L379: 110700-NCD | N379: REDEMPTION RECEIVABLE - DEBENTURES | Z379: 0 | AA379: 0 | AB379: =+(Z379-AA379)/10000000 -> 0 | AC379: DB
A380: =+F380&N380 -> LIC164REDEMPTION RECEIVABLE - ZERO COUPON BOND | B380: =+IFERROR(VLOOKUP(L380,'DB Mapping'!A:D,4,0),0) -> 0 | C380: =+IFERROR(VLOOKUP(L380,'DB Mapping'!A:C,3,0),0) -> 0 | D380: =+F380&B380 -> LIC1640 | E380: =+F380&C380 -> LIC1640 | F380: LIC164 | G380: LIC | L380: 110700-ZCB | N380: REDEMPTION RECEIVABLE - ZERO COUPON BOND | Z380: 0 | AA380: 0 | AB380: =+(Z380-AA380)/10000000 -> 0 | AC380: DB
A381: =+F381&N381 -> LIC164INTEREST ACCRUED/NOT DUE - DEBENTURES | B381: =+IFERROR(VLOOKUP(L381,'DB Mapping'!A:D,4,0),0) -> 0 | C381: =+IFERROR(VLOOKUP(L381,'DB Mapping'!A:C,3,0),0) -> 0 | D381: =+F381&B381 -> LIC1640 | E381: =+F381&C381 -> LIC1640 | F381: LIC164 | G381: LIC | L381: 111500-NCD | N381: INTEREST ACCRUED/NOT DUE - DEBENTURES | Z381: 0 | AA381: 0 | AB381: =+(Z381-AA381)/10000000 -> 0 | AC381: DB
... A445: =+F445&N445 -> LIC164INVESTOR EDUCATION FUND EXPENSE - AMFI | B445: =+IFERROR(VLOOKUP(L445,'DB Mapping'!A:D,4,0),0) -> 0 | C445: =+IFERROR(VLOOKUP(L445,'DB Mapping'!A:C,3,0),0) -> 6.3 | D445: =+F445&B445 -> LIC1640 | E445: =+F445&C445 -> LIC1646.3 | F445: LIC164 | G445: LIC | L445: 816180 | N445: INVESTOR EDUCATION FUND EXPENSE - AMFI | Z445: 51267.19 | AA445: 0 | AB445: =+(Z445-AA445)/10000000 -> 0.005126719 | AC445: DB
A446: =+F446&N446 | B446: =+IFERROR(VLOOKUP(L446,'DB Mapping'!A:D,4,0),0) -> 0 | C446: =+IFERROR(VLOOKUP(L446,'DB Mapping'!A:C,3,0),0) -> 0 | D446: =+F446&B446 -> 0 | E446: =+F446&C446 -> 0 | AC446: DB
A447: =+F447&N447 -> LIC165INVESTMENTS - CBLO | B447: =+IFERROR(VLOOKUP(L447,'DB Mapping'!A:D,4,0),0) -> 0 | C447: =+IFERROR(VLOOKUP(L447,'DB Mapping'!A:C,3,0),0) -> 0 | D447: =+F447&B447 -> LIC1650 | E447: =+F447&C447 -> LIC1650 | F447: LIC165 | G447: LIC | L447: 010101-CBL | N447: INVESTMENTS - CBLO | Z447: 4.0314996e+08 | AA447: 0 | AB447: =+(Z447-AA447)/10000000 -> 40.314996 | AC447: DB
A448: =+F448&N448 -> LIC165INVESTMENTS - EQUITIES | B448: =+IFERROR(VLOOKUP(L448,'DB Mapping'!A:D,4,0),0) -> 0 | C448: =+IFERROR(VLOOKUP(L448,'DB Mapping'!A:C,3,0),0) -> 0 | D448: =+F448&B448 -> LIC1650 | E448: =+F448&C448 -> LIC1650 | F448: LIC165 | G448: LIC | L448: 010101-EQU | N448: INVESTMENTS - EQUITIES | Z448: 0 | AA448: 0 | AB448: =+(Z448-AA448)/10000000 -> 0 | AC448: DB
A449: =+F449&N449 -> LIC165INVESTMENTS - MUTUAL FUND UNITS | B449: =+IFERROR(VLOOKUP(L449,'DB Mapping'!A:D,4,0),0) -> 0 | C449: =+IFERROR(VLOOKUP(L449,'DB Mapping'!A:C,3,0),0) -> 0 | D449: =+F449&B449 -> LIC1650 | E449: =+F449&C449 -> LIC1650 | F449: LIC165 | G449: LIC | L449: 010101-MFU | N449: INVESTMENTS - MUTUAL FUND UNITS | Z449: 0 | AA449: 0 | AB449: =+(Z449-AA449)/10000000 -> 0 | AC449: DB
A450: =+F450&N450 -> LIC165UNREALISED APP/DEP - EQUITIES | B450: =+IFERROR(VLOOKUP(L450,'DB Mapping'!A:D,4,0),0) -> 0 | C450: =+IFERROR(VLOOKUP(L450,'DB Mapping'!A:C,3,0),0) -> 0 | D450: =+F450&B450 -> LIC1650 | E450: =+F450&C450 -> LIC1650 | F450: LIC165 | G450: LIC | L450: 010110-EQU | N450: UNREALISED APP/DEP - EQUITIES | Z450: 0 | AA450: 0 | AB450: =+(Z450-AA450)/10000000 -> 0 | AC450: DB
A451: =+F451&N451 -> LIC165HDFC BANK CURRENT ACCOUNT | B451: =+IFERROR(VLOOKUP(L451,'DB Mapping'!A:D,4,0),0) -> 0 | C451: =+IFERROR(VLOOKUP(L451,'DB Mapping'!A:C,3,0),0) -> 0 | D451: =+F451&B451 -> LIC1650 | E451: =+F451&C451 -> LIC1650 | F451: LIC165 | G451: LIC | L451: 110055 | N451: HDFC BANK CURRENT ACCOUNT | Z451: 0 | AA451: 0.18 | AB451: =+(Z451-AA451)/10000000 -> -1.8e-08 | AC451: DB
A452: =+F452&N452 -> LIC165HDFC BANK | B452: =+IFERROR(VLOOKUP(L452,'DB Mapping'!A:D,4,0),0) -> 0 | C452: =+IFERROR(VLOOKUP(L452,'DB Mapping'!A:C,3,0),0) -> 0 | D452: =+F452&B452 -> LIC1650 | E452: =+F452&C452 -> LIC1650 | F452: LIC165 | G452: LIC | L452: 110120 | N452: HDFC BANK | Z452: 0 | AA452: 7.38 | AB452: =+(Z452-AA452)/10000000 -> -7.38e-07 | AC452: DB
A453: =+F453&N453 -> LIC165SETTLEMENT RECEIVABLE | B453: =+IFERROR(VLOOKUP(L453,'DB Mapping'!A:D,4,0),0) -> 0 | C453: =+IFERROR(VLOOKUP(L453,'DB Mapping'!A:C,3,0),0) -> 0 | D453: =+F453&B453 -> LIC1650 | E453: =+F453&C453 -> LIC1650 | F453: LIC165 | G453: LIC | L453: 110200 | N453: SETTLEMENT RECEIVABLE | Z453: 0 | AA453: 0 | AB453: =+(Z453-AA453)/10000000 -> 0 | AC453: DB
A454: =+F454&N454 -> LIC165REDEMPTION RECEIVABLE - CBLO | B454: =+IFERROR(VLOOKUP(L454,'DB Mapping'!A:D,4,0),0) -> 0 | C454: =+IFERROR(VLOOKUP(L454,'DB Mapping'!A:C,3,0),0) -> 0 | D454: =+F454&B454 -> LIC1650 | E454: =+F454&C454 -> LIC1650 | F454: LIC165 | G454: LIC | L454: 110700-CBL | N454: REDEMPTION RECEIVABLE - CBLO | Z454: 0 | AA454: 0 | AB454: =+(Z454-AA454)/10000000 -> 0 | AC454: DB
A455: =+F455&N455 -> LIC165DIVIDEND RECEIVABLE - EQUITIES | B455: =+IFERROR(VLOOKUP(L455,'DB Mapping'!A:D,4,0),0) -> 0 | C455: =+IFERROR(VLOOKUP(L455,'DB Mapping'!A:C,3,0),0) -> 0 | D455: =+F455&B455 -> LIC1650 | E455: =+F455&C455 -> LIC1650 | F455: LIC165 | G455: LIC | L455: 111000-EQU | N455: DIVIDEND RECEIVABLE - EQUITIES | Z455: 0 | AA455: 0 | AB455: =+(Z455-AA455)/10000000 -> 0 | AC455: DB
A456: =+F456&N456 -> LIC165AMORTISATION RECEIVABLE - CBLO | B456: =+IFERROR(VLOOKUP(L456,'DB Mapping'!A:D,4,0),0) -> 0 | C456: =+IFERROR(VLOOKUP(L456,'DB Mapping'!A:C,3,0),0) -> 0 | D456: =+F456&B456 -> LIC1650 | E456: =+F456&C456 -> LIC1650 | F456: LIC165 | G456: LIC | L456: 111600-CBL | N456: AMORTISATION RECEIVABLE - CBLO | Z456: 61670.9 | AA456: 0 | AB456: =+(Z456-AA456)/10000000 -> 0.00616709 | AC456: DB
A457: =+F457&N457 -> LIC165AMC RECEIVABLE / PAYABLE | B457: =+IFERROR(VLOOKUP(L457,'DB Mapping'!A:D,4,0),0) -> 0 | C457: =+IFERROR(VLOOKUP(L457,'DB Mapping'!A:C,3,0),0) -> 0 | D457: =+F457&B457 -> LIC1650 | E457: =+F457&C457 -> LIC1650 | F457: LIC165 | G457: LIC | L457: 112000 | N457: AMC RECEIVABLE / PAYABLE | Z457: 0 | AA457: 0 | AB457: =+(Z457-AA457)/10000000 -> 0 | AC457: DB
A458: =+F458&N458 -> LIC165RECEIVABLE - OTHER INCOME | B458: =+IFERROR(VLOOKUP(L458,'DB Mapping'!A:D,4,0),0) -> 0 | C458: =+IFERROR(VLOOKUP(L458,'DB Mapping'!A:C,3,0),0) -> 0 | D458: =+F458&B458 -> LIC1650 | E458: =+F458&C458 -> LIC1650 | F458: LIC165 | G458: LIC | L458: 112011 | N458: RECEIVABLE - OTHER INCOME | Z458: 0 | AA458: 0 | AB458: =+(Z458-AA458)/10000000 -> 0 | AC458: DB
... A522: =+F522&N522 -> LIC165INVESTOR EDUCATION FUND EXPENSE - AMFI | B522: =+IFERROR(VLOOKUP(L522,'DB Mapping'!A:D,4,0),0) -> 0 | C522: =+IFERROR(VLOOKUP(L522,'DB Mapping'!A:C,3,0),0) -> 6.3 | D522: =+F522&B522 -> LIC1650 | E522: =+F522&C522 -> LIC1656.3 | F522: LIC165 | G522: LIC | L522: 816180 | N522: INVESTOR EDUCATION FUND EXPENSE - AMFI | Z522: 25342.41 | AA522: 0 | AB522: =+(Z522-AA522)/10000000 -> 0.002534241 | AC522: DB
...

Sheet Sep 2017 HY
D1: LIC MUTUAL FUND
D2: Half-yearly Unaudited Financial Results for the period ended September 30, 2017
D3: (Persuant to regulation 59 of SEBI) Mutual Funds Regulations 1996) | E3: LIC02 | F3: LIC08 | G3: LIC17 | H3: LIC19 | I3: LIC28 | J3: LIC31 | K3: LIC33 | L3: LIC34 | M3: LIC35 | N3: LIC36 | O3: LIC37 | P3: LIC38 | Q3: LIC40 | R3: LIC72 | S3: LIC86 | T3: LIC94 | U3: LIC95 | V3: LIC96 | W3: LIC103 | X3: LIC127 | Y3: LIC137 | Z3: LIC140 | AA3: LIC142 | AB3: LIC146 | AC3: LIC152 | AD3: LIC153 | AE3: LIC154 | AF3: LIC156 | AG3: LIC157 | AH3: LIC158 | AI3: LIC160 | AJ3: LIC162 | AK3: LIC163 | AL3: LIC164 | AM3: LIC165 | AN3: LIC167 | AO3: LIC168 | AP3: LIC169 | AQ3: LIC170 | AR3: LIC171 | AS3: LIC172 | AT3: LIC173 | AU3: LIC174 | AV3: LIC175 | AW3: LIC176 | AX3: LIC177
C4: Sr No | D4: Particulars | E4: LIC MF Unit Linked Ins scheme | F4: LIC MF Balanced Fund | G4: LIC MF Equity Fund | H4: LIC MF Growth Fund | I4: LIC MF Tax Plan | J4: LIC MF Monthly Income Plan | K4: LIC MF Bond Fund | L4: LIC MF GOVT SECURITIES FUND | M4: LIC MF Childrens Fund | N4: LIC MF Liquid Fund | O4: LIC MF-Index Sensex Plan | P4: LIC MF-Index Nifty Plan | Q4: LIC MF Savings Plus Fund | R4: LIC MF INCOME PLUS FUND | S4: LIC MF INFRASTRUCTURE FUND | T4: LIC MF INTERVAL FUND QUARTERLY - 1 | U4: LIC MF INTERVAL FUND MONTHLY - 1 | V4: LIC MF INTERVAL FUND YEARLY - 1 | W4: LIC MF INTERVAL FUND QUARTERLY -2 | X4: LIC MF FIXED MATURITY PLAN SERIES 64 @@ | Y4: LIC MF CAPITAL PROTECTION ORIENTED FUND SERIES 1 @@ | Z4: LIC MF FIXED MATURITY PLAN SERIES 72 @@ | AA4: LIC MF CAPITAL PROTECTION ORIENTED FUND SERIES 2 | AB4: LIC MF RGESS FUND SERIES 2 @@ | AC4: LIC MF CAPITAL PROTECTION ORIENTED FUND SERIES 3 @@ | AD4: LIC MF FIXED MATURITY PLAN SERIES 82 @@ | AE4: LIC MF FIXED MATURITY PLAN SERIES 83 @@ | AF4: LIC MF FIXED MATURITY PLAN SERIES 85 @@ | AG4: LIC MF FIXED MATURITY PLAN SERIES 86@@ | AH4: LIC MF CAPITAL PROTECTION ORIENTED FUND SERIES 4@@ | AI4: LIC MF DIVERSIFIED EQUITY FUND SERIES-1 @@ | AJ4: LIC MF CAPITAL PROTECTION ORIENTED FUND SERIES 5 | AK4: LIC MF FIXED MATURITY PLAN – SERIES 89 | AL4: LIC MF FIXED MATURITY PLAN – SERIES 90 | AM4: LIC MF DIVERSIFIED EQUITY FUND SERIES-2(1100 DAYS) | AN4: LIC MF FIXED MATURITY PLAN SERIES 92(1100 DAYS) | AO4: LIC MF G-SEC LONG TERM EXCHANGE TRADED FUND | AP4: LIC MF RGESS FUND SERIES 3 | AQ4: LIC MF MIDCAP FUND | AR4: LIC MF BANKING AND FINANCIAL SERVICES FUND | AS4: LIC MF DUAL ADVANTAGE FIXED TERM PLAN-SERIES-1 | AT4: LIC MF DUAL ADVANTAGE FIXED TERM PLAN- SERIES 2 | AU4: LIC MF DUAL ADVANTAGE FIXED TERM PLAN- SERIES 3 | AV4: LIC MF ETF - Nifty 50 | AW4: LIC MF ETF - Sensex | AX4: LIC MF EXCHANGE TRADED FUND – NIFTY 100
C5: 1.1 | D5: Unit Capital At The Beginning Of The Half-Year Period (Rs. In Crores) | E5: 141.2004 | F5: 27.336372 | G5: 96.989835 | H5: 106.44423 | I5: 24.797667 | J5: 36.517124 | K5: 126.01066 | L5: 34.736871 | M5: 11.627717 | N5: 4153.6028 | O5: 3.8636223 | P5: 4.7675887 | Q5: 1241.8927 | R5: 234.74371 | S5: 49.303481 | T5: 2.9105197 | U5: 11.213742 | V5: 5.3728319 | W5: 5.2525979 | X5: 0 | Y5: 0 | Z5: 0 | AA5: 15.242215 | AB5: 0 | AC5: 33.357376 | AD5: 19.008399 | AE5: 9.3341244 | AF5: 54.507138 | AG5: 79.925909 | AH5: 37.467456 | AI5: 55.1237 | AJ5: 32.622942 | AK5: 70.310624 | AL5: 65.295625 | AM5: 34.882083 | AN5: 21.54884 | AO5: 46.725513 | AP5: 33.619055 | AQ5: 108.63089 | AR5: 62.332842 | AS5: 43.81449 | AT5: 27.523093 | AU5: 20.543168 | AV5: 42.635671 | AW5: 9.636513 | AX5: 26.644242
C6: 1.2 | D6: Unit Capital At The End Of The Period (Rs. In Crores) | E6: 143.3993 | F6: 86.912815 | G6: 91.191091 | H6: 89.205726 | I6: 29.356514 | J6: 32.894602 | K6: 125.87296 | L6: 26.403873 | M6: 11.256138 | N6: 4306.0745 | O6: 3.3724659 | P6: 4.6152179 | Q6: 1375.8982 | R6: 129.93313 | S6: 45.646514 | T6: 2.6884356 | U6: 9.7387901 | V6: 4.3260447 | W6: 4.761321 | X6: 0 | Y6: 0 | Z6: 0 | AA6: 15.242215 | AB6: 0 | AC6: 0 | AD6: 0 | AE6: 0 | AF6: 0 | AG6: 0 | AH6: 0 | AI6: 0 | AJ6: 32.622942 | AK6: 70.310624 | AL6: 65.295625 | AM6: 34.882083 | AN6: 21.54884 | AO6: 46.125513 | AP6: 33.619055 | AQ6: 147.26368 | AR6: 62.774556 | AS6: 43.81449 | AT6: 27.523093 | AU6: 20.543168 | AV6: 42.585671 | AW6: 9.636513 | AX6: 26.644242 | AZ6: 7223.98 | BA6: 7.22398e+10 | BB6: 6.7645278e+10
C7: 2 | D7: Reserves & surplus (Rs. In Crores) | E7: 93.678168 | F7: 137.83692 | G7: 237.85232 | H7: 125.15212 | I7: 94.435983 | J7: 79.616481 | K7: 405.13876 | L7: 62.109575 | M7: 7.898132 | N7: 7416.0332 | O7: 11.059655 | P7: 17.07904 | Q7: 1654.5019 | R7: 107.92332 | S7: 17.027061 | T7: 2.1134093 | U7: 6.4849512 | V7: 3.6719018 | W7: 3.2524199 | X7: 0 | Y7: 0 | Z7: 0 | AA7: 3.8381994 | AB7: 0 | AC7: 0 | AD7: 0 | AE7: 0 | AF7: 0 | AG7: 0 | AH7: 0 | AI7: 0 | AJ7: 6.4971837 | AK7: 19.630672 | AL7: 17.023577 | AM7: 1.0600147 | AN7: 5.5456072 | AO7: 32.964994 | AP7: 0.9914771 | AQ7: 55.312819 | AR7: 6.4751791 | AS7: 7.3552165 | AT7: 4.5311485 | AU7: 3.5294936 | AV7: 382.13641 | AW7: 299.4325 | AX7: 248.10043 | AZ7: 11577.29 | BB7: 0
C9: 3.1 | D9: Total Net Assets At The Beginning Of The Half-Year Period (Rs. In Crores) | E9: 219.10499 | F9: 96.668135 | G9: 354.4145 | H9: 237.09368 | I9: 96.455741 | J9: 117.14803 | K9: 511.93858 | L9: 115.90255 | M9: 19.873976 | N9: 11013.359 | O9: 15.576364 | P9: 20.826306 | Q9: 2668.9367 | R9: 456.32792 | S9: 63.563908 | T9: 5.1479735 | U9: 18.273095 | V9: 9.8966714 | W9: 8.7629901 | X9: 0 | Y9: 0 | Z9: 0 | AA9: 18.783598 | AB9: 0 | AC9: 40.887062 | AD9: 23.952183 | AE9: 11.746312 | AF9: 68.255304 | AG9: 99.884814 | AH9: 44.902491 | AI9: 60.53097 | AJ9: 38.242179 | AK9: 87.096619 | AL9: 79.697921 | AM9: 36.333611 | AN9: 26.215138 | AO9: 77.844155 | AP9: 34.786835 | AQ9: 138.23399 | AR9: 69.058472 | AS9: 49.45268 | AT9: 31.070417 | AU9: 23.361982 | AV9: 395.49892 | AW9: 290.05264 | AX9: 254.49572
C10: 3.2 | D10: Total Net Assets At The End Of The Period (Rs. In Crores) | E10: 237.07746 | F10: 224.74974 | G10: 329.04341 | H10: 214.35784 | I10: 123.7925 | J10: 112.51108 | K10: 531.01172 | L10: 88.513448 | M10: 19.15427 | N10: 11722.108 | O10: 14.432121 | P10: 21.694258 | Q10: 3030.4001 | R10: 237.85646 | S10: 62.673575 | T10: 4.8018449 | U10: 16.223741 | V10: 7.9979465 | W10: 8.013741 | X10: 0 | Y10: 0 | Z10: 0 | AA10: 19.080414 | AB10: 0 | AC10: 0 | AD10: 0 | AE10: 0 | AF10: 0 | AG10: 0 | AH10: 0 | AI10: 0 | AJ10: 39.120125 | AK10: 89.941296 | AL10: 82.319203 | AM10: 35.942097 | AN10: 27.094447 | AO10: 79.090507 | AP10: 34.610532 | AQ10: 202.5765 | AR10: 69.249735 | AS10: 51.169707 | AT10: 32.054242 | AU10: 24.072661 | AV10: 424.72208 | AW10: 309.06901 | AX10: 274.74467 | AZ10: 18801.27 | BA10: 1.880127e+11 | BB10: 0
C12: 4.1 | D12: NAV At The Beginning Of The Half-Year Period
C13: RD | D13: Dividend | E13: 15.5104 | F13: 14.9673 | G13: 13.8584 | H13: 16.2701 | I13: 16.4262 | J13: 0 | K13: 10.5118 | L13: 10.793 | M13: 0 | N13: 1098 | O13: 18.8967 | P13: 18.6922 | Q13: 10.1611 | R13: 10.1 | S13: 12.8017 | T13: 10.0741 | U13: 10.0427 | V13: 10.5869 | W13: 10.0707 | X13: 0 | Y13: 0 | Z13: 0 | AA13: 10.2313 | AB13: 0 | AC13: 12.2504 | AD13: 0 | AE13: 0 | AF13: 0 | AG13: 11.4714 | AH13: 11.9796 | AI13: 10.9516 | AJ13: 11.7047 | AK13: 12.2744 | AL13: 12.1209 | AM13: 10.3799 | AN13: 12.0682 | AO13: 0 | AP13: 10.3452 | AQ13: 12.661 | AR13: 11.0485 | AS13: 11.214 | AT13: 11.232 | AU13: 11.3138 | AV13: 0 | AW13: 0 | AX13: 0
C14: RG | D14: Growth | E14: 0 | F14: 91.5704 | G14: 42.3446 | H14: 22.1372 | I14: 54.3532 | J14: 49.4842 | K14: 44.5402 | L14: 35.9152 | M14: 16.8601 | N14: 2938.4147 | O14: 55.1289 | P14: 50.6745 | Q14: 24.9143 | R14: 20.5281 | S14: 12.801 | T14: 19.9513 | U14: 19.7266 | V14: 19.6318 | W14: 19.6401 | X14: 0 | Y14: 0 | Z14: 0 | AA14: 12.8276 | AB14: 0 | AC14: 12.2504 | AD14: 12.5675 | AE14: 12.5786 | AF14: 12.4015 | AG14: 12.482 | AH14: 11.9796 | AI14: 10.9515 | AJ14: 11.7047 | AK14: 12.2744 | AL14: 12.1206 | AM14: 10.3798 | AN14: 12.0682 | AO14: 16.6599 | AP14: 10.3451 | AQ14: 12.6608 | AR14: 11.049 | AS14: 11.214 | AT14: 11.232 | AU14: 11.3138 | AV14: 92.7624 | AW14: 300.9934 | AX14: 95.5162
C15: ZD | D15: Direct Dividend | E15: 15.8899 | F15: 15.4062 | G15: 16.7285 | H15: 18.0258 | I15: 17.023 | J15: 0 | K15: 10.9976 | L15: 11.2102 | M15: 0 | N15: 1098 | O15: 18.9287 | P15: 19.071 | Q15: 10.1 | R15: 10.2764 | S15: 13.2155 | T15: 10.0756 | U15: 10.044 | V15: 10.5265 | W15: 10.0735 | X15: 0 | Y15: 0 | Z15: 0 | AA15: 0 | AB15: 0 | AC15: 12.4292 | AD15: 0 | AE15: 0 | AF15: 0 | AG15: 0 | AH15: 0 | AI15: 11.0501 | AJ15: 11.7624 | AK15: 0 | AL15: 12.2385 | AM15: 10.5008 | AN15: 0 | AO15: 0 | AP15: 10.3525 | AQ15: 12.8869 | AR15: 11.1787 | AS15: 11.4417 | AT15: 11.4184 | AU15: 11.4817 | AV15: 0 | AW15: 0 | AX15: 0
C16: ZG | D16: Direct Growth | E16: 0 | F16: 94.3296 | G16: 43.3731 | H16: 22.8644 | I16: 56.2755 | J16: 50.9224 | K16: 45.5262 | L16: 37.1569 | M16: 17.5428 | N16: 2949.0255 | O16: 56.3676 | P16: 51.7623 | Q16: 25.7509 | R16: 21.154 | S16: 13.2874 | T16: 20.03 | U16: 19.8093 | V16: 19.7784 | W16: 19.7634 | X16: 0 | Y16: 0 | Z16: 0 | AA16: 13.0343 | AB16: 0 | AC16: 12.4291 | AD16: 12.6815 | AE16: 12.6036 | AF16: 12.5745 | AG16: 12.5061 | AH16: 12.061 | AI16: 11.0501 | AJ16: 11.7621 | AK16: 12.4099 | AL16: 12.2385 | AM16: 10.5008 | AN16: 12.2397 | AO16: 0 | AP16: 10.3528 | AQ16: 12.893 | AR16: 11.1864 | AS16: 11.4417 | AT16: 11.4184 | AU16: 11.4817 | AV16: 0 | AW16: 0 | AX16: 0
C17: RM | D17: Monthly Dividend | E17: 0 | F17: 0 | G17: 0 | H17: 0 | I17: 0 | J17: 10.5884 | K17: 0 | L17: 0 | M17: 0 | N17: 0 | O17: 0 | P17: 0 | Q17: 10.1804 | R17: 10.1184 | S17: 0 | T17: 0 | U17: 0 | V17: 0 | W17: 0 | X17: 0 | Y17: 0 | Z17: 0 | AA17: 0 | AB17: 0 | AC17: 0 | AD17: 0 | AE17: 0 | AF17: 0 | AG17: 0 | AH17: 0 | AI17: 0 | AJ17: 0 | AK17: 0 | AL17: 0 | AM17: 0 | AN17: 0 | AO17: 0 | AP17: 0 | AQ17: 0 | AR17: 0 | AS17: 0 | AT17: 0 | AU17: 0 | AV17: 0 | AW17: 0 | AX17: 0
C18: RQ | D18: Quarterly Dividend | E18: 0 | F18: 0 | G18: 0 | H18: 0 | I18: 0 | J18: 10.7261 | K18: 0 | L18: 0 | M18: 0 | N18: 0 | O18: 0 | P18: 0 | Q18: 0 | R18: 0 | S18: 0 | T18: 0 | U18: 0 | V18: 0 | W18: 0 | X18: 0 | Y18: 0 | Z18: 0 | AA18: 0 | AB18: 0 | AC18: 0 | AD18: 0 | AE18: 0 | AF18: 0 | AG18: 0 | AH18: 0 | AI18: 0 | AJ18: 0 | AK18: 0 | AL18: 0 | AM18: 0 | AN18: 0 | AO18: 0 | AP18: 0 | AQ18: 0 | AR18: 0 | AS18: 0 | AT18: 0 | AU18: 0 | AV18: 0 | AW18: 0 | AX18: 0
C19: RY | D19: Yearly Dividend | E19: 0 | F19: 0 | G19: 0 | H19: 0 | I19: 0 | J19: 11.9152 | K19: 0 | L19: 0 | M19: 0 | N19: 0 | O19: 0 | P19: 0 | Q19: 0 | R19: 0 | S19: 0 | T19: 0 | U19: 0 | V19: 0 | W19: 0 | X19: 0 | Y19: 0 | Z19: 0 | AA19: 0 | AB19: 0 | AC19: 0 | AD19: 0 | AE19: 0 | AF19: 0 | AG19: 0 | AH19: 0 | AI19: 0 | AJ19: 0 | AK19: 0 | AL19: 0 | AM19: 0 | AN19: 0 | AO19: 0 | AP19: 0 | AQ19: 0 | AR19: 0 | AS19: 0 | AT19: 0 | AU19: 0 | AV19: 0 | AW19: 0 | AX19: 0
C20: ZM | D20: Direct Monthly Dividend | E20: 0 | F20: 0 | G20: 0 | H20: 0 | I20: 0 | J20: 10.6312 | K20: 0 | L20: 0 | M20: 0 | N20: 0 | O20: 0 | P20: 0 | Q20: 13.4806 | R20: 0 | S20: 0 | T20: 0 | U20: 0 | V20: 0 | W20: 0 | X20: 0 | Y20: 0 | Z20: 0 | AA20: 0 | AB20: 0 | AC20: 0 | AD20: 0 | AE20: 0 | AF20: 0 | AG20: 0 | AH20: 0 | AI20: 0 | AJ20: 0 | AK20: 0 | AL20: 0 | AM20: 0 | AN20: 0 | AO20: 0 | AP20: 0 | AQ20: 0 | AR20: 0 | AS20: 0 | AT20: 0 | AU20: 0 | AV20: 0 | AW20: 0 | AX20: 0
C21: ZQ | D21: Direct Quarterly Dividend | E21: 0 | F21: 0 | G21: 0 | H21: 0 | I21: 0 | J21: 11.1027 | K21: 0 | L21: 0 | M21: 0 | N21: 0 | O21: 0 | P21: 0 | Q21: 0 | R21: 0 | S21: 0 | T21: 0 | U21: 0 | V21: 0 | W21: 0 | X21: 0 | Y21: 0 | Z21: 0 | AA21: 0 | AB21: 0 | AC21: 0 | AD21: 0 | AE21: 0 | AF21: 0 | AG21: 0 | AH21: 0 | AI21: 0 | AJ21: 0 | AK21: 0 | AL21: 0 | AM21: 0 | AN21: 0 | AO21: 0 | AP21: 0 | AQ21: 0 | AR21: 0 | AS21: 0 | AT21: 0 | AU21: 0 | AV21: 0 | AW21: 0 | AX21: 0
C22: ZY | D22: Direct Yearly Dividend | E22: 0 | F22: 0 | G22: 0 | H22: 0 | I22: 0 | J22: 12.2324 | K22: 0 | L22: 0 | M22: 0 | N22: 0 | O22: 0 | P22: 0 | Q22: 0 | R22: 0 | S22: 0 | T22: 0 | U22: 0 | V22: 0 | W22: 0 | X22: 0 | Y22: 0 | Z22: 0 | AA22: 0 | AB22: 0 | AC22: 0 | AD22: 0 | AE22: 0 | AF22: 0 | AG22: 0 | AH22: 0 | AI22: 0 | AJ22: 0 | AK22: 0 | AL22: 0 | AM22: 0 | AN22: 0 | AO22: 0 | AP22: 0 | AQ22: 0 | AR22: 0 | AS22: 0 | AT22: 0 | AU22: 0 | AV22: 0 | AW22: 0 | AX22: 0
C23: PD | D23: PF Dividend | E23: 0 | F23: 0 | G23: 0 | H23: 0 | I23: 0 | J23: 0 | K23: 0 | L23: 13.4332 | M23: 0 | N23: 0 | O23: 0 | P23: 0 | Q23: 0 | R23: 0 | S23: 0 | T23: 0 | U23: 0 | V23: 0 | W23: 0 | X23: 0 | Y23: 0 | Z23: 0 | AA23: 0 | AB23: 0 | AC23: 0 | AD23: 0 | AE23: 0 | AF23: 0 | AG23: 0 | AH23: 0 | AI23: 0 | AJ23: 0 | AK23: 0 | AL23: 0 | AM23: 0 | AN23: 0 | AO23: 0 | AP23: 0 | AQ23: 0 | AR23: 0 | AS23: 0 | AT23: 0 | AU23: 0 | AV23: 0 | AW23: 0 | AX23: 0
C24: PG | D24: PF Growth | E24: 0 | F24: 0 | G24: 0 | H24: 0 | I24: 0 | J24: 0 | K24: 0 | L24: 20.7592 | M24: 0 | N24: 0 | O24: 0 | P24: 0 | Q24: 0 | R24: 0 | S24: 0 | T24: 0 | U24: 0 | V24: 0 | W24: 0 | X24: 0 | Y24: 0 | Z24: 0 | AA24: 0 | AB24: 0 | AC24: 0 | AD24: 0 | AE24: 0 | AF24: 0 | AG24: 0 | AH24: 0 | AI24: 0 | AJ24: 0 | AK24: 0 | AL24: 0 | AM24: 0 | AN24: 0 | AO24: 0 | AP24: 0 | AQ24: 0 | AR24: 0 | AS24: 0 | AT24: 0 | AU24: 0 | AV24: 0 | AW24: 0 | AX24: 0
... C26: ZW | D26: Direct weekly Dividend | E26: 0 | F26: 0 | G26: 0 | H26: 0 | I26: 0 | J26: 0 | K26: 0 | L26: 0 | M26: 0 | N26: 0 | O26: 0 | P26: 0 | Q26: 10.5702 | R26: 10.1142 | S26: 0 | T26: 0 | U26: 0 | V26: 0 | W26: 0 | X26: 0 | Y26: 0 | Z26: 0 | AA26: 0 | AB26: 0 | AC26: 0 | AD26: 0 | AE26: 0 | AF26: 0 | AG26: 0 | AH26: 0 | AI26: 0 | AJ26: 0 | AK26: 0 | AL26: 0 | AM26: 0 | AN26: 0 | AO26: 0 | AP26: 0 | AQ26: 0 | AR26: 0 | AS26: 0 | AT26: 0 | AU26: 0 | AV26: 0 | AW26: 0 | AX26: 0
C29: 4.2 | D29: NAV At The End Of The Period
C30: RD | D30: Dividend | E30: 16.5232 | F30: 14.3344 | G30: 13.6116 | H30: 17.2766 | I30: 17.2092 | J30: 0 | K30: 10.469 | L30: 10.8006 | M30: 0 | N30: 1098 | O30: 19.9548 | P30: 19.9922 | Q30: 10.1611 | R30: 10.1276 | S30: 13.6235 | T30: 10.0642 | U30: 10.0272 | V30: 10.392 | W30: 10.0651 | X30: 0 | Y30: 0 | Z30: 0 | AA30: 10.3917 | AB30: 0 | AC30: 0 | AD30: 0 | AE30: 0 | AF30: 0 | AG30: 0 | AH30: 0 | AI30: 0 | AJ30: 11.9716 | AK30: 12.6506 | AL30: 12.4996 | AM30: 10.2613 | AN30: 12.4492 | AO30: 0 | AP30: 10.2931 | AQ30: 13.214 | AR30: 11.0035 | AS30: 11.5804 | AT30: 11.5685 | AU30: 11.6364 | AV30: 0 | AW30: 0 | AX30: 0 | AZ30: 11224.922 | BA30: 0
C31: RG | D31: Growth | E31: 0 | F31: 91.3413 | G31: 41.5905 | H31: 24.022 | I31: 58.6231 | J31: 50.503 | K31: 46.0635 | L31: 36.9376 | M31: 16.9609 | N31: 3034.2007 | O31: 58.2172 | P31: 54.1988 | Q31: 25.7317 | R31: 21.1961 | S31: 13.6227 | T31: 20.4979 | U31: 20.2713 | V31: 20.1801 | W31: 20.1794 | X31: 0 | Y31: 0 | Z31: 0 | AA31: 13.0286 | AB31: 0 | AC31: 0 | AD31: 0 | AE31: 0 | AF31: 0 | AG31: 0 | AH31: 0 | AI31: 0 | AJ31: 11.9716 | AK31: 12.6506 | AL31: 12.4996 | AM31: 10.2612 | AN31: 12.4492 | AO31: 17.1437 | AP31: 10.293 | AQ31: 13.7149 | AR31: 11.0045 | AS31: 11.5804 | AT31: 11.5684 | AU31: 11.6364 | AV31: 99.7338 | AW31: 320.7278 | AX31: 103.1167
C32: ZD | D32: Direct Dividend | E32: 17.0414 | F32: 14.8591 | G32: 16.5252 | H32: 19.3038 | I32: 17.9637 | J32: 0 | K32: 11.4009 | L32: 11.2701 | M32: 0 | N32: 1098 | O32: 20.0389 | P32: 20.4535 | Q32: 10.1 | R32: 10.2475 | S32: 14.1495 | T32: 10.0657 | U32: 10.028 | V32: 0 | W32: 10.0675 | X32: 0 | Y32: 0 | Z32: 0 | AA32: 0 | AB32: 0 | AC32: 0 | AD32: 0 | AE32: 0 | AF32: 0 | AG32: 0 | AH32: 0 | AI32: 0 | AJ32: 12.0336 | AK32: 0 | AL32: 12.6458 | AM32: 10.4056 | AN32: 0 | AO32: 0 | AP32: 10.3019 | AQ32: 13.5758 | AR32: 11.2281 | AS32: 11.8848 | AT32: 11.8209 | AU32: 11.8693 | AV32: 0 | AW32: 0 | AX32: 0
C33: ZG | D33: Direct Growth | E33: 0 | F33: 94.6414 | G33: 42.8481 | H33: 24.9664 | I33: 61.0857 | J33: 52.1908 | K33: 47.1966 | L33: 38.361 | M33: 17.723 | N33: 3047.2959 | O33: 59.6934 | P33: 55.5164 | Q33: 26.689 | R33: 21.9177 | S33: 14.2314 | T33: 20.5909 | U33: 20.3705 | V33: 20.3409 | W33: 20.3326 | X33: 0 | Y33: 0 | Z33: 0 | AA33: 13.2715 | AB33: 0 | AC33: 0 | AD33: 0 | AE33: 0 | AF33: 0 | AG33: 0 | AH33: 0 | AI33: 0 | AJ33: 12.0334 | AK33: 12.8177 | AL33: 12.6458 | AM33: 10.4057 | AN33: 12.6648 | AO33: 0 | AP33: 10.3022 | AQ33: 14.084 | AR33: 11.2392 | AS33: 11.8848 | AT33: 11.8209 | AU33: 11.8693 | AV33: 0 | AW33: 0 | AX33: 0
C34: RM | D34: Monthly Dividend | E34: 0 | F34: 0 | G34: 0 | H34: 0 | I34: 0 | J34: 10.5047 | K34: 0 | L34: 0 | M34: 0 | N34: 0 | O34: 0 | P34: 0 | Q34: 10.1203 | R34: 10.1006 | S34: 0 | T34: 0 | U34: 0 | V34: 0 | W34: 0 | X34: 0 | Y34: 0 | Z34: 0 | AA34: 0 | AB34: 0 | AC34: 0 | AD34: 0 | AE34: 0 | AF34: 0 | AG34: 0 | AH34: 0 | AI34: 0 | AJ34: 0 | AK34: 0 | AL34: 0 | AM34: 0 | AN34: 0 | AO34: 0 | AP34: 0 | AQ34: 0 | AR34: 0 | AS34: 0 | AT34: 0 | AU34: 0 | AV34: 0 | AW34: 0 | AX34: 0
C35: RQ | D35: Quarterly Dividend | E35: 0 | F35: 0 | G35: 0 | H35: 0 | I35: 0 | J35: 10.6462 | K35: 0 | L35: 0 | M35: 0 | N35: 0 | O35: 0 | P35: 0 | Q35: 0 | R35: 0 | S35: 0 | T35: 0 | U35: 0 | V35: 0 | W35: 0 | X35: 0 | Y35: 0 | Z35: 0 | AA35: 0 | AB35: 0 | AC35: 0 | AD35: 0 | AE35: 0 | AF35: 0 | AG35: 0 | AH35: 0 | AI35: 0 | AJ35: 0 | AK35: 0 | AL35: 0 | AM35: 0 | AN35: 0 | AO35: 0 | AP35: 0 | AQ35: 0 | AR35: 0 | AS35: 0 | AT35: 0 | AU35: 0 | AV35: 0 | AW35: 0 | AX35: 0
C36: RY | D36: Yearly Dividend | E36: 0 | F36: 0 | G36: 0 | H36: 0 | I36: 0 | J36: 11.5512 | K36: 0 | L36: 0 | M36: 0 | N36: 0 | O36: 0 | P36: 0 | Q36: 0 | R36: 0 | S36: 0 | T36: 0 | U36: 0 | V36: 0 | W36: 0 | X36: 0 | Y36: 0 | Z36: 0 | AA36: 0 | AB36: 0 | AC36: 0 | AD36: 0 | AE36: 0 | AF36: 0 | AG36: 0 | AH36: 0 | AI36: 0 | AJ36: 0 | AK36: 0 | AL36: 0 | AM36: 0 | AN36: 0 | AO36: 0 | AP36: 0 | AQ36: 0 | AR36: 0 | AS36: 0 | AT36: 0 | AU36: 0 | AV36: 0 | AW36: 0 | AX36: 0
C37: ZM | D37: Direct Monthly Dividend | E37: 0 | F37: 0 | G37: 0 | H37: 0 | I37: 0 | J37: 10.5863 | K37: 0 | L37: 0 | M37: 0 | N37: 0 | O37: 0 | P37: 0 | Q37: 13.966 | R37: 10.2181 | S37: 0 | T37: 0 | U37: 0 | V37: 0 | W37: 0 | X37: 0 | Y37: 0 | Z37: 0 | AA37: 0 | AB37: 0 | AC37: 0 | AD37: 0 | AE37: 0 | AF37: 0 | AG37: 0 | AH37: 0 | AI37: 0 | AJ37: 0 | AK37: 0 | AL37: 0 | AM37: 0 | AN37: 0 | AO37: 0 | AP37: 0 | AQ37: 0 | AR37: 0 | AS37: 0 | AT37: 0 | AU37: 0 | AV37: 0 | AW37: 0 | AX37: 0
C38: ZQ | D38: Direct Quarterly Dividend | E38: 0 | F38: 0 | G38: 0 | H38: 0 | I38: 0 | J38: 11.0698 | K38: 0 | L38: 0 | M38: 0 | N38: 0 | O38: 0 | P38: 0 | Q38: 0 | R38: 0 | S38: 0 | T38: 0 | U38: 0 | V38: 0 | W38: 0 | X38: 0 | Y38: 0 | Z38: 0 | AA38: 0 | AB38: 0 | AC38: 0 | AD38: 0 | AE38: 0 | AF38: 0 | AG38: 0 | AH38: 0 | AI38: 0 | AJ38: 0 | AK38: 0 | AL38: 0 | AM38: 0 | AN38: 0 | AO38: 0 | AP38: 0 | AQ38: 0 | AR38: 0 | AS38: 0 | AT38: 0 | AU38: 0 | AV38: 0 | AW38: 0 | AX38: 0
C39: ZY | D39: Direct Yearly Dividend | E39: 0 | F39: 0 | G39: 0 | H39: 0 | I39: 0 | J39: 11.9174 | K39: 0 | L39: 0 | M39: 0 | N39: 0 | O39: 0 | P39: 0 | Q39: 0 | R39: 0 | S39: 0 | T39: 0 | U39: 0 | V39: 0 | W39: 0 | X39: 0 | Y39: 0 | Z39: 0 | AA39: 0 | AB39: 0 | AC39: 0 | AD39: 0 | AE39: 0 | AF39: 0 | AG39: 0 | AH39: 0 | AI39: 0 | AJ39: 0 | AK39: 0 | AL39: 0 | AM39: 0 | AN39: 0 | AO39: 0 | AP39: 0 | AQ39: 0 | AR39: 0 | AS39: 0 | AT39: 0 | AU39: 0 | AV39: 0 | AW39: 0 | AX39: 0
C40: PD | D40: PF Dividend | E40: 0 | F40: 0 | G40: 0 | H40: 0 | I40: 0 | J40: 0 | K40: 0 | L40: 13.805 | M40: 0 | N40: 0 | O40: 0 | P40: 0 | Q40: 0 | R40: 0 | S40: 0 | T40: 0 | U40: 0 | V40: 0 | W40: 0 | X40: 0 | Y40: 0 | Z40: 0 | AA40: 0 | AB40: 0 | AC40: 0 | AD40: 0 | AE40: 0 | AF40: 0 | AG40: 0 | AH40: 0 | AI40: 0 | AJ40: 0 | AK40: 0 | AL40: 0 | AM40: 0 | AN40: 0 | AO40: 0 | AP40: 0 | AQ40: 0 | AR40: 0 | AS40: 0 | AT40: 0 | AU40: 0 | AV40: 0 | AW40: 0 | AX40: 0
C41: PG | D41: PF Growth | E41: 0 | F41: 0 | G41: 0 | H41: 0 | I41: 0 | J41: 0 | K41: 0 | L41: 21.3337 | M41: 0 | N41: 0 | O41: 0 | P41: 0 | Q41: 0 | R41: 0 | S41: 0 | T41: 0 | U41: 0 | V41: 0 | W41: 0 | X41: 0 | Y41: 0 | Z41: 0 | AA41: 0 | AB41: 0 | AC41: 0 | AD41: 0 | AE41: 0 | AF41: 0 | AG41: 0 | AH41: 0 | AI41: 0 | AJ41: 0 | AK41: 0 | AL41: 0 | AM41: 0 | AN41: 0 | AO41: 0 | AP41: 0 | AQ41: 0 | AR41: 0 | AS41: 0 | AT41: 0 | AU41: 0 | AV41: 0 | AW41: 0 | AX41: 0
C42: RW | D42: Weekly Dividend | E42: 0 | F42: 0 | G42: 0 | H42: 0 | I42: 0 | J42: 0 | K42: 0 | L42: 0 | M42: 0 | N42: 0 | O42: 0 | P42: 0 | Q42: 10.1399 | R42: 10.1059 | S42: 0 | T42: 0 | U42: 0 | V42: 0 | W42: 0 | X42: 0 | Y42: 0 | Z42: 0 | AA42: 0 | AB42: 0 | AC42: 0 | AD42: 0 | AE42: 0 | AF42: 0 | AG42: 0 | AH42: 0 | AI42: 0 | AJ42: 0 | AK42: 0 | AL42: 0 | AM42: 0 | AN42: 0 | AO42: 0 | AP42: 0 | AQ42: 0 | AR42: 0 | AS42: 0 | AT42: 0 | AU42: 0 | AV42: 0 | AW42: 0 | AX42: 0
C43: ZW | D43: Direct weekly Dividend | E43: 0 | F43: 0 | G43: 0 | H43: 0 | I43: 0 | J43: 0 | K43: 0 | L43: 0 | M43: 0 | N43: 0 | O43: 0 | P43: 0 | Q43: 10.5687 | R43: 10.1064 | S43: 0 | T43: 0 | U43: 0 | V43: 0 | W43: 0 | X43: 0 | Y43: 0 | Z43: 0 | AA43: 0 | AB43: 0 | AC43: 0 | AD43: 0 | AE43: 0 | AF43: 0 | AG43: 0 | AH43: 0 | AI43: 0 | AJ43: 0 | AK43: 0 | AL43: 0 | AM43: 0 | AN43: 0 | AO43: 0 | AP43: 0 | AQ43: 0 | AR43: 0 | AS43: 0 | AT43: 0 | AU43: 0 | AV43: 0 | AW43: 0 | AX43: 0
C45: 4.3 | D45: Dividend Paid Per Unit During The Half-Year
D47: Daily Dividend
C48: RD | D48: i) Individual | E48: 0 | F48: 0.6 | G48: 0 | H48: 0.375 | I48: 0.5 | J48: 0 | K48: 0.28890608 | L48: 0.21667956 | M48: 0 | N48: 25.441174 | O48: 0 | P48: 0 | Q48: 0.2369237 | R48: 0.21403589 | S48: 0 | T48: 0 | U48: 0 | V48: 0 | W48: 0 | X48: 0 | Y48: 0 | Z48: 0 | AA48: 0 | AB48: 0 | AC48: 1.7167776 | AD48: 0 | AE48: 0 | AF48: 0 | AG48: 1.2174484 | AH48: 1.6465597 | AI48: 0.89658359 | AJ48: 0 | AK48: 0 | AL48: 0 | AM48: 0 | AN48: 0 | AO48: 0 | AP48: 0 | AQ48: 0.5 | AR48: 0 | AS48: 0 | AT48: 0 | AU48: 0 | AV48: 0 | AW48: 0 | AX48: 0 | AZ48: 136.94281 | BA48: 0
C49: RD | D49: ii) Non-Individual | E49: 0 | F49: 0.6 | G49: 0 | H49: 0.375 | I49: 0.5 | J49: 0 | K49: 0.26766596 | L49: 0.20074946 | M49: 0 | N49: 23.570761 | O49: 0 | P49: 0 | Q49: 0.21950527 | R49: 0.19830014 | S49: 0 | T49: 0 | U49: 0 | V49: 0 | W49: 0 | X49: 0 | Y49: 0 | Z49: 0 | AA49: 0 | AB49: 0 | AC49: 1.5905616 | AD49: 0 | AE49: 0 | AF49: 0 | AG49: 1.1279427 | AH49: 1.5255061 | AI49: 0.89658359 | AJ49: 0 | AK49: 0 | AL49: 0 | AM49: 0 | AN49: 0 | AO49: 0 | AP49: 0 | AQ49: 0.5 | AR49: 0 | AS49: 0 | AT49: 0 | AU49: 0 | AV49: 0 | AW49: 0 | AX49: 0
D50: Weekly Dividend
C51: RW | D51: i) Individual | E51: 0 | F51: 0 | G51: 0 | H51: 0 | I51: 0 | J51: 0 | K51: 0 | L51: 0 | M51: 0 | N51: 0 | O51: 0 | P51: 0 | Q51: 0.21514698 | R51: 0.23927897 | S51: 0 | T51: 0 | U51: 0 | V51: 0 | W51: 0 | X51: 0 | Y51: 0 | Z51: 0 | AA51: 0 | AB51: 0 | AC51: 0 | AD51: 0 | AE51: 0 | AF51: 0 | AG51: 0 | AH51: 0 | AI51: 0 | AJ51: 0 | AK51: 0 | AL51: 0 | AM51: 0 | AN51: 0 | AO51: 0 | AP51: 0 | AQ51: 0 | AR51: 0 | AS51: 0 | AT51: 0 | AU51: 0 | AV51: 0 | AW51: 0 | AX51: 0
C52: RW | D52: ii) Non-Individual | E52: 0 | F52: 0 | G52: 0 | H52: 0 | I52: 0 | J52: 0 | K52: 0 | L52: 0 | M52: 0 | N52: 0 | O52: 0 | P52: 0 | Q52: 0.19932957 | R52: 0.22168742 | S52: 0 | T52: 0 | U52: 0 | V52: 0 | W52: 0 | X52: 0 | Y52: 0 | Z52: 0 | AA52: 0 | AB52: 0 | AC52: 0 | AD52: 0 | AE52: 0 | AF52: 0 | AG52: 0 | AH52: 0 | AI52: 0 | AJ52: 0 | AK52: 0 | AL52: 0 | AM52: 0 | AN52: 0 | AO52: 0 | AP52: 0 | AQ52: 0 | AR52: 0 | AS52: 0 | AT52: 0 | AU52: 0 | AV52: 0 | AW52: 0 | AX52: 0
D53: PF Dividend
C54: PD | D54: i) Individual | E54: 0 | F54: 0 | G54: 0 | H54: 0 | I54: 0 | J54: 0 | K54: 0 | L54: 0 | M54: 0 | N54: 0 | O54: 0 | P54: 0 | Q54: 0 | R54: 0 | S54: 0 | T54: 0 | U54: 0 | V54: 0 | W54: 0 | X54: 0 | Y54: 0 | Z54: 0 | AA54: 0 | AB54: 0 | AC54: 0 | AD54: 0 | AE54: 0 | AF54: 0 | AG54: 0 | AH54: 0 | AI54: 0 | AJ54: 0 | AK54: 0 | AL54: 0 | AM54: 0 | AN54: 0 | AO54: 0 | AP54: 0 | AQ54: 0 | AR54: 0 | AS54: 0 | AT54: 0 | AU54: 0 | AV54: 0 | AW54: 0 | AX54: 0
C55: PD | D55: ii) Non-Individual | E55: 0 | F55: 0 | G55: 0 | H55: 0 | I55: 0 | J55: 0 | K55: 0 | L55: 0 | M55: 0 | N55: 0 | O55: 0 | P55: 0 | Q55: 0 | R55: 0 | S55: 0 | T55: 0 | U55: 0 | V55: 0 | W55: 0 | X55: 0 | Y55: 0 | Z55: 0 | AA55: 0 | AB55: 0 | AC55: 0 | AD55: 0 | AE55: 0 | AF55: 0 | AG55: 0 | AH55: 0 | AI55: 0 | AJ55: 0 | AK55: 0 | AL55: 0 | AM55: 0 | AN55: 0 | AO55: 0 | AP55: 0 | AQ55: 0 | AR55: 0 | AS55: 0 | AT55: 0 | AU55: 0 | AV55: 0 | AW55: 0 | AX55: 0
D56: Monthly Dividend
C57: RM | D57: i) Individual | E57: 0 | F57: 0 | G57: 0 | H57: 0 | I57: 0 | J57: 0.21667956 | K57: 0 | L57: 0 | M57: 0 | N57: 0 | O57: 0 | P57: 0 | Q57: 0.28116031 | R57: 0.24716962 | S57: 0 | T57: 0 | U57: 0.20839068 | V57: 0 | W57: 0 | X57: 0 | Y57: 0 | Z57: 0 | AA57: 0 | AB57: 0 | AC57: 0 | AD57: 0 | AE57: 0 | AF57: 0 | AG57: 0 | AH57: 0 | AI57: 0 | AJ57: 0 | AK57: 0 | AL57: 0 | AM57: 0 | AN57: 0 | AO57: 0 | AP57: 0 | AQ57: 0 | AR57: 0 | AS57: 0 | AT57: 0 | AU57: 0 | AV57: 0 | AW57: 0 | AX57: 0
C58: RM | D58: ii) Non-Individual | E58: 0 | F58: 0 | G58: 0 | H58: 0 | I58: 0 | J58: 0.20074944 | K58: 0 | L58: 0 | M58: 0 | N58: 0 | O58: 0 | P58: 0 | Q58: 0.26048965 | R58: 0.22899792 | S58: 0 | T58: 0 | U58: 0.19306998 | V58: 0 | W58: 0 | X58: 0 | Y58: 0 | Z58: 0 | AA58: 0 | AB58: 0 | AC58: 0 | AD58: 0 | AE58: 0 | AF58: 0 | AG58: 0 | AH58: 0 | AI58: 0 | AJ58: 0 | AK58: 0 | AL58: 0 | AM58: 0 | AN58: 0 | AO58: 0 | AP58: 0 | AQ58: 0 | AR58: 0 | AS58: 0 | AT58: 0 | AU58: 0 | AV58: 0 | AW58: 0 | AX58: 0
D59: Quarterly Dividend
C60: RQ | D60: i) Individual | E60: 0 | F60: 0 | G60: 0 | H60: 0 | I60: 0 | J60: 0.21667956 | K60: 0 | L60: 0 | M60: 0 | N60: 0 | O60: 0 | P60: 0 | Q60: 0 | R60: 0 | S60: 0 | T60: 0.20365006 | U60: 0 | V60: 0 | W60: 0.2010064 | X60: 0 | Y60: 0 | Z60: 0 | AA60: 0 | AB60: 0 | AC60: 0 | AD60: 0 | AE60: 0 | AF60: 0 | AG60: 0 | AH60: 0 | AI60: 0 | AJ60: 0 | AK60: 0 | AL60: 0 | AM60: 0 | AN60: 0 | AO60: 0 | AP60: 0 | AQ60: 0 | AR60: 0 | AS60: 0 | AT60: 0 | AU60: 0 | AV60: 0 | AW60: 0 | AX60: 0
C61: RQ | D61: ii) Non-Individual | E61: 0 | F61: 0 | G61: 0 | H61: 0 | I61: 0 | J61: 0.20074946 | K61: 0 | L61: 0 | M61: 0 | N61: 0 | O61: 0 | P61: 0 | Q61: 0 | R61: 0 | S61: 0 | T61: 0.18867788 | U61: 0 | V61: 0 | W61: 0.18622859 | X61: 0 | Y61: 0 | Z61: 0 | AA61: 0 | AB61: 0 | AC61: 0 | AD61: 0 | AE61: 0 | AF61: 0 | AG61: 0 | AH61: 0 | AI61: 0 | AJ61: 0 | AK61: 0 | AL61: 0 | AM61: 0 | AN61: 0 | AO61: 0 | AP61: 0 | AQ61: 0 | AR61: 0 | AS61: 0 | AT61: 0 | AU61: 0 | AV61: 0 | AW61: 0 | AX61: 0
D62: Yearly Dividend
C63: RY | D63: i) Individual | E63: 0 | F63: 0 | G63: 0 | H63: 0 | I63: 0 | J63: 0.43335912 | K63: 0 | L63: 0 | M63: 0 | N63: 0 | O63: 0 | P63: 0 | Q63: 0 | R63: 0 | S63: 0 | T63: 0 | U63: 0 | V63: 0.34755401 | W63: 0 | X63: 0 | Y63: 0 | Z63: 0 | AA63: 0 | AB63: 0 | AC63: 0 | AD63: 0 | AE63: 0 | AF63: 0 | AG63: 0 | AH63: 0 | AI63: 0 | AJ63: 0 | AK63: 0 | AL63: 0 | AM63: 0 | AN63: 0 | AO63: 0 | AP63: 0 | AQ63: 0 | AR63: 0 | AS63: 0 | AT63: 0 | AU63: 0 | AV63: 0 | AW63: 0 | AX63: 0
C64: RY | D64: ii) Non-Individual | E64: 0 | F64: 0 | G64: 0 | H64: 0 | I64: 0 | J64: 0.40149893 | K64: 0 | L64: 0 | M64: 0 | N64: 0 | O64: 0 | P64: 0 | Q64: 0 | R64: 0 | S64: 0 | T64: 0 | U64: 0 | V64: 0.32200214 | W64: 0 | X64: 0 | Y64: 0 | Z64: 0 | AA64: 0 | AB64: 0 | AC64: 0 | AD64: 0 | AE64: 0 | AF64: 0 | AG64: 0 | AH64: 0 | AI64: 0 | AJ64: 0 | AK64: 0 | AL64: 0 | AM64: 0 | AN64: 0 | AO64: 0 | AP64: 0 | AQ64: 0 | AR64: 0 | AS64: 0 | AT64: 0 | AU64: 0 | AV64: 0 | AW64: 0 | AX64: 0
D65: Direct Daily Dividend
C66: ZD | D66: i) Individual | E66: 0 | F66: 0.6 | G66: 0 | H66: 0.375 | I66: 0.5 | J66: 0 | K66: 0 | L66: 0.21667956 | M66: 0 | N66: 25.998397 | O66: 0 | P66: 0 | Q66: 0.26078429 | R66: 0.28103756 | S66: 0 | T66: 0 | U66: 0 | V66: 0 | W66: 0 | X66: 0 | Y66: 0 | Z66: 0 | AA66: 0 | AB66: 0 | AC66: 1.8557974 | AD66: 0 | AE66: 0 | AF66: 0 | AG66: 0 | AH66: 0 | AI66: 0.99959543 | AJ66: 0 | AK66: 0 | AL66: 0 | AM66: 0 | AN66: 0 | AO66: 0 | AP66: 0 | AQ66: 0.5 | AR66: 0 | AS66: 0 | AT66: 0 | AU66: 0 | AV66: 0 | AW66: 0 | AX66: 0
C67: ZD | D67: ii) Non-Individual | E67: 0 | F67: 0.6 | G67: 0 | H67: 0.375 | I67: 0.5 | J67: 0 | K67: 0 | L67: 0.20074946 | M67: 0 | N67: 24.087017 | O67: 0 | P67: 0 | Q67: 0.24161162 | R67: 0.26037603 | S67: 0 | T67: 0 | U67: 0 | V67: 0 | W67: 0 | X67: 0 | Y67: 0 | Z67: 0 | AA67: 0 | AB67: 0 | AC67: 1.7193608 | AD67: 0 | AE67: 0 | AF67: 0 | AG67: 0 | AH67: 0 | AI67: 0.99959543 | AJ67: 0 | AK67: 0 | AL67: 0 | AM67: 0 | AN67: 0 | AO67: 0 | AP67: 0 | AQ67: 0.5 | AR67: 0 | AS67: 0 | AT67: 0 | AU67: 0 | AV67: 0 | AW67: 0 | AX67: 0
D68: Direct Weekly Dividend
C69: ZW | D69: i) Individual | E69: 0 | F69: 0 | G69: 0 | H69: 0 | I69: 0 | J69: 0 | K69: 0 | L69: 0 | M69: 0 | N69: 0 | O69: 0 | P69: 0 | Q69: 0.27399948 | R69: 0.26175233 | S69: 0 | T69: 0 | U69: 0 | V69: 0 | W69: 0 | X69: 0 | Y69: 0 | Z69: 0 | AA69: 0 | AB69: 0 | AC69: 0 | AD69: 0 | AE69: 0 | AF69: 0 | AG69: 0 | AH69: 0 | AI69: 0 | AJ69: 0 | AK69: 0 | AL69: 0 | AM69: 0 | AN69: 0 | AO69: 0 | AP69: 0 | AQ69: 0 | AR69: 0 | AS69: 0 | AT69: 0 | AU69: 0 | AV69: 0 | AW69: 0 | AX69: 0
C70: ZW | D70: ii) Non-Individual | E70: 0 | F70: 0 | G70: 0 | H70: 0 | I70: 0 | J70: 0 | K70: 0 | L70: 0 | M70: 0 | N70: 0 | O70: 0 | P70: 0 | Q70: 0.25385529 | R70: 0.24250853 | S70: 0 | T70: 0 | U70: 0 | V70: 0 | W70: 0 | X70: 0 | Y70: 0 | Z70: 0 | AA70: 0 | AB70: 0 | AC70: 0 | AD70: 0 | AE70: 0 | AF70: 0 | AG70: 0 | AH70: 0 | AI70: 0 | AJ70: 0 | AK70: 0 | AL70: 0 | AM70: 0 | AN70: 0 | AO70: 0 | AP70: 0 | AQ70: 0 | AR70: 0 | AS70: 0 | AT70: 0 | AU70: 0 | AV70: 0 | AW70: 0 | AX70: 0
D71: Direct Monthly Dividend
C72: ZM | D72: i) Individual | E72: 0 | F72: 0 | G72: 0 | H72: 0 | I72: 0 | J72: 0.21667956 | K72: 0 | L72: 0 | M72: 0 | N72: 0 | O72: 0 | P72: 0 | Q72: 0 | R72: 0.13524103 | S72: 0 | T72: 0 | U72: 0.20839068 | V72: 0 | W72: 0 | X72: 0 | Y72: 0 | Z72: 0 | AA72: 0 | AB72: 0 | AC72: 0 | AD72: 0 | AE72: 0 | AF72: 0 | AG72: 0 | AH72: 0 | AI72: 0 | AJ72: 0 | AK72: 0 | AL72: 0 | AM72: 0 | AN72: 0 | AO72: 0 | AP72: 0 | AQ72: 0 | AR72: 0 | AS72: 0 | AT72: 0 | AU72: 0 | AV72: 0 | AW72: 0 | AX72: 0
C73: ZM | D73: ii) Non-Individual | E73: 0 | F73: 0 | G73: 0 | H73: 0 | I73: 0 | J73: 0.20074944 | K73: 0 | L73: 0 | M73: 0 | N73: 0 | O73: 0 | P73: 0 | Q73: 0 | R73: 0.12529823 | S73: 0 | T73: 0 | U73: 0.19306998 | V73: 0 | W73: 0 | X73: 0 | Y73: 0 | Z73: 0 | AA73: 0 | AB73: 0 | AC73: 0 | AD73: 0 | AE73: 0 | AF73: 0 | AG73: 0 | AH73: 0 | AI73: 0 | AJ73: 0 | AK73: 0 | AL73: 0 | AM73: 0 | AN73: 0 | AO73: 0 | AP73: 0 | AQ73: 0 | AR73: 0 | AS73: 0 | AT73: 0 | AU73: 0 | AV73: 0 | AW73: 0 | AX73: 0
D74: Direct Quarterly Dividend
C75: ZQ | D75: i) Individual | E75: 0 | F75: 0 | G75: 0 | H75: 0 | I75: 0 | J75: 0.21667956 | K75: 0 | L75: 0 | M75: 0 | N75: 0 | O75: 0 | P75: 0 | Q75: 0 | R75: 0 | S75: 0 | T75: 0.2080846 | U75: 0 | V75: 0 | W75: 0.21075699 | X75: 0 | Y75: 0 | Z75: 0 | AA75: 0 | AB75: 0 | AC75: 0 | AD75: 0 | AE75: 0 | AF75: 0 | AG75: 0 | AH75: 0 | AI75: 0 | AJ75: 0 | AK75: 0 | AL75: 0 | AM75: 0 | AN75: 0 | AO75: 0 | AP75: 0 | AQ75: 0 | AR75: 0 | AS75: 0 | AT75: 0 | AU75: 0 | AV75: 0 | AW75: 0 | AX75: 0
C76: ZQ | D76: ii) Non-Individual | E76: 0 | F76: 0 | G76: 0 | H76: 0 | I76: 0 | J76: 0.20074946 | K76: 0 | L76: 0 | M76: 0 | N76: 0 | O76: 0 | P76: 0 | Q76: 0 | R76: 0 | S76: 0 | T76: 0.1927864 | U76: 0 | V76: 0 | W76: 0.19526231 | X76: 0 | Y76: 0 | Z76: 0 | AA76: 0 | AB76: 0 | AC76: 0 | AD76: 0 | AE76: 0 | AF76: 0 | AG76: 0 | AH76: 0 | AI76: 0 | AJ76: 0 | AK76: 0 | AL76: 0 | AM76: 0 | AN76: 0 | AO76: 0 | AP76: 0 | AQ76: 0 | AR76: 0 | AS76: 0 | AT76: 0 | AU76: 0 | AV76: 0 | AW76: 0 | AX76: 0
D77: Direct Yearly Dividend
C78: ZY | D78: i) Individual | E78: 0 | F78: 0 | G78: 0 | H78: 0 | I78: 0 | J78: 0.43335912 | K78: 0 | L78: 0 | M78: 0 | N78: 0 | O78: 0 | P78: 0 | Q78: 0 | R78: 0 | S78: 0 | T78: 0 | U78: 0 | V78: 0.44354306 | W78: 0 | X78: 0 | Y78: 0 | Z78: 0 | AA78: 0 | AB78: 0 | AC78: 0 | AD78: 0 | AE78: 0 | AF78: 0 | AG78: 0 | AH78: 0 | AI78: 0 | AJ78: 0 | AK78: 0 | AL78: 0 | AM78: 0 | AN78: 0 | AO78: 0 | AP78: 0 | AQ78: 0 | AR78: 0 | AS78: 0 | AT78: 0 | AU78: 0 | AV78: 0 | AW78: 0 | AX78: 0
C79: ZY | D79: ii) Non-Individual | E79: 0 | F79: 0 | G79: 0 | H79: 0 | I79: 0 | J79: 0.40149893 | K79: 0 | L79: 0 | M79: 0 | N79: 0 | O79: 0 | P79: 0 | Q79: 0 | R79: 0 | S79: 0 | T79: 0 | U79: 0 | V79: 0.41093415 | W79: 0 | X79: 0 | Y79: 0 | Z79: 0 | AA79: 0 | AB79: 0 | AC79: 0 | AD79: 0 | AE79: 0 | AF79: 0 | AG79: 0 | AH79: 0 | AI79: 0 | AJ79: 0 | AK79: 0 | AL79: 0 | AM79: 0 | AN79: 0 | AO79: 0 | AP79: 0 | AQ79: 0 | AR79: 0 | AS79: 0 | AT79: 0 | AU79: 0 | AV79: 0 | AW79: 0 | AX79: 0
E80: 0 | F80: 2.4 | G80: 0 | H80: 1.5 | I80: 2 | J80: 3.3394321 | K80: 0.55657204 | L80: 0.83485804 | M80: 0 | N80: 99.097349 | O80: 0 | P80: 0 | Q80: 2.4428062 | R80: 2.6556837 | S80: 0 | T80: 0.79319894 | U80: 0.81331075 | V80: 1.5240334 | W80: 0.79325429 | X80: 0 | Y80: 0 | Z80: 0 | AA80: 0 | AB80: 0 | AC80: 6.8824973 | AD80: 0 | AE80: 0 | AF80: 0 | AG80: 2.3453911 | AH80: 3.1720658 | AI80: 3.792358 | AJ80: 0 | AK80: 0 | AL80: 0 | AM80: 0 | AN80: 0 | AO80: 0 | AP80: 0 | AQ80: 2 | AR80: 0 | AS80: 0 | AT80: 0 | AU80: 0 | AV80: 0 | AW80: 0 | AX80: 0
D81: INCOME
C82: 5.1 | D82: Dividend (Rs. In crores) | E82: 1.1735505 | F82: 0.86399632 | G82: 2.7270931 | H82: 1.5802905 | I82: 0.6880272 | J82: 0.14839148 | K82: 0 | L82: 0 | M82: 0.08020057 | N82: 0 | O82: 0.14111254 | P82: 0.1740798 | Q82: 0 | R82: 0 | S82: 0.4590058 | T82: 0 | U82: 0 | V82: 0 | W82: 0 | X82: 0 | Y82: 0 | Z82: 0 | AA82: 0.010261373 | AB82: 0 | AC82: 0.00943778 | AD82: 0 | AE82: 0 | AF82: 0 | AG82: 0 | AH82: 0.044715015 | AI82: 0.40889361 | AJ82: 0.047680645 | AK82: 0 | AL82: 0 | AM82: 0.26505359 | AN82: 0 | AO82: 0 | AP82: 0.26489007 | AQ82: 1.0358798 | AR82: 0.40374545 | AS82: 0.12258836 | AT82: 0.078166797 | AU82: 0.065824152 | AV82: 3.5805323 | AW82: 2.8561471 | AX82: 2.3571701 | AZ82: 818.95981 | BA82: 7.0000169e-08
C83: 5.2 | D83: Interest (Rs. In crores) | E83: 2.1777109 | F83: 2.0369077 | G83: 0.19554657 | H83: 0.33039213 | I83: 0.26619879 | J83: 3.6166345 | K83: 19.1666 | L83: 3.5504208 | M83: 0.19319217 | N83: 497.21124 | O83: 0.003263015 | P83: 0.005977111 | Q83: 128.49312 | R83: 14.958793 | S83: 0.048308053 | T83: 0.15025604 | U83: 0.50999803 | V83: 0.25502608 | W83: 0.25055306 | X83: 0 | Y83: 0 | Z83: 0 | AA83: 0.53521315 | AB83: 0 | AC83: 0.48637029 | AD83: 0.41921946 | AE83: 0.18808015 | AF83: 1.1731822 | AG83: 2.2515087 | AH83: 1.3979303 | AI83: 0.040231176 | AJ83: 1.2863035 | AK83: 3.5581115 | AL83: 3.2680296 | AM83: 0.02482114 | AN83: 1.0875064 | AO83: 2.718434 | AP83: 0.027447395 | AQ83: 0.44871311 | AR83: 0.17484761 | AS83: 1.481366 | AT83: 0.88342593 | AU83: 0.5942318 | AV83: 0.022922857 | AW83: 0.020951885 | AX83: 0.024959258 | AZ83: -818.95981
C84: 5.3 | D84: Profit/(loss) on sale/redemption of investments(other than inter scheme | E84: 14.452991 | F84: 5.8685278 | G84: 11.480491 | H84: 17.547422 | I84: 6.8719769 | J84: 1.4710204 | K84: 1.8102941 | L84: 1.3475335 | M84: 2.1693022 | N84: 0.078556657 | O84: 0.98829582 | P84: 0.91383712 | Q84: 2.8994301 | R84: -0.23068894 | S84: 2.8024435 | T84: 0 | U84: 0 | V84: 0 | W84: 0 | X84: 0 | Y84: 0 | Z84: 0 | AA84: 0.002455276 | AB84: 0 | AC84: 0.88742181 | AD84: -0.2676536 | AE84: -0.12043503 | AF84: -0.09728 | AG84: -0.79794554 | AH84: 1.2200304 | AI84: 3.769583 | AJ84: -0.072475711 | AK84: -0.5333757 | AL84: -0.5603628 | AM84: 1.2108592 | AN84: -0.029572 | AO84: 0.58839153 | AP84: 0.65677654 | AQ84: 12.321514 | AR84: 2.4584747 | AS84: 0.99004832 | AT84: 0.63507753 | AU84: 0.59984578 | AV84: 3.0457543 | AW84: 2.7573738 | AX84: 0.91341664
D85: transfer/sale) including MTM gain/loss (Rs. In crores)
C86: 5.4 | D86: Profit/(loss) on inter-scheme transfer/sale of investment (Rs. In crores) | E86: 0 | F86: -0.026808566 | G86: 0 | H86: 0 | I86: 0 | J86: 0.018077385 | K86: -0.076749624 | L86: 0.015201438 | M86: 0.03644875 | N86: 0.33709671 | O86: 0 | P86: 0 | Q86: 0.73371933 | R86: 1.350062 | S86: 0 | T86: 0 | U86: 0 | V86: 0 | W86: 0 | X86: 0 | Y86: 0 | Z86: 0 | AA86: 0 | AB86: 0 | AC86: 0 | AD86: 0 | AE86: 0 | AF86: 0 | AG86: 0 | AH86: 0 | AI86: 0 | AJ86: 0 | AK86: 0 | AL86: 0 | AM86: 0 | AN86: 0 | AO86: 0.88539007 | AP86: 0 | AQ86: 0 | AR86: 0 | AS86: 0 | AT86: 0 | AU86: 0 | AV86: 0 | AW86: 0 | AX86: 0
C88: 5.5 | D88: Other Income (indicating nature) (Rs. In Crores) | E88: 0.001720071 | F88: 0.057403345 | G88: 0.0239164 | H88: 0.097908646 | I88: 9.943e-06 | J88: 0.071404243 | K88: 0.078095412 | L88: 0.001264373 | M88: -0.009012216 | N88: 0 | O88: 0.001971773 | P88: 0.001241432 | Q88: 0.000164751 | R88: 0.002672428 | S88: 0.020208549 | T88: 1.57e-07 | U88: -4.1e-08 | V88: 8e-08 | W88: -8.5e-08 | X88: 1.36e-07 | Y88: 2.27e-07 | Z88: 6.5e-08 | AA88: 4.8064e-05 | AB88: 2.21e-07 | AC88: 8.3e-08 | AD88: 2e-09 | AE88: 1.79e-07 | AF88: -2.57e-07 | AG88: -4e-09 | AH88: 0.000258183 | AI88: 0.000115256 | AJ88: 5.8307e-05 | AK88: 1.17e-07 | AL88: 1.38e-07 | AM88: 0.000114889 | AN88: 1.3e-07 | AO88: 0.000281206 | AP88: 6.0447e-05 | AQ88: 0.085432514 | AR88: 0.080053525 | AS88: 4.02e-05 | AT88: 7.761e-06 | AU88: 4.726e-06 | AV88: 0.00045541 | AW88: 0.000455221 | AX88: 0.000989006
C90: 5.6 | D90: Total Income (5.1 to 5.5) (Rs. In Crores) | E90: 17.805972 | F90: 8.8000266 | G90: 14.427047 | H90: 19.556014 | I90: 7.8262128 | J90: 5.3255281 | K90: 20.97824 | L90: 4.9144201 | M90: 2.4701315 | N90: 497.62689 | O90: 1.1346431 | P90: 1.0951355 | Q90: 132.12643 | R90: 16.080838 | S90: 3.3299659 | T90: 0.1502562 | U90: 0.50999799 | V90: 0.25502616 | W90: 0.25055297 | X90: -1.36e-07 | Y90: -2.27e-07 | Z90: 6.5e-08 | AA90: 0.54797787 | AB90: 2.21e-07 | AC90: 1.38323 | AD90: 0.15156587 | AE90: 0.067645305 | AF90: 1.075902 | AG90: 1.4535632 | AH90: 2.6629339 | AI90: 4.218823 | AJ90: 1.2615667 | AK90: 3.0247359 | AL90: 2.7076669 | AM90: 1.5008488 | AN90: 1.0579345 | AO90: 4.1924968 | AP90: 0.94917445 | AQ90: 13.89154 | AR90: 3.1171213 | AS90: 2.5940429 | AT90: 1.596678 | AU90: 1.2599065 | AV90: 6.6496649 | AW90: 5.634928 | AX90: 3.296535 | AZ90: 818.95981
E91: =+SUM(E82:E89)-E90 -> 0 | F91: =+SUM(F82:F89)-F90 -> 0 | G91: =+SUM(G82:G89)-G90 -> 0 | H91: =+SUM(H82:H89)-H90 -> 0 | I91: =+SUM(I82:I89)-I90 -> 0 | J91: =+SUM(J82:J89)-J90 -> 0 | K91: =+SUM(K82:K89)-K90 -> 0 | L91: =+SUM(L82:L89)-L90 -> 0 | ... AX91: =+SUM(AX82:AX89)-AX90 -> 0
D92: EXPENSES
C93: 6.1 | D93: Management Fees (incl of Service Tax) (Rs. In Crores) | E93: 1.6990667 | F93: 1.4125216 | G93: 3.1695762 | H93: 1.9694111 | I93: 0.94090902 | J93: 1.1411397 | K93: 2.100682 | L93: 0.89792309 | M93: 0.1239484 | N93: 4.0139185 | O93: 0.071297823 | P93: 0.039749533 | Q93: 5.2351295 | R93: 1.0266038 | S93: 0.5290527 | T93: 0 | U93: 0 | V93: 0.002985531 | W93: 0.003 | X93: - | Y93: - | Z93: - | AA93: 0.19705066 | AB93: - | AC93: 0.14233427 | AD93: 0.005538897 | AE93: 0.002174963 | AF93: 0.02858691 | AG93: 0.051685466 | AH93: 0.48437024 | AI93: 0.71233622 | AJ93: 0.469569 | AK93: 0.083075169 | AL93: 0.088512806 | AM93: 0.41440953 | AN93: 0.036099894 | AO93: 0.02291917 | AP93: 0.46662517 | AQ93: 1.0576558 | AR93: 0.57147248 | AS93: 0.30718359 | AT93: 0.20933446 | AU93: 0.15729484 | AV93: 0.074251601 | AW93: 0.048 | AX93: 0.15495099
C94: 6.2 | D94: Trusteeship Fees (Rs. In Crores) | E94: 0.000577575 | F94: 0.000318064 | G94: 0.000898344 | H94: 0.0006216 | I94: 0.000263127 | J94: 0.000293048 | K94: 0.001313792 | L94: 0.000273876 | M94: 4.9793e-05 | N94: 0.036288011 | O94: 3.9108e-05 | P94: 5.2511e-05 | Q94: 0.009637861 | R94: 0.001440844 | S94: 0.000167542 | T94: 1.3016e-05 | U94: 4.5448e-05 | V94: 2.3254e-05 | W94: 2.1914e-05 | X94: - | Y94: - | Z94: - | AA94: 4.8111e-05 | AB94: - | AC94: 7.9635e-05 | AD94: 5.4763e-05 | AE94: 2.4191e-05 | AF94: 0.000169584 | AG94: 0.00025691 | AH94: 0.000115522 | AI94: 0.00015538 | AJ94: 9.8418e-05 | AK94: 0.000201707 | AL94: 0.000205012 | AM94: 9.3335e-05 | AN94: 6.7448e-05 | AO94: 0.000199672 | AP94: 8.9539e-05 | AQ94: 0.000383114 | AR94: 0.000190253 | AS94: 0.000128069 | AT94: 8.0422e-05 | AU94: 6.0506e-05 | AV94: 0.001030881 | AW94: 0.000760324 | AX94: 0.000668476
C95: 6.3 | D95: Total Recurring Expenses (including 6.1 and 6.2) (Rs. In Crores) | E95: 3.2584374 | F95: 2.4341704 | G95: 4.8006257 | H95: 3.0400798 | I95: 1.6159893 | J95: 1.5915506 | K95: 3.1008678 | L95: 1.2167809 | M95: 0.20384913 | N95: 8.9060773 | O95: 0.13087344 | P95: 0.10237556 | Q95: 10.087035 | R95: 1.5746419 | S95: 0.86782931 | T95: 0.012422073 | U95: 0.036015015 | V95: 0.014058007 | W95: 0.016553883 | X95: #VALUE! | Y95: #VALUE! | Z95: #VALUE! | AA95: 0.23787702 | AB95: #VALUE! | AC95: 0.19220204 | AD95: 0.022748758 | AE95: 0.006293306 | AF95: 0.063944914 | AG95: 0.074302466 | AH95: 0.53296637 | AI95: 0.77366385 | AJ95: 0.5015841 | AK95: 0.11492147 | AL95: 0.12014449 | AM95: 0.48915078 | AN95: 0.052313454 | AO95: 0.10216929 | AP95: 0.50768809 | AQ95: 2.1962153 | AR95: 1.0688319 | AS95: 0.51582314 | AT95: 0.33690999 | AU95: 0.24839641 | AV95: 0.21180515 | AW95: 0.15342283 | AX95: 0.34211397 | AZ95: 51.875721 | BA95: 51.861663 | BB95: 0.014058007
C96: 6.4 | D96: Percentage of Management Fees to daily average net assets(Incl of Service Tax) (annualised) | E96: 1.4596213 | F96: 1.7342446 | G96: 1.8240382 | H96: 1.6799471 | I96: 1.6970707 | J96: 1.9886328 | K96: 0.80205568 | L96: 1.7059751 | M96: 1.0201288 | N96: 0.053647204 | O96: 0.93568643 | P96: 0.38480806 | Q96: 0.29683165 | R96: 0.4821844 | S96: 1.6185658 | T96: 0 | U96: 0 | V96: 0.069844547 | W96: 0.071168344 | X96: #VALUE! | Y96: #VALUE! | Z96: #VALUE! | AA96: 2.0748789 | AB96: #VALUE! | AC96: 1.8290104 | AD96: 0.10350073 | AE96: 0.092000741 | AF96: 0.17250117 | AG96: 0.17321431 | AH96: 2.3391251 | AI96: 2.5833576 | AJ96: 2.4119557 | AK96: 0.18713018 | AL96: 0.2178732 | AM96: 2.2525325 | AN96: 0.27005959 | AO96: 0.057968916 | AP96: 2.6333938 | AQ96: 1.2729735 | AR96: 1.5449885 | AS96: 1.209016 | AT96: 1.3131323 | AU96: 1.311809 | AV96: 0.035630642 | AW96: 0.031286104 | AX96: 0.11458902
C97: 6.5 | D97: Total Recurring Expenses as a percentage of daily average net assets (annualised) | E97: 2.7992335 | F97: 2.9885894 | G97: 2.76268 | H97: 2.5932489 | I97: 2.9146793 | J97: 2.7735514 | K97: 1.1839339 | L97: 2.3117771 | M97: 1.6777333 | N97: 0.11903235 | O97: 1.717535 | P97: 0.99107934 | Q97: 0.57193449 | R97: 0.73959183 | S97: 2.6550075 | T97: 0.49377349 | U97: 0.41667895 | V97: 0.32887789 | W97: 0.39270415 | X97: #VALUE! | Y97: #VALUE! | Z97: #VALUE! | AA97: 2.5047671 | AB97: #VALUE! | AC97: 2.4698165 | AD97: 0.42508701 | AE97: 0.26620628 | AF97: 0.38586096 | AG97: 0.24901101 | AH97: 2.573806 | AI97: 2.8057683 | AJ97: 2.5764022 | AK97: 0.25886526 | AL97: 0.29573422 | AM97: 2.6587902 | AN97: 0.39135157 | AO97: 0.25841438 | AP97: 2.8651318 | AQ97: 2.643321 | AR97: 2.8896106 | AS97: 2.0301814 | AT97: 2.1133998 | AU97: 2.0715787 | AV97: 0.10163759 | AW97: 0.10000005 | AX97: 0.25299939
C99: 7.1 | D99: Returns during the half-year (%)
A100: 6 Months | B100: RG | D100: Growth | E100: 6.5298025 | F100: -0.25019002 | G100: -1.7808646 | H100: 8.5141752 | I100: 7.8558392 | J100: 2.058839 | K100: 3.4200565 | L100: 2.8467056 | M100: 0.59786122 | N100: 6.5013146 | O100: 5.6019619 | P100: 6.95478 | Q100: 3.2808467 | R100: 3.2540761 | S100: 6.4190298 | T100: 2.7396711 | U100: 2.7612462 | V100: 2.7929176 | W100: 2.7459127 | X100: 0 | Y100: 0 | Z100: 0 | AA100: 1.5669338 | AB100: 0 | AC100: NA | AD100: NA | AE100: NA | AF100: NA | AG100: NA | AH100: NA | AI100: NA | AJ100: 2.2802806 | AK100: 3.0649156 | AL100: 3.1269079 | AM100: -1.1426039 | AN100: 3.1570574 | AO100: 2.903979 | AP100: -0.50362007 | AQ100: 8.3256982 | AR100: -0.40275138 | AS100: 3.2673444 | AT100: 2.9950142 | AU100: 2.851385 | AV100: 7.5153295 | AW100: 6.5564228 | AX100: 7.9572889
A101: 6 Months | B101: ZG | D101: Direct Growth | E101: 7.2467416 | F101: 0.33054312 | G101: -1.2104277 | H101: 9.1933311 | I101: 8.5475918 | J101: 2.4908488 | K101: 3.669096 | L101: 3.2405825 | M101: 1.027202 | N101: 6.645916 | O101: 5.900198 | P101: 7.2525757 | Q101: 3.6429795 | R101: 3.6101919 | S101: 7.1044749 | T101: 2.8002996 | U101: 2.8330128 | V101: 2.8440116 | W101: 2.8800712 | X101: 0 | Y101: 0 | Z101: 0 | AA101: 1.8198139 | AB101: 0 | AC101: NA | AD101: NA | AE101: NA | AF101: NA | AG101: NA | AH101: NA | AI101: NA | AJ101: 2.3065609 | AK101: 3.2860861 | AL101: 3.3280222 | AM101: -0.90564528 | AN101: 3.4731243 | AO101: NA | AP101: -0.48875666 | AQ101: 9.2375708 | AR101: 0.47200172 | AS101: 3.8726763 | AT101: 3.5250123 | AU101: 3.3758067 | AV101: NA | AW101: NA | AX101: NA
E102: 100
C103: 7.2 | D103: Compounded Annualised Yield in case of schemes in existence for more than 1 Year.
D104: (i) Last 1 year %
A105: 1 Year | B105: RG | D105: Growth | E105: 10.270792 | F105: 4.0211684 | G105: 5.0955173 | H105: 11.280452 | I105: 13.028431 | J105: 4.4985506 | K105: 5.6543489 | L105: 5.7638455 | M105: 5.1454042 | N105: 6.6676109 | O105: 11.816169 | P105: 13.434073 | Q105: 6.8743095 | R105: 6.8044967 | S105: 15.05756 | T105: 5.6827029 | U105: 5.6077396 | V105: 5.8012121 | W105: 5.6430123 | X105: 0 | Y105: 0 | Z105: 0 | AA105: 3.6409485 | AB105: 0 | AC105: NA | AD105: NA | AE105: NA | AF105: NA | AG105: NA | AH105: NA | AI105: NA | AJ105: 5.1006971 | AK105: 6.7894617 | AL105: 6.8762077 | AM105: 4.460959 | AN105: 6.9564844 | AO105: 6.1503121 | AP105: 5.1013948 | AQ105: 17.724464 | AR105: 7.8027038 | AS105: 7.7106237 | AT105: 7.2150808 | AU105: 7.1412787 | AV105: 14.924788 | AW105: 13.647181 | AX105: 16.029769
A106: 1 Year | B106: ZG | D106: Direct Growth | E106: 11.509243 | F106: 5.1162326 | G106: 5.9702083 | H106: 12.501802 | I106: 14.287398 | J106: 5.3616743 | K106: 6.0650189 | L106: 6.7086146 | M106: 5.9861261 | N106: 6.8167952 | O106: 12.284365 | P106: 13.885168 | Q106: 7.6586098 | R106: 7.473423 | S106: 16.252512 | T106: 5.8081457 | U106: 5.7586975 | V106: 5.9168116 | W106: 5.9182664 | X106: 0 | Y106: 0 | Z106: 0 | AA106: 4.1596358 | AB106: 0 | AC106: NA | AD106: NA | AE106: NA | AF106: NA | AG106: NA | AH106: NA | AI106: NA | AJ106: 5.1530536 | AK106: 7.250318 | AL106: 7.2950959 | AM106: 4.963888 | AN106: 7.6151794 | AO106: NA | AP106: 5.134145 | AQ106: 19.41159 | AR106: 9.3190417 | AS106: 8.9758754 | AT106: 8.3214207 | AU106: 8.2362918 | AV106: NA | AW106: NA | AX106: NA
D107: (ii) Last 3 years %
A108: 3 Years | B108: RG | D108: Growth | E108: 7.2071831 | F108: 4.7449671 | G108: 3.3564186 | H108: 9.0168338 | I108: 10.512393 | J108: 6.8748379 | K108: 8.8219008 | L108: 9.9731465 | M108: 8.028114 | N108: 7.7111171 | O108: 5.0902164 | P108: 6.902684 | Q108: 7.8386122 | R108: 7.0902993 | S108: 7.0760623 | T108: 6.6728758 | U108: 6.5838543 | V108: 7.2319661 | W108: 6.6771751 | X108: 0 | Y108: 0 | Z108: 0 | AA108: 5.6065 | AB108: 0 | AC108: NA | AD108: NA | AE108: NA | AF108: NA | AG108: NA | AH108: NA | AI108: NA | AJ108: NA | AK108: NA | AL108: NA | AM108: NA | AN108: NA | AO108: NA | AP108: NA | AQ108: NA | AR108: NA | AS108: NA | AT108: NA | AU108: NA | AV108: NA | AW108: NA | AX108: NA
A109: 3 Years | B109: ZG | D109: Direct Growth | E109: 8.1492032 | F109: 5.6629929 | G109: 4.0941862 | H109: 10.07404 | I109: 11.382969 | J109: 7.736651 | K109: 9.3721312 | L109: 11.013369 | M109: 9.0624824 | N109: 7.8336766 | O109: 5.6583467 | P109: 7.4556248 | Q109: 8.7157156 | R109: 7.745213 | S109: 8.3416629 | T109: 6.8029774 | U109: 6.7351228 | V109: 7.4187606 | W109: 6.914734 | X109: 0 | Y109: 0 | Z109: 0 | AA109: 6.1357676 | AB109: 0 | AC109: NA | AD109: NA | AE109: NA | AF109: NA | AG109: NA | AH109: NA | AI109: NA | AJ109: NA | AK109: NA | AL109: NA | AM109: NA | AN109: NA | AO109: NA | AP109: NA | AQ109: NA | AR109: NA | AS109: NA | AT109: NA | AU109: NA | AV109: NA | AW109: NA | AX109: NA
D110: (iii) Last 5 years %
...

Sheet SIM NAV 31 03 2018
B1: STANDARD CHARTERED BANK REGIONAL FUND ADMINISTRATION SERVICE | C1: PLAN LEVEL NAV REPORT FROM 31/03/2018 TO 31/03/2018
A2: scheme code | B2: Fund ID/ Share Type | C2: Fund ID | D2: Share Type | E2: Outstanding Units | F2: Plan level Net Assets | G2: Unrounded NAV | H2: Total Net Assets | I2: Net Asset per unit | J2: Nav Date | K2: AMFI Code | L2: RnT Code | M2: Rnt Scheme Code | N2: Press Code | O2: BENCHMARK INDEX | P2: FUND TYPE | Q2: SUB PRICE | R2: RED PRICE | S2: sec_id | T2: Fund Desc | U2: Share Class DESC | V2: Previous NAV Date | W2: Net Asset per unit-Previous rounded | X2: Net Asset per unit-Previous Unrounded | Y2: Movement-Rounded NAV | Z2: % movement-rounded | AA2: Annualised Return-rounded | AB2: Movement-Unrounded NAV | AC2: % movement-Unrounded | AD2: Annualised Return-Unrounded | AE2: IN_FA_FF10 | AF2: IN_FA_FF11 | AG2: IN_FA_FF12 | AH2: IN_FA_FF01 | AI2: IN_FA_FF02 | AJ2: IN_FA_FF03 | AK2: IN_FA_FF09 | AL2: TNA in crores
A3: =+VLOOKUP(C3,'code mapping'!A:C,3,0) -> LIC33 | B3: LDBONDDDP | C3: LDBOND | D3: DDP | E3: 23753.231 | F3: 271431.48 | G3: 11.427139 | H3: 3.2926865e+09 | I3: 11.4271 | J3: 43190 | K3: 120278 | L3: 33D1 | M3: 33 | N3: LI172 | O3: 10 | P3: DEBT | Q3: 11.4271 | R3: 11.3128 | S3: 84270 | T3: LIC MF Bond Fund | U3: Direct Plan Dividend Option | V3: 43189 | W3: 11.425 | X3: 11.425007 | Y3: 0.0021 | Z3: 0.018380744 | AA3: 6.709 | AB3: 0.0021327625 | AC3: 0.018667495 | AD3: 6.8136 | AE3: LIC MF Bond Fund | AF3: LIC33 | AH3: Direct | AI3: INF767K01EV2/INF767K01EX8 | AL3: =+H3/10000000 -> 329.26865 | AN3: =+AF3=A3 -> TRUE
A4: =+VLOOKUP(C4,'code mapping'!A:C,3,0) -> LIC33 | B4: LDBONDGDP | C4: LDBOND | D4: GDP | E4: 20947432 | F4: 9.909328e+08 | G4: 47.305694 | H4: 3.2926865e+09 | I4: 47.3057 | J4: 43190 | K4: 120279 | L4: 33G1 | M4: 33 | N4: LI173 | O4: 10 | P4: DEBT | Q4: 47.3057 | R4: 46.8326 | S4: 84271 | T4: LIC MF Bond Fund | U4: Direct Plan Growth Option | V4: 43189 | W4: 47.2969 | X4: 47.296863 | Y4: 0.0088 | Z4: 0.018605871 | AA4: 6.7911 | AB4: 0.0088307125 | AC4: 0.018670821 | AD4: 6.8148 | AE4: LIC MF Bond Fund | AF4: LIC33 | AH4: Direct | AI4: INF767K01EW0 | AL4: =+H4/10000000 -> 329.26865 | AN4: =+AF4=A4 -> TRUE
A5: =+VLOOKUP(C5,'code mapping'!A:C,3,0) -> LIC33 | B5: LDBONDRD | C5: LDBOND | D5: RD | E5: 7607009.6 | F5: 76790455 | G5: 10.094697 | H5: 3.2926865e+09 | I5: 10.0947 | J5: 43190 | K5: 100314 | L5: 33DP | M5: 33 | N5: LI001 | O5: 10 | P5: DEBT | Q5: 10.0947 | R5: 9.9938 | S5: 84268 | T5: LIC MF Bond Fund | U5: Regular Plan Dividend Option | V5: 43189 | W5: 10.093 | X5: 10.092952 | Y5: 0.0017 | Z5: 0.016843357 | AA5: 6.1478 | AB5: 0.0017450984 | AC5: 0.017290268 | AD5: 6.3109 | AE5: LIC MF Bond Fund | AF5: LIC33 | AH5: Regular | AI5: INF767K01907/INF767K01915 | AL5: =+H5/10000000 -> 329.26865 | AN5: =+AF5=A5 -> TRUE
A6: =+VLOOKUP(C6,'code mapping'!A:C,3,0) -> LIC33 | B6: LDBONDRG | C6: LDBOND | D6: RG | E6: 48306372 | F6: 2.2246918e+09 | G6: 46.053796 | H6: 3.2926865e+09 | I6: 46.0538 | J6: 43190 | K6: 100315 | L6: 33GP | M6: 33 | N6: LI002 | O6: 10 | P6: DEBT | Q6: 46.0538 | R6: 45.5933 | S6: 84269 | T6: LIC MF Bond Fund | U6: Regular Plan Growth Option | V6: 43189 | W6: 46.0458 | X6: 46.045835 | Y6: 0.008 | Z6: 0.017374006 | AA6: 6.3415 | AB6: 0.0079614509 | AC6: 0.017290274 | AD6: 6.3109 | AE6: LIC MF Bond Fund | AF6: LIC33 | AH6: Regular | AI6: INF767K01923 | AL6: =+H6/10000000 -> 329.26865 | AN6: =+AF6=A6 -> TRUE
A7: =+VLOOKUP(C7,'code mapping'!A:C,3,0) -> LIC142 | B7: LDCPO2DDP | C7: LDCPO2 | D7: DDP | E7: 0 | F7: 0 | G7: 10 | H7: 1.9335219e+08 | I7: 10 | J7: 43190 | K7: 126239 | L7: 142D1 | M7: 142 | N7: L1317 | O7: 10 | P7: DEBT | Q7: 10 | R7: 10 | S7: 84221 | T7: LIC MF Cap Protection Oriented Fund-Sr 2 | U7: Direct Plan Dividend Option | V7: 43189 | W7: 10 | X7: 10 | Y7: 0 | Z7: 0 | AA7: 0 | AB7: 0 | AC7: 0 | AD7: 0 | AE7: LIC MF Capital Protection Oriented Fund-Series 2 | AF7: LIC142 | AH7: Direct | AI7: INF767K01PJ3 | AL7: =+H7/10000000 -> 19.335219 | AN7: =+AF7=A7 -> TRUE
A8: =+VLOOKUP(C8,'code mapping'!A:C,3,0) -> LIC142 | B8: LDCPO2GDP | C8: LDCPO2 | D8: GDP | E8: 274999.02 | F8: 3707809.9 | G8: 13.482993 | H8: 1.9335219e+08 | I8: 13.483 | J8: 43190 | K8: 126380 | L8: 142G1 | M8: 142 | N8: LI318 | O8: 10 | P8: DEBT | Q8: 13.483 | R8: 13.483 | S8: 84222 | T8: LIC MF Cap Protection Oriented Fund-Sr 2 | U8: Direct Plan Growth Option | V8: 43189 | W8: 13.4823 | X8: 13.482332 | Y8: 0.0007 | Z8: 0.0051919925 | AA8: 1.8951 | AB8: 0.00066112963 | AC8: 0.0049036741 | AD8: 1.7898 | AE8: LIC MF Capital Protection Oriented Fund-Series 2 | AF8: LIC142 | AH8: Direct | AI8: INF767K01PK1 | AK8: LICMFCR2G1 | AL8: =+H8/10000000 -> 19.335219 | AN8: =+AF8=A8 -> TRUE
A9: =+VLOOKUP(C9,'code mapping'!A:C,3,0) -> LIC142 | B9: LDCPO2RD | C9: LDCPO2 | D9: RD | E9: 2982058 | F9: 31403470 | G9: 10.530805 | H9: 1.9335219e+08 | I9: 10.5308 | J9: 43190 | K9: 126382 | L9: 142DP | M9: 142 | N9: LI315 | O9: 10 | P9: DEBT | Q9: 10.5308 | R9: 10.5308 | S9: 84219 | T9: LIC MF Cap Protection Oriented Fund-Sr 2 | U9: Regular Plan Dividend Option | V9: 43189 | W9: 10.5304 | X9: 10.530432 | Y9: 0.0004 | Z9: 0.0037985262 | AA9: 1.3865 | AB9: 0.00037215239 | AC9: 0.0035340656 | AD9: 1.2899 | AE9: LIC MF Capital Protection Oriented Fund-Series 2 | AF9: LIC142 | AH9: Regular | AI9: INF767K01PH7 | AK9: LICMFCR2D | AL9: =+H9/10000000 -> 19.335219 | AN9: =+AF9=A9 -> TRUE
A10: =+VLOOKUP(C10,'code mapping'!A:C,3,0) -> LIC142 | B10: LDCPO2RG | C10: LDCPO2 | D10: RG | E10: 11985158 | F10: 1.5824091e+08 | G10: 13.203073 | H10: 1.9335219e+08 | I10: 13.2031 | J10: 43190 | K10: 126381 | L10: 142GP | M10: 142 | N10: LI316 | O10: 10 | P10: DEBT | Q10: 13.2031 | R10: 13.2031 | S10: 84220 | T10: LIC MF Cap Protection Oriented Fund-Sr 2 | U10: Regular Plan Growth Option | V10: 43189 | W10: 13.2026 | X10: 13.202607 | Y10: 0.0005 | Z10: 0.0037871328 | AA10: 1.3823 | AB10: 0.00046658961 | AC10: 0.0035340719 | AD10: 1.2899 | AE10: LIC MF Capital Protection Oriented Fund-Series 2 | AF10: LIC142 | AH10: Regular | AI10: INF767K01PI5 | AK10: LICMFCR2G | AL10: =+H10/10000000 -> 19.335219 | AN10: =+AF10=A10 -> TRUE
A11: =+VLOOKUP(C11,'code mapping'!A:C,3,0) -> LIC172 | B11: LDDAF1DDP | C11: LDDAF1 | D11: DDP | E11: 47500 | F11: 578454.31 | G11: 12.177985 | H11: 5.2221198e+08 | I11: 12.178 | J11: 43190 | K11: 134727 | L11: 172D1 | M11: 172 | N11: LI426 | O11: 10 | P11: DEBT | Q11: 12.178 | R11: 12.178 | S11: 84250 | T11: LIC MF Dual Advantage Fixed Term Pl-Sr 1 | U11: Direct Plan Dividend Option | V11: 43189 | W11: 12.1767 | X11: 12.176709 | Y11: 0.0013 | Z11: 0.010676127 | AA11: 3.8968 | AB11: 0.0012764211 | AC11: 0.01048248 | AD11: 3.8261 | AE11: LIC MF Dual Advantage Fixed Term Plan-Series 1 | AF11: LIC172 | AH11: Direct | AI11: INF767K01OE7 | AK11: LICNFA1D1 | AL11: =+H11/10000000 -> 52.221198 | AN11: =+AF11=A11 -> TRUE
A12: =+VLOOKUP(C12,'code mapping'!A:C,3,0) -> LIC172 | B12: LDDAF1GDP | C12: LDDAF1 | D12: GDP | E12: 13967642 | F12: 1.7009778e+08 | G12: 12.177988 | H12: 5.2221198e+08 | I12: 12.178 | J12: 43190 | K12: 134726 | L12: 172G1 | M12: 172 | N12: LI427 | O12: 10 | P12: DEBT | Q12: 12.178 | R12: 12.178 | S12: 84251 | T12: LIC MF Dual Advantage Fixed Term Pl-Sr 1 | U12: Direct Plan Growth Option | V12: 43189 | W12: 12.1767 | X12: 12.176712 | Y12: 0.0013 | Z12: 0.010676127 | AA12: 3.8968 | AB12: 0.0012764445 | AC12: 0.01048267 | AD12: 3.8262 | AE12: LIC MF Dual Advantage Fixed Term Plan-Series 1 | AF12: LIC172 | AH12: Direct | AI12: INF767K01OF4 | AK12: LICNFA1G1 | AL12: =+H12/10000000 -> 52.221198 | AN12: =+AF12=A12 -> TRUE
A13: =+VLOOKUP(C13,'code mapping'!A:C,3,0) -> LIC172 | B13: LDDAF1RD | C13: LDDAF1 | D13: RD | E13: 965590.71 | F13: 11390842 | G13: 11.79676 | H13: 5.2221198e+08 | I13: 11.7968 | J13: 43190 | K13: 134729 | L13: 172DP | M13: 172 | N13: LI424 | O13: 10 | P13: DEBT | Q13: 11.7968 | R13: 11.7968 | S13: 84248 | T13: LIC MF Dual Advantage Fixed Term Pl-Sr 1 | U13: Regular Plan Dividend Option | V13: 43189 | W13: 11.7959 | X13: 11.795901 | Y13: 0.0009 | Z13: 0.0076297697 | AA13: 2.7849 | AB13: 0.00085836575 | AC13: 0.0072768136 | AD13: 2.656 | AE13: LIC MF Dual Advantage Fixed Term Plan-Series 1 | AF13: LIC172 | AH13: Regular | AI13: INF767K01OC1 | AK13: LICNFA1DP | AL13: =+H13/10000000 -> 52.221198 | AN13: =+AF13=A13 -> TRUE
A14: =+VLOOKUP(C14,'code mapping'!A:C,3,0) -> LIC172 | B14: LDDAF1RG | C14: LDDAF1 | D14: RG | E14: 28833758 | F14: 3.401449e+08 | G14: 11.796759 | H14: 5.2221198e+08 | I14: 11.7968 | J14: 43190 | K14: 134728 | L14: 172GP | M14: 172 | N14: LI425 | O14: 10 | P14: DEBT | Q14: 11.7968 | R14: 11.7968 | S14: 84249 | T14: LIC MF Dual Advantage Fixed Term Pl-Sr 1 | U14: Regular Plan Growth Option | V14: 43189 | W14: 11.7959 | X14: 11.795901 | Y14: 0.0009 | Z14: 0.0076297697 | AA14: 2.7849 | AB14: 0.00085836748 | AC14: 0.0072768285 | AD14: 2.656 | AE14: LIC MF Dual Advantage Fixed Term Plan-Series 1 | AF14: LIC172 | AH14: Regular | AI14: INF767K01OD9 | AK14: LICNFA1GP | AL14: =+H14/10000000 -> 52.221198 | AN14: =+AF14=A14 -> TRUE
A15: =+VLOOKUP(C15,'code mapping'!A:C,3,0) -> LIC173 | B15: LDDAF2DDP | C15: LDDAF2 | D15: DDP | E15: 16000 | F15: 193157.06 | G15: 12.072316 | H15: 3.2616977e+08 | I15: 12.0723 | J15: 43190 | K15: 135345 | L15: 173D1 | M15: 173 | N15: LI430 | O15: 10 | P15: DEBT | Q15: 12.0723 | R15: 12.0723 | S15: 84254 | T15: LIC MF Dual Advantage Fixed Term Pl-Sr 2 | U15: Direct Plan Dividend Option | V15: 43189 | W15: 12.0711 | X15: 12.071098 | Y15: 0.0012 | Z15: 0.009941099 | AA15: 3.6285 | AB15: 0.00121875 | AC15: 0.010096431 | AD15: 3.6852 | AE15: LIC MF Dual Advantage Fixed Term Plan-Series 2 | AF15: LIC173 | AH15: Direct | AI15: INF767K01OM0 | AK15: LICNFA2D1 | AL15: =+H15/10000000 -> 32.616977 | AN15: =+AF15=A15 -> TRUE
A16: =+VLOOKUP(C16,'code mapping'!A:C,3,0) -> LIC173 | B16: LDDAF2GDP | C16: LDDAF2 | D16: GDP | E16: 8380470.6 | F16: 1.0117129e+08 | G16: 12.072268 | H16: 3.2616977e+08 | I16: 12.0723 | J16: 43190 | K16: 135346 | L16: 173G1 | M16: 173 | N16: LI431 | O16: 10 | P16: DEBT | Q16: 12.0723 | R16: 12.0723 | S16: 84255 | T16: LIC MF Dual Advantage Fixed Term Pl-Sr 2 | U16: Direct Plan Growth Option | V16: 43189 | W16: 12.0711 | X16: 12.07105 | Y16: 0.0012 | Z16: 0.009941099 | AA16: 3.6285 | AB16: 0.0012183492 | AC16: 0.01009315 | AD16: 3.684 | AE16: LIC MF Dual Advantage Fixed Term Plan-Series 2 | AF16: LIC173 | AH16: Direct | AI16: INF767K01ON8 | AK16: LICNFA2G1 | AL16: =+H16/10000000 -> 32.616977 | AN16: =+AF16=A16 -> TRUE
A17: =+VLOOKUP(C17,'code mapping'!A:C,3,0) -> LIC173 | B17: LDDAF2RD | C17: LDDAF2 | D17: RD | E17: 1018201.7 | F17: 11967511 | G17: 11.753575 | H17: 3.2616977e+08 | I17: 11.7536 | J17: 43190 | K17: 135347 | L17: 173DP | M17: 173 | N17: LI428 | O17: 10 | P17: DEBT | Q17: 11.7536 | R17: 11.7536 | S17: 84252 | T17: LIC MF Dual Advantage Fixed Term Pl-Sr 2 | U17: Regular Plan Dividend Option | V17: 43189 | W17: 11.7527 | X17: 11.752721 | Y17: 0.0009 | Z17: 0.0076578148 | AA17: 2.7951 | AB17: 0.00085453597 | AC17: 0.0072709629 | AD17: 2.6539 | AE17: LIC MF Dual Advantage Fixed Term Plan-Series 2 | AF17: LIC173 | AH17: Regular | AI17: INF767K01OK4 | AK17: LICNFA2DP | AL17: =+H17/10000000 -> 32.616977 | AN17: =+AF17=A17 -> TRUE
A18: =+VLOOKUP(C18,'code mapping'!A:C,3,0) -> LIC173 | B18: LDDAF2RG | C18: LDDAF2 | D18: RG | E18: 18108421 | F18: 2.1283781e+08 | G18: 11.753527 | H18: 3.2616977e+08 | I18: 11.7535 | J18: 43190 | K18: 135348 | L18: 173GP | M18: 173 | N18: LI429 | O18: 10 | P18: DEBT | Q18: 11.7535 | R18: 11.7535 | S18: 84253 | T18: LIC MF Dual Advantage Fixed Term Pl-Sr 2 | U18: Regular Plan Growth Option | V18: 43189 | W18: 11.7527 | X18: 11.752672 | Y18: 0.0008 | Z18: 0.0068069465 | AA18: 2.4845 | AB18: 0.00085452398 | AC18: 0.0072708909 | AD18: 2.6539 | AE18: LIC MF Dual Advantage Fixed Term Plan-Series 2 | AF18: LIC173 | AH18: Regular | AI18: INF767K01OL2 | AK18: LICNFA2GP | AL18: =+H18/10000000 -> 32.616977 | AN18: =+AF18=A18 -> TRUE
A19: =+VLOOKUP(C19,'code mapping'!A:C,3,0) -> LIC174 | B19: LDDAF3DDP | C19: LDDAF3 | D19: DDP | E19: 11300 | F19: 136819.92 | G19: 12.107958 | H19: 2.4474017e+08 | I19: 12.108 | J19: 43190 | K19: 135588 | L19: 174D1 | M19: 174 | N19: LI434 | O19: 10 | P19: DEBT | Q19: 12.108 | R19: 12.108 | S19: 84258 | T19: LIC MF Dual Advantage Fixed Term Pl-Sr 3 | U19: Direct Plan Dividend Option | V19: 43189 | W19: 12.107 | X19: 12.106981 | Y19: 0.001 | Z19: 0.0082596845 | AA19: 3.0148 | AB19: 0.00097699115 | AC19: 0.0080696516 | AD19: 2.9454 | AE19: LIC MF Dual Advantage Fixed Term Plan-Series 3 | AF19: LIC174 | AH19: Direct | AI19: INF767K01OQ1 | AK19: LICNFA3D1 | AL19: =+H19/10000000 -> 24.474017 | AN19: =+AF19=A19 -> TRUE
... A23: =+VLOOKUP(C23,'code mapping'!A:C,3,0) -> LIC168 | B23: LDGETFG | C23: LDGETF | D23: G | E23: 42225513 | F23: 7.1628395e+08 | G23: 16.963298 | H23: 7.1628395e+08 | I23: 16.9633 | J23: 43190 | K23: 133307 | L23: 168GP | M23: 168 | N23: LI411 | O23: 10 | P23: DEBT | Q23: 16.9633 | R23: 16.9633 | S23: 84247 | T23: LIC MF G-Sec Long Term ETF | U23: Growth Option | V23: 43189 | W23: 16.96 | X23: 16.959956 | Y23: 0.0033 | Z23: 0.019457547 | AA23: 7.102 | AB23: 0.0033416814 | AC23: 0.019703361 | AD23: 7.1917 | AE23: LIC MF G-Sec Long Term Exchange Traded Fund | AF23: LIC168 | AH23: Growth | AI23: INF767K01MV5 | AK23: LICNETFGSC | AL23: =+H23/10000000 -> 71.628395 | AN23: =+AF23=A23 -> TRUE
A24: =+VLOOKUP(C24,'code mapping'!A:C,3,0) -> LIC34 | B24: LDGSECDDP | C24: LDGSEC | D24: DDP | E24: 69.906 | F24: 764.22 | G24: 10.932109 | H24: 7.6302656e+08 | I24: 10.9321 | J24: 43190 | K24: 120283 | L24: 34D1 | M24: 34 | N24: LI178 | O24: 10 | P24: DEBT | Q24: 10.9321 | R24: 10.9048 | S24: 84274 | T24: LIC MF Govt. Securities Fund | U24: Direct Plan Dividend Option | V24: 43189 | W24: 10.9304 | X24: 10.930392 | Y24: 0.0017 | Z24: 0.015552953 | AA24: 5.6768 | AB24: 0.0017165909 | AC24: 0.015704751 | AD24: 5.7322 | AE24: LIC MF Govt. Securities Fund | AF24: LIC34 | AH24: Direct | AI24: INF767K01EY6/INF767K01FA3 | AL24: =+H24/10000000 -> 76.302656 | AN24: =+AF24=A24 -> TRUE
A25: =+VLOOKUP(C25,'code mapping'!A:C,3,0) -> LIC34 | B25: LDGSECGDP | C25: LDGSEC | D25: GDP | E25: 8436036.7 | F25: 3.224706e+08 | G25: 38.225367 | H25: 7.6302656e+08 | I25: 38.2254 | J25: 43190 | K25: 120282 | L25: 34G1 | M25: 34 | N25: LI179 | O25: 10 | P25: DEBT | Q25: 38.2254 | R25: 38.1298 | S25: 84275 | T25: LIC MF Govt. Securities Fund | U25: Direct Plan Growth Option | V25: 43189 | W25: 38.2197 | X25: 38.219699 | Y25: 0.0057 | Z25: 0.014913775 | AA25: 5.4435 | AB25: 0.0056671565 | AC25: 0.014827842 | AD25: 5.4122 | AE25: LIC MF Govt. Securities Fund | AF25: LIC34 | AH25: Direct | AI25: INF767K01EZ3 | AL25: =+H25/10000000 -> 76.302656 | AN25: =+AF25=A25 -> TRUE
A26: =+VLOOKUP(C26,'code mapping'!A:C,3,0) -> LIC34 | B26: LDGSECPFD | C26: LDGSEC | D26: PFD | E26: 1322306.2 | F26: 18107339 | G26: 13.693757 | H26: 7.6302656e+08 | I26: 13.6938 | J26: 43190 | K26: 100318 | L26: 34PD | M26: 34 | N26: LI024 | O26: 10 | P26: DEBT | Q26: 13.6938 | R26: 13.6596 | S26: 84276 | T26: LIC MF Govt. Securities Fund | U26: PF Plan-Dividend | V26: 43189 | W26: 13.6921 | X26: 13.692067 | Y26: 0.0017 | Z26: 0.012415919 | AA26: 4.5318 | AB26: 0.0016894801 | AC26: 0.012339116 | AD26: 4.5038 | AE26: LIC MF Govt. Securities Fund | AF26: LIC34 | AH26: PF | AI26: INF767K01717/INF767K01725 | AL26: =+H26/10000000 -> 76.302656 | AN26: =+AF26=A26 -> TRUE
A27: =+VLOOKUP(C27,'code mapping'!A:C,3,0) -> LIC34 | B27: LDGSECPFG | C27: LDGSEC | D27: PFG | E27: 1806232.4 | F27: 38223136 | G27: 21.161804 | H27: 7.6302656e+08 | I27: 21.1618 | J27: 43190 | K27: 100319 | L27: 34PG | M27: 34 | N27: LI025 | O27: 10 | P27: DEBT | Q27: 21.1618 | R27: 21.1089 | S27: 84277 | T27: LIC MF Govt. Securities Fund | U27: PF Plan-Growth | V27: 43189 | W27: 21.1592 | X27: 21.159193 | Y27: 0.0026 | Z27: 0.012287799 | AA27: 4.485 | AB27: 0.0026108601 | AC27: 0.012339129 | AD27: 4.5038 | AE27: LIC MF Govt. Securities Fund | AF27: LIC34 | AH27: PF | AI27: INF767K01733 | AL27: =+H27/10000000 -> 76.302656 | AN27: =+AF27=A27 -> TRUE
A28: =+VLOOKUP(C28,'code mapping'!A:C,3,0) -> LIC34 | B28: LDGSECRD | C28: LDGSEC | D28: RD | E28: 1378602 | F28: 14559922 | G28: 10.561367 | H28: 7.6302656e+08 | I28: 10.5614 | J28: 43190 | K28: 100316 | L28: 34DP | M28: 34 | N28: LI005 | O28: 10 | P28: DEBT | Q28: 10.5614 | R28: 10.535 | S28: 84272 | T28: LIC MF Govt. Securities Fund | U28: Regular Plan Dividend Option | V28: 43189 | W28: 10.5601 | X28: 10.560064 | Y28: 0.0013 | Z28: 0.012310489 | AA28: 4.4933 | AB28: 0.0013030229 | AC28: 0.012339157 | AD28: 4.5038 | AE28: LIC MF Govt. Securities Fund | AF28: LIC34 | AH28: Regular | AI28: INF767K01683/INF767K01691 | AL28: =+H28/10000000 -> 76.302656 | AN28: =+AF28=A28 -> TRUE
